Workbook
Name _ftnref1_50: '[1]Table 39_'!#REF!
Name _ftnref1_50_10: '[2]Table 39_'!#REF!
Name _ftnref1_50_15: '[2]Table 39_'!#REF!
Name _ftnref1_50_18: '[2]Table 39_'!#REF!
Name _ftnref1_50_19: '[2]Table 39_'!#REF!
Name _ftnref1_50_20: '[2]Table 39_'!#REF!
Name _ftnref1_50_21: '[2]Table 39_'!#REF!
Name _ftnref1_50_23: '[2]Table 39_'!#REF!
Name _ftnref1_50_24: '[2]Table 39_'!#REF!
Name _ftnref1_50_4: '[2]Table 39_'!#REF!
Name _ftnref1_50_5: '[2]Table 39_'!#REF!
Name _ftnref1_51: '[1]Table 39_'!#REF!
Name _ftnref1_51_10: '[2]Table 39_'!#REF!
Name _ftnref1_51_15: '[2]Table 39_'!#REF!
Name _ftnref1_51_18: '[2]Table 39_'!#REF!
Name _ftnref1_51_19: '[2]Table 39_'!#REF!
Name _ftnref1_51_20: '[2]Table 39_'!#REF!
Name _ftnref1_51_21: '[2]Table 39_'!#REF!
Name _ftnref1_51_23: '[2]Table 39_'!#REF!
Name _ftnref1_51_24: '[2]Table 39_'!#REF!
Name _ftnref1_51_4: '[2]Table 39_'!#REF!
Name _ftnref1_51_5: '[2]Table 39_'!#REF!
Name _h: '[2]Table 39_'!#REF!
Name Accounting: [3]Parameters!$C$109:$C$112
Name AP: '[4]Lists-Aux'!$D:$D
Name App: [5]Lists!$A$27:$A$29
Name AT: '[6]Lists-Aux'!$B:$B
Name BankType: [3]Parameters!$C$113:$C$115
Name BAS: '[4]Lists-Aux'!$A:$A
Name Basel: [7]Parameters!$C$32:$C$33
Name Basel12: #REF!
Name BT: '[4]Lists-Aux'!$E:$E
Name Carlos: #REF!
Name CCROTC: #REF!
Name CCRSFT: #REF!
Name COF: '[6]Lists-Aux'!$G:$G
Name COI: '[4]Lists-Aux'!$H:$H
Name CP: '[4]Lists-Aux'!$I:$I
Name CQS: '[4]Lists-Aux'!$J:$J
Name CT: '[4]Lists-Aux'!$K:$K
Name DATA: #REF!
Name dfd: [3]Parameters!#REF!
Name DimensionsNames: [6]Dimensions!$B$2:$B$79
Name dsa: #REF!
Name edc: [8]Members!$D$3:E$2477
Name ER: '[4]Lists-Aux'!$N:$N
Name fdsg: '[1]Table 39_'!#REF!
Name Frequency: [5]Lists!$A$21:$A$25
Name GA: '[4]Lists-Aux'!$P:$P
Name Group: [3]Parameters!$C$93:$C$94
Name Group2: [9]Parameters!$C$42:$C$43
Name ho: #REF!
Name IM: '[4]Lists-Aux'!$Q:$Q
Name IQ_CH: 110000
Name IQ_CQ: 5000
Name IQ_CY: 10000
Name IQ_DAILY: 500000
Name IQ_FH: 100000
Name IQ_FQ: 500
Name IQ_FY: 1000

Sheet Contents
B2: OTP Group Disclosure on consolidated basis
B3: 30.06.2026
B4: Key Metrics
B5: KM1 | C5: Key metrics template
B6: OV1 | C6: Overview of total risk exposure amounts
B8: Own funds
B9: CC1 | C9: Composition of regulatory own funds
B10: CC2 | C10: Reconciliation of regulatory own funds to balance sheet in the audited financial statements
B12: MREL
B13: KM2 | C13: Key metrics - MREL
B15: Countercyclical capital buffers
B16: CCYB1 | C16: Geographical distribution of credit exposures relevant for the calculation of the countercyclical buffer
B17: CCYB2 | C17: Amount of institution-specific countercyclical capital buffer
B19: Leverage ratio
B20: LR1 – LRSum | C20: Summary reconciliation of accounting assets and leverage ratio exposures
B21: LR2 – LRCom | C21: Leverage ratio common disclosure
B22: LR3 – LRSpl | C22: Split-up of on balance sheet exposures (excluding derivatives, SFTs and exempted exposures)
B24: Liquidity requirements
B25: LIQ1 | C25: Quantitative information of LCR
B26: LIQ2 | C26: Net Stable Funding Ratio
B28: Exposures to credit risk, dilution risk and credit quality
B29: CR1 | C29: Performing and non-performing exposures and related provisions
B30: CR1-A | C30: Maturity of exposures
B31: CR2 | C31: Changes in the stock of non-performing loans and advances
B32: CR2a | C32: Changes in the stock of non-performing loans and advances and related net accumulated recoveries
B33: CQ1 | C33: Credit quality of forborne exposures
B34: CQ4 | C34: Quality of non-performing exposures by geography
B35: CQ5 | C35: Credit quality of loans and advances to non-financial corporations by industry
B36: CQ7 | C36: Collateral obtained by taking possession and execution processes
B38: Use of credit risk mitigation techniques
B39: CR3 | C39: CRM techniques overview: Disclosure of the use of credit risk mitigation techniques
B41: Use of standardisd approach
B42: CR5 | C42: Standardised approach
B44: Exposures to counterparty credit risk
B45: CCR1 | C45: Analysis of CCR exposure by approach
B46: CCR2 | C46: Transactions subject to own funds requirements for CVA risk
B47: CCR3 | C47: Standardised approach – CCR exposures by regulatory exposure class and risk weights
B48: CCR5 | C48: Composition of collateral for CCR exposures
B49: CCR6 | C49: Credit derivatives exposures
B50: CCR8 | C50: Exposures to CCPs
B52: Use of the standardised approach and of the internal models for market risk
B53: MR1 | C53: Market risk under the standardised approach
B55: ESG
B56: Credit quality | C56: Credit quality of exposures by sector, emissions and residual maturity
B57: Loans collateralised | C57: Loans collateralised by immovable property - Energy efficiency of the collateral
B58: Alignment metrics | C58: Alignment metrics
B59: Exposures to top firms | C59: Exposures to top 20 carbon-intensive firms
B60: Physical risk | C60: Exposures subject to physical risk
B61: Summary of GAR | C61: Summary of GAR KPIs
B62: GAR assets | C62: Assets for the calculation of GAR
B63: GAR % | C63: GAR %
B64: BTAR | C64: Assets for the calculation of BTAR, BTAR %
B65: Other mitigating actions | C65: Other climate change mitigating actions that are not covered in the EU Taxonomy

Sheet Key metrics

Sheet KM1
B2: Back to contents page
B4: KM1 - Key metrics template
C9: (in HUF million) | D9: =+Contents!B3 -> 30.06.2026 | E9: 31.03.2026 | F9: 31.12.2025 | G9: 30.09.2025 | H9: 30.06.2025
B10: Available own funds (amounts)
B11: 1 | C11: Common Equity Tier 1 (CET1) capital | D11: 5148215.3 | E11: 5302424.5 | F11: 5253292 | G11: 5072556.9 | H11: 4907990
B12: 2 | C12: Tier 1 capital | D12: 5148215.3 | E12: 5302424.5 | F12: 5253292 | G12: 5072556.9 | H12: 4907990
B13: 3 | C13: Total capital | D13: 5949588.1 | E13: 5788186.1 | F13: 5725501.6 | G13: 5550795.4 | H13: 5396788.2
B14: Risk-weighted exposure amounts
B15: 4 | C15: Total risk exposure amount | D15: 29241540 | E15: 30171760 | F15: 29057123 | G15: 27575825 | H15: 27299499
B16: 4a | C16: Total risk exposure pre-floor
B17: Capital ratios (as a percentage of risk-weighted exposure amount)
B18: 5 | C18: Common Equity Tier 1 ratio (%) | D18: 0.1761 | E18: 0.1757 | F18: 0.1808 | G18: 0.1839 | H18: 0.1798
B19: 5a | C19: Not applicable
B20: 5b | C20: Common Equity Tier 1 ratio considering unfloored TREA (%)
B21: 6 | C21: Tier 1 ratio (%) | D21: 0.1761 | E21: 0.1757 | F21: 0.1808 | G21: 0.1839 | H21: 0.1798
B22: 6a | C22: Not applicable
B23: 6b | C23: Tier 1 ratio considering unfloored TREA (%)
B24: 7 | C24: Total capital ratio (%) | D24: 0.2035 | E24: 0.1918 | F24: 0.197 | G24: 0.2013 | H24: 0.1977
B25: 7a | C25: Not applicable
B26: 7b | C26: Total capital ratio considering unfloored TREA (%)
B27: Additional own funds requirements to address risks other than the risk of excessive leverage (as a percentage of risk-weighted exposure amount)
B28: EU 7d | C28: Additional own funds requirements to address risks other than the risk of excessive leverage (%) | D28: 0.0179 | E28: 0.0179 | F28: 0.0179 | G28: 0.0179 | H28: 0.0179
B29: EU 7e | C29: of which: to be made up of CET1 capital (percentage points) | D29: 0.0101 | E29: 0.0101 | F29: 0.0101 | G29: 0.0101 | H29: 0.0101
B30: EU 7f | C30: of which: to be made up of Tier 1 capital (percentage points) | D30: 0.0134 | E30: 0.0134 | F30: 0.0134 | G30: 0.0134 | H30: 0.0134
B31: EU 7g | C31: Total SREP own funds requirements (%) | D31: 0.0979 | E31: 0.0979 | F31: 0.0979 | G31: 0.0979 | H31: 0.0979
B32: Combined buffer and overall capital requirement (as a percentage of risk-weighted exposure amount)
B33: 8 | C33: Capital conservation buffer (%) | D33: 0.025 | E33: 0.025 | F33: 0.025 | G33: 0.025 | H33: 0.025
B34: EU 8a | C34: Conservation buffer due to macro-prudential or systemic risk identified at the level of a Member State (%) | D34: 0 | E34: 0 | F34: 0 | G34: 0 | H34: 0
B35: 9 | C35: Institution specific countercyclical capital buffer (%) | D35: 0.011 | E35: 0.0109 | F35: 0.0101 | G35: 0.0099 | H35: 0.0083
B36: EU 9a | C36: Systemic risk buffer (%) | D36: 0.0004 | E36: 0.0004 | F36: 0 | G36: 0 | H36: 0
B37: 10 | C37: Global Systemically Important Institution buffer (%) | D37: 0 | E37: 0 | F37: 0 | G37: 0 | H37: 0
B38: EU 10a | C38: Other Systemically Important Institution buffer (%) | D38: 0.02 | E38: 0.02 | F38: 0.02 | G38: 0.02 | H38: 0.02
B39: 11 | C39: Combined buffer requirement (%) | D39: 0.0564 | E39: 0.0563 | F39: 0.0551 | G39: 0.0549 | H39: 0.0533
B40: EU 11a | C40: Overall capital requirements (%) | D40: 0.1543 | E40: 0.1542 | F40: 0.153 | G40: 0.1528 | H40: 0.1512
B41: 12 | C41: CET1 available after meeting the total SREP own funds requirements (%) | D41: 0.1115 | E41: 0.1114 | F41: 0.1102 | G41: 0.11 | H41: 0.1084
B42: Leverage ratio
B43: 13 | C43: Total exposure measure | D43: 51223047 | E43: 51613964 | F43: 48684488 | G43: 49151577 | H43: 47540282
B44: 14 | C44: Leverage ratio (%) | D44: 0.1005 | E44: 0.1027 | F44: 0.1079 | G44: 0.1032 | H44: 0.1032
B45: Additional own funds requirements to address the risk of excessive leverage (as a percentage of total exposure measure)
B46: EU 14a | C46: Additional own funds requirements to address the risk of excessive leverage (%) | D46: 0 | E46: 0 | F46: 0 | G46: 0 | H46: 0
B47: EU 14b | C47: of which: to be made up of CET1 capital (percentage points) | D47: 0 | E47: 0 | F47: 0 | G47: 0 | H47: 0
B48: EU 14c | C48: Total SREP leverage ratio requirements (%) | D48: 0.03 | E48: 0.03 | F48: 0.03 | G48: 0.03 | H48: 0.03
B49: Leverage ratio buffer and overall leverage ratio requirement (as a percentage of total exposure measure)
B50: EU 14d | C50: Leverage ratio buffer requirement (%) | D50: 0 | E50: 0 | F50: 0 | G50: 0 | H50: 0
B51: EU 14e | C51: Overall leverage ratio requirement (%) | D51: 0.03 | E51: 0.03 | F51: 0.03 | G51: 0.03 | H51: 0.03
B52: Liquidity Coverage Ratio
B53: 15 | C53: Total high-quality liquid assets (HQLA) (Weighted value -average) | D53: 11708185 | E53: 12382297 | F53: 11504984 | G53: 12692015 | H53: 12164435
B54: EU 16a | C54: Cash outflows - Total weighted value | D54: 7035758.7 | E54: 7400870.6 | F54: 7081584.2 | G54: 7452033.6 | H54: 7186468.1
B55: EU 16b | C55: Cash inflows - Total weighted value | D55: 1521523.6 | E55: 1934518.9 | F55: 2498252.9 | G55: 2040966 | H55: 1897974.5
B56: 16 | C56: Total net cash outflows (adjusted value) | D56: 5514235 | E56: 5466351.6 | F56: 4583331.3 | G56: 5411067.5 | H56: 5288493.6
B57: 17 | C57: Liquidity coverage ratio (%) | D57: 2.123266 | E57: 2.265185 | F57: 2.510179 | G57: 2.345566 | H57: 2.30017
B58: Net Stable Funding Ratio
B59: 18 | C59: Total available stable funding | D59: 37025350 | E59: 37715562 | F59: 36152658 | G59: 35287749
B60: 19 | C60: Total required stable funding | D60: 24509270 | E60: 25034348 | F60: 23860741 | G60: 23217593
B61: 20 | C61: NSFR ratio (%) | D61: 1.5106672 | E61: 1.5065526 | F61: 1.5151523 | G61: 1.5198711

Sheet OV1
B2: Back to contents page
B4: OV1 - Overview of total risk exposure amounts
B6: The capital requirement calculation of the Group for 2026 is based on IFRS data. The prudential filters and deductions have been applied in line with the CRR during the calculation of regulatory capital. The Group applied standardized capital calculation method regarding credit and market risk, standardized measurement approach (SMA) regarding the operational risk.
C9: (in HUF million) | D9: Total risk exposure amounts (TREA) | F9: Total own funds requirements
D10: =+Contents!B3 -> 30.06.2026 | E10: 31.12.2025 | F10: =D10 -> 30.06.2026
B11: 1 | C11: Credit risk (excluding CCR) | D11: 24778060 | E11: 24574557 | F11: 1982244.8
B12: 2 | C12: Of which the standardised approach | D12: 24778060 | E12: 24574557 | F12: 1982244.8
B13: 3 | C13: Of which the Foundation IRB (F-IRB) approach | D13: 0 | E13: 0 | F13: 0
B14: 4 | C14: Of which slotting approach | D14: 0 | E14: 0 | F14: 0
B15: EU 4a | C15: Of which equities under the simple risk weighted approach | D15: 0 | E15: 0 | F15: 0
B16: 5 | C16: Of which the Advanced IRB (A-IRB) approach | D16: 0 | E16: 0 | F16: 0
B17: 6 | C17: Counterparty credit risk - CCR | D17: 187869.02 | E17: 213634.09 | F17: 15029.521
B18: 7 | C18: Of which the standardised approach | D18: 187869.02 | E18: 213632.31 | F18: 15029.521
B19: 8 | C19: Of which internal model method (IMM) | D19: 0 | E19: 0 | F19: 0
B20: EU 8a | C20: Of which exposures to a CCP | D20: 5.98 | E20: 1.78 | F20: 0.4784
B21: 9 | C21: Of which other CCR | D21: 0 | E21: 0 | F21: 0
B22: 10 | C22: Credit valuation adjustments risk - CVA risk | D22: 54288.196 | E22: 80859.968 | F22: 4343.0557
B23: EU 10a | C23: Of which the standardised approach (SA) | D23: 0 | E23: 0 | F23: 0
B24: EU 10b | C24: Of which the basic approach (F-BA and R-BA) | D24: 54288.196 | E24: 80859.968 | F24: 4343.0557
B25: EU 10c | C25: Of which the simplified approach | D25: 0 | E25: 0 | F25: 0
B26: 11 | C26: Not applicable | D26: 0 | E26: 0 | F26: 0
B27: 12 | C27: Not applicable | D27: 0 | E27: 0 | F27: 0
B28: 13 | C28: Not applicable | D28: 0 | E28: 0 | F28: 0
B29: 14 | C29: Not applicable | D29: 0 | E29: 0 | F29: 0
B30: 15 | C30: Settlement risk | D30: 0 | E30: 0 | F30: 0
B31: 16 | C31: Securitisation exposures in the non-trading book (after the cap) | D31: 0 | E31: 0 | F31: 0
B32: 17 | C32: Of which SEC-IRBA approach | D32: 0 | E32: 0 | F32: 0
B33: 18 | C33: Of which SEC-ERBA (including IAA) | D33: 0 | E33: 0 | F33: 0
B34: 19 | C34: Of which SEC-SA approach | D34: 0 | E34: 0 | F34: 0
B35: EU 19a | C35: Of which 1250% / deduction | D35: 0 | E35: 0 | F35: 0
B36: 20 | C36: Position, foreign exchange and commodities risks (Market risk) | D36: 381695.68 | E36: 348445.08 | F36: 30535.654
B37: 21 | C37: Of which the Alternative standardised approach (A-SA) | D37: 381695.68 | E37: 348445.08 | F37: 30535.654
B38: EU 21a | C38: Of which the Simplified standardised approach (S-SA) | D38: 0 | E38: 0 | F38: 0
B39: 22 | C39: Of which Alternative Internal Model Approach (A-IMA) | D39: 0 | E39: 0 | F39: 0
B40: EU 22a | C40: Large exposures | D40: 0 | E40: 0 | F40: 0
B41: 23 | C41: Reclassifications between the trading and non-trading books | D41: 0 | E41: 0 | F41: 0
B42: 24 | C42: Operational risk | D42: 3839627 | E42: 3839627 | F42: 307170.16
B43: EU 24a | C43: Exposures to crypto-assets | D43: 0 | E43: 0 | F43: 0
B44: 25 | C44: Amounts below the thresholds for deduction (subject to 250% risk weight) | D44: 0 | E44: 0 | F44: 0
B45: 26 | C45: Output floor applied (%) | D45: 0 | E45: 0 | F45: 0
B46: 27 | C46: Floor adjustment (before application of transitional cap) | D46: 0 | E46: 0 | F46: 0
B47: 28 | C47: Floor adjustment (after application of transitional cap) | D47: 0 | E47: 0 | F47: 0
B48: 29 | C48: Total | D48: 29241540 | E48: 29057123 | F48: 2339323.2

Sheet Own funds

Sheet CC1
B2: Back to contents page
B4: CC1 - Composition of regulatory own funds
C8: =+Contents!B3 -> 30.06.2026
B9: (in HUF million) | E9: Source based on reference numbers/ letters of the balance sheet under the regulatory scope of consolidation
B10: Common Equity Tier 1 capital: instruments and reserves
B11: 1 | C11: Capital instruments and the related share premium accounts | D11: 28000.001 | E11: h
C12: of which: share | D12: 28000.001
B13: 2 | C13: Retained earnings1 | D13: 5760870.5
B14: 3 | C14: Accumulated other comprehensive income (and other reserves) | D14: 79225.101
B15: EU-3a | C15: Funds for general banking risk | D15: 0
B16: 4 | C16: Amount of qualifying items referred to in Article 484 (3) CRR and the related share premium accounts subject to phase out from CET1
B17: 5 | C17: Minority interests (amount allowed in consolidated CET1) | D17: 40551.614
B18: EU-5a | C18: Independently reviewed interim profits net of any foreseeable charge or dividend | D18: 0
B19: 6 | C19: Common Equity Tier 1 (CET1) capital before regulatory adjustments | D19: 5908647.2
B20: Common Equity Tier 1 (CET1) capital: regulatory adjustments
B21: 7 | C21: Additional value adjustments (negative amount) | D21: -5584.2264
B22: 8 | C22: Intangible assets (net of related tax liability) (negative amount) | D22: -208368.7 | E22: a - d
B23: 10 | C23: Deferred tax assets that rely on future profitability excluding those arising from temporary differences (net of related tax liability where the conditions in Article 38 (3) CRR are met) (negative amount) | D23: -27256.45
B24: 11 | C24: Fair value reserves related to gains or losses on cash flow hedges of financial instruments that are not valued at fair value
B25: 12 | C25: Negative amounts resulting from the calculation of expected loss amounts
B26: 13 | C26: Any increase in equity that results from securitised assets (negative amount)
B27: 14 | C27: Gains or losses on liabilities valued at fair value resulting from changes in own credit standing
B28: 15 | C28: Defined-benefit pension fund assets (negative amount)
B29: 16 | C29: Direct, indirect and synthetic holdings by an institution of own CET1 instruments (negative amount) | D29: -478362.05
B30: 17 | C30: Direct, indirect and synthetic holdings of the CET 1 instruments of financial sector entities where those entities have reciprocal cross holdings with the institution designed to inflate artificially the own funds of the institution (negative amount)
B31: 18 | C31: Direct, indirect and synthetic holdings by the institution of the CET1 instruments of financial sector entities where the institution does not have a significant investment in those entities (amount above 10% threshold and net of eligible short positions) (negative amount)
B32: 19 | C32: Direct, indirect and synthetic holdings by the institution of the CET1 instruments of financial sector entities where the institution has a significant investment in those entities (amount above 10% threshold and net of eligible short positions) (negative amount)
B33: EU-20a | C33: Exposure amount of the following items which qualify for a RW of 1 250%, where the institution opts for the deduction alternative
B34: EU-20b | C34: of which: qualifying holdings outside the financial sector (negative amount)
B35: EU-20c | C35: of which: securitisation positions (negative amount)
B36: EU-20d | C36: of which: free deliveries (negative amount)
B37: 21 | C37: Deferred tax assets arising from temporary differences (amount above 10% threshold, net of related tax liability where the conditions in Article 38 (3) CRR are met) (negative amount)
B38: 22 | C38: Amount exceeding the 17,65% threshold (negative amount)
B39: 23 | C39: of which: direct, indirect and synthetic holdings by the institution of the CET1 instruments of financial sector entities where the institution has a significant investment in those entities
B40: 25 | C40: of which: deferred tax assets arising from temporary differences
B41: EU-25a | C41: Losses for the current financial year (negative amount)
B42: EU-25b | C42: Foreseeable tax charges relating to CET1 items except where the institution suitably adjusts the amount of CET1 items insofar as such tax charges reduce the amount up to which those items may be used to cover risks or losses (negative amount)
B43: 27 | C43: Qualifying AT1 deductions that exceed the AT1 items of the institution (negative amount)
B44: 27a | C44: Other regulatory adjustments | D44: -40860.533
B45: 28 | C45: Total regulatory adjustments to Common Equity Tier 1 (CET1) | D45: -760431.96
B46: 29 | C46: Common Equity Tier 1 (CET1) capital | D46: 5148215.3
B47: Additional Tier 1 (AT1) capital: instruments
B48: 30 | C48: Capital instruments and the related share premium accounts | E48: i
B49: 31 | C49: of which: classified as equity under applicable accounting standards
B50: 32 | C50: of which: classified as liabilities under applicable accounting standards
B51: 33 | C51: Amount of qualifying items referred to in Article 484 (4) CRR and the related share premium accounts subject to phase out from AT1
B52: EU-33a | C52: Amount of qualifying items referred to in Article 494a(1) CRR subject to phase out from AT1
B53: EU-33b | C53: Amount of qualifying items referred to in Article 494b(1) CRR subject to phase out from AT1
B54: 34 | C54: Qualifying Tier 1 capital included in consolidated AT1 capital (including minority interest not included in row 5) issued by subsidiaries and held by third parties
B55: 35 | C55: of which: instruments issued by subsidiaries subject to phase-out
B56: 36 | C56: Additional Tier 1 (AT1) capital before regulatory adjustments | D56: 0
B57: Additional Tier 1 (AT1) capital: regulatory adjustments
B58: 37 | C58: Direct, indirect and synthetic holdings by an institution of own AT1 instruments (negative amount)
B59: 38 | C59: Direct, indirect and synthetic holdings of the AT1 instruments of financial sector entities where those entities have reciprocal cross holdings with the institution designed to inflate artificially the own funds of the institution (negative amount)
B60: 39 | C60: Direct, indirect and synthetic holdings of the AT1 instruments of financial sector entities where the institution does not have a significant investment in those entities (amount above 10% threshold and net of eligible short positions) (negative amount)
B61: 40 | C61: Direct, indirect and synthetic holdings by the institution of the AT1 instruments of financial sector entities where the institution has a significant investment in those entities (net of eligible short positions) (negative amount)
B62: 42 | C62: Qualifying T2 deductions that exceed the T2 items of the institution (negative amount)
B63: 42a | C63: Other regulatory adjustments to AT1 capital
B64: 43 | C64: Total regulatory adjustments to Additional Tier 1 (AT1) capital
B65: 44 | C65: Additional Tier 1 (AT1) capital | D65: 0
B66: 45 | C66: Tier 1 capital (T1 = CET1 + AT1) | D66: 5148215.3
B67: Tier 2 (T2) capital: instruments
B68: 46 | C68: Capital instruments and the related share premium accounts | D68: 797231.63
B69: 47 | C69: Amount of qualifying items referred to in Article 484(5) CRR and the related share premium accounts subject to phase out from T2 as described in Article 486(4) CRR
B70: EU-47a | C70: Amount of qualifying items referred to in Article 494a(2) CRR subject to phase out from T2
B71: EU-47b | C71: Amount of qualifying items referred to in Article 494b(2) CRR subject to phase out from T2 | D71: 6899.6047
B72: 48 | C72: Qualifying own funds instruments included in consolidated T2 capital (including minority interests and AT1 instruments not included in rows 5 or 34) issued by subsidiaries and held by third parties | D72: 10986.32
B73: 49 | C73: of which: instruments issued by subsidiaries subject to phase out
B74: 50 | C74: Credit risk adjustments
B75: 51 | C75: Tier 2 (T2) capital before regulatory adjustment | D75: 815117.55
B76: Tier 2 (T2) capital: regulatory adjustments
B77: 52 | C77: Direct, indirect and synthetic holdings by an institution of own T2 instruments and subordinated loans (negative amount) | D77: -13744.745
B78: 53 | C78: Direct, indirect and synthetic holdings of the T2 instruments and subordinated loans of financial sector entities where those entities have reciprocal cross holdings with the institution designed to inflate artificially the own funds of the institution (negative amount)
B79: 54 | C79: Direct, indirect and synthetic holdings of the T2 instruments and subordinated loans of financial sector entities where the institution does not have a significant investment in those entities (amount above 10% threshold and net of eligible short positions) (negative amount)
B80: 55 | C80: Direct, indirect and synthetic holdings by the institution of the T2 instruments and subordinated loans of financial sector entities where the institution has a significant investment in those entities (net of eligible short positions) (negative amount)
B81: EU-56a | C81: Qualifying eligible liabilities deductions that exceed the eligible liabilities items of the institution (negative amount)
B82: EU-56b | C82: Other regulatory adjustments to T2 capital
B83: 57 | C83: Total regulatory adjustments to Tier 2 (T2) capital | D83: -13744.745
B84: 58 | C84: Tier 2 (T2) capital | D84: 801372.81
B85: 59 | C85: Total capital (TC = T1 + T2) | D85: 5949588.1
B86: 60 | C86: Total Risk exposure amount | D86: 29241540
B87: Capital ratios and requirements including buffers
B88: 61 | C88: Common Equity Tier 1 capital | D88: 0.17605828
B89: 62 | C89: Tier 1 capital | D89: 0.17605828
B90: 63 | C90: Total capital | D90: 0.20346357
B91: 64 | C91: Institution CET1 overall capital requirements | D91: 0.1014
B92: 65 | C92: of which: capital conservation buffer requirement | D92: 0.025
B93: 66 | C93: of which: countercyclical capital buffer requirement | D93: 0.011
B94: 67 | C94: of which: systemic risk buffer requirement3 | D94: 0.0004
B95: EU-67a | C95: of which: Global Systemically Important Institution (G-SII) or Other Systemically Important Institution (O-SII) buffer requirement | D95: 0.02
B96: EU-67b | C96: of which: additional own funds requirements to address the risks other than the risk of excessive leverage3 | D96: 0
B97: 68 | C97: Common Equity Tier 1 capital (as a percentage of risk exposure amount) available after meeting the minimum capital requirements | D97: 0.074658282
B98: Amounts below the thresholds for deduction (before risk-weighting)
B99: 72 | C99: Direct and indirect holdings of own funds and eligible liabilities of financial sector entities where the institution does not have a significant investment in those entities (amount below 10% threshold and net of eligible short positions) | D99: 52398.426
B100: 73 | C100: Direct and indirect holdings by the institution of the CET1 instruments of financial sector entities where the institution has a significant investment in those entities (amount below 17.65% thresholds and net of eligible short positions) | D100: 12911.386
B101: 75 | C101: Deferred tax assets arising from temporary differences (amount below 17,65% threshold, net of related tax liability where the conditions in Article 38 (3) CRR are met) | D101: 43863.851
B102: Applicable caps on the inclusion of provisions in Tier 2
B103: 76 | C103: Credit risk adjustments included in T2 in respect of exposures subject to standardised approach (prior to the application of the cap)
B104: 77 | C104: Cap on inclusion of credit risk adjustments in T2 under standardised approach
B105: 78 | C105: Credit risk adjustments included in T2 in respect of exposures subject to internal ratings- based approach (prior to the application of the cap)
...

Sheet CC2
B2: Back to contents page
B4: CC2 - Reconciliation of regulatory own funds to balance sheet in the audited financial statements
C8: =+Contents!B3 -> 30.06.2026
C9: (in HUF million) | D9: Under regulatory scope of consolidation | E9: Balance sheet as in published financial statements1 | F9: Reference
C11: Cash, amounts due from banks and balances with the National Banks | D11: 6199250 | E11: 6180434
C12: Placements with other banks, net of loss allowance for placements | D12: 952790 | E12: 959926 | F12: 7*
C13: Repo receivables | D13: 157757 | E13: 157757
C14: Financial assets at fair value through profit or loss | D14: 514906 | E14: 523777 | F14: 7*
C15: Securities at fair value through other comprehensive income | D15: 2307040 | E15: 2301675 | F15: 7*
C16: Of which: direct, indirect and synthetic significant holdings of the CET1 instruments of financial sector entities | D16: 50.610332 | E16: n.a. | F16: 22
C17: Of which: direct and indirect not singnificant holdings of the CET1 instruments of financial sector entities | D17: 46060.892 | E17: n.a. | F17: 18, 72
C18: Securities at amortized cost | D18: 8062208 | E18: 8064411
C19: Loans at amorized cost and mandatorily at fair value through profit or loss | D19: 22448820 | E19: 22410974
C20: Loans mandatorily at fair value through profit or loss | D20: 2407778 | E20: 2409653
C21: Finance lease receivables | D21: 1637433 | E21: 1636391
C22: Associates and other investments | D22: 193808 | E22: 153137
C23: Of which: direct, indirect and synthetic significant holdings of the CET1 instruments of financial sector entities | D23: 12860.776 | E23: n.a. | F23: 22
C24: Of which: direct and indirect not singnificant holdings of the CET1 instruments of financial sector entities | D24: 6337.5349 | E24: n.a. | F24: 18, 72
C25: Property and equipment | D25: 547063 | E25: 572804
C26: Intangible assets and goodwill | D26: 374788 | E26: 381289 | F26: 8
C27: Right-of-use assets | D27: 76368 | E27: 82024
C28: Investment properties | D28: 64802 | E28: 76567
C29: Derivative financial assets designated as hedge accounting | D29: 27474 | E29: 27474 | F29: 7*
C30: Deferred tax assets | D30: 70397 | E30: 70647
C31: Of which: deferred tax assets that rely on future profitability, do not arise from temporary difference (2) | D31: 27256.45 | E31: n.a. | F31: 10
C32: Of which: deferred tax assets that rely on future profitability, arise from temporary difference (2) | D32: 43863.851 | E32: n.a. | F32: 25
C33: Current income tax receivables | D33: 36517 | E33: 36655
C34: Other assets | D34: 787670 | E34: 552452
C35: Assets classified as held-for-sale / discounted operations | D35: 0 | E35: 68617
C36: TOTAL ASSETS | D36: 46866869 | E36: 46666664
C37: Amounts due to banks, the National Governments, deposits from the National Banks and other banks | D37: 1453194 | E37: 1429204
C38: Repo liabilities | D38: 704886 | E38: 704886
C39: Financial liabilities designated at fair value through profit or loss | D39: 15697 | E39: 88881 | F39: 7*
C40: Deposits from customers | D40: 33878233 | E40: 33721692
C41: Fair value changes of the hedged items in portfolio hedge of interest rate risk | D41: 25098 | E41: 25098
C42: Liabilities from issued securities | D42: 2724590 | E42: 2724590
C43: Derivative financial liabilities held for trading | D43: 291059 | E43: 163485 | F43: 7*
C44: Derivative financial liabilities designated as hedge accounting | D44: 146689 | E44: 146689 | F44: 7*
C45: Leasing liabilities | D45: 77180 | E45: 79742
C46: Deferred tax liabilities | D46: 28778 | E46: 29044
C47: Current income tax payable | D47: 28550 | E47: 23499
C48: Provisions | D48: 122042 | E48: 124025
C49: Other liabilities | D49: 894128 | E49: 1069414
C50: Subordinated bonds and loans | D50: 827768 | E50: 807836
C51: Of which: eligible Upper T2 instruments and subordinated debts in regulatory capital (3) | D51: 790386.49 | E51: 790386.49 | F51: 46
C52: Of which: instruments issued by subsidiaries that are given recognition in consolidated T2 Capital (4) | D52: 10986.32 | E52: n.a. | F52: 48
C53: Liabilities directly associated with assets classified as held-for-sale / discounted operations | D53: 0 | E53: 19683
C54: TOTAL LIABILITIES | D54: 41217892 | E54: 41157768
C55: Share capital | D55: 28000.001 | E55: 28000.001 | F55: 1
C56: Retained earnings and reserves | D56: 5981813.5 | E56: 5949491.2
C57: Equity instruments issued other than capital | D57: 0 | E57: 0 | F57: 46
C58: Other equity | D58: 65752.147 | E58: 65752.147 | F58: 3
C59: Accumulated other comprehensive income | D59: -271409.93 | E59: -268888.34
C60: Of which: Revaluation reserve | D60: -282715.65 | E60: -280885.95 | F60: 3
C61: Of which: Fair value adjustment of securities available-for-sale and financial instruments in the retained earnings | D61: 13688.242 | E61: 14380.129 | F61: 3
C62: Of which: Fair value adjustment of cash flow hedge transactions | D62: 0 | E62: 0 | F62: 3
C63: Of which: Net investment hedge in foreign operations | D63: -2382.519 | E63: -2382.519 | F63: 3
C64: Retained earnings | D64: 691949.04 | E64: 681588.35
C65: Of which: Retained earnings | D65: 493610.73 | E65: 489201.71 | F65: 2
C66: Of which: Changes due to consolidation | D66: 198338.31 | E66: 192386.64
C67: Of which: eligible in regulatory capital | D67: 193806.23 | E67: n.a. | F67: 2
C68: Other reserves | D68: 4973599.7 | E68: 4991365.5
C69: Of which: Changes in the equity of subsidiaries and jointly controlled entities | D69: 4688716.8 | E69: 4706345 | F69: 2
C70: Of which: Other reserves | D70: 284882.88 | E70: 285020.56 | F70: 3
C71: Profit or loss attributable to owners of the parent | D71: 521922.56 | E71: 479673.55
C72: Of which: eligible in regulatory capital | D72: 384736.78 | E72: n.a. | F72: 2
C73: Treasury shares | D73: -397676.48 | E73: -514442.29 | F73: 16
C74: Minority interests [Non-controlling interests] | D74: 36839.402 | E74: 45847.242
C75: Of which: eligible in regulatory capital (4) | D75: 40551.614 | E75: n.a. | F75: 5
C76: SHAREHOLDERS' EQUITY | D76: 5648976.4 | E76: 5508896.2
C77: * The additional value adjustments are determined according to simplified approach, which means that the regulatory capital is decreased by 0,1% of the marked balance sheet items.
C78: 1Under accounting scope of consolidation as in published financial statements.
C79: 2In consolidated balance sheet the amounts of deferred tax receivables and deferred tax liabilities are determined according to IAS12, which does not take into consideration the classification expected by CRR (relying on future profitability or is not relying on future profitability, and arising from temporary difference or is not arising from temporary difference). For determining deferred tax receivables (and deferred tax liabilities) taken into account in regulatory capital, the total amount of deferred tax receivables and deferred tax liabilities is classified according to CRR categories, then in each CRR category the offsetting between deferred tax assets and associated deferred tax liabilities is done separately for each subsidiary (which is allowed according to 14 (2-3) Article of 241/2014/EU RTS). Applying this methodology does not affect the difference of deferred tax receivables and deferred tax liabilities.
C80: 3Tier2 instrument taking into account regulatory capital.
C81: 4Taking into consideration articles 81-88 of CRR

Sheet MREL

Sheet KM2
B1: Back to contents page
B2: KM2: Key metrics - MREL
B4: The information in template EU KM2 is disclosed at the level of OTP Bank's resolution group that is different from the prudentially consolidated group under the CRR. The preferred resolution strategy for the OTP Group is based on the Multiple Point of Entry (MPE) strategy and OTP Bank as resolution entity fulfills the minimum requirement for own funds and eligible liabilities (MREL requirement) on a consoldiated basis at the level of OTP Bank’s resolution group. Applicable MREL requirements and the composition of OTP Bank's resolution group are disclosed on OTP Bank's website: https://www.otpgroup.info/static/sw/file/260327_MREL_046_e.pdf Disclosure is based on Article 45i (3) of the BRRD (2014/59/EU Directive as amended by 2019/879/EU Directive) and Delegated Regulation (EU) 2021/763.
B5: =Contents!B3 -> 30.06.2026
C6: (in HUF million) | D6: a
D7: Minimum requirement for own funds and eligible liabilities (MREL)
B8: Own funds and eligible liabilities, ratios and components
B9: 1 | C9: Own funds and eligible liabilities | D9: 7054166.9
B10: EU-1a | C10: Of which own funds and subordinated liabilities | D10: 5850561.3
B11: 2 | C11: Total risk exposure amount of the resolution group (TREA) | D11: 27208480
B12: 3 | C12: Own funds and eligible liabilities as a percentage of TREA (row1/row2) | D12: 0.25926355
B13: EU-3a | C13: Of which own funds and subordinated liabilities | D13: 0.21502713
B14: 4 | C14: Total exposure measure of the resolution group | D14: 46414338
B15: 5 | C15: Own funds and eligible liabilities as percentage of the total exposure measure | D15: 0.15198249
B16: EU-5a | C16: Of which own funds or subordinated liabilities | D16: 0.12605073
B17: 6a | C17: Does the subordination exemption in Article 72b(4) of the CRR apply? (5% exemption)
B18: 6b | C18: Pro-memo item - Aggregate amount of permitted non-subordinated eligible liabilities in-struments If the subordination discretion as per Article 72b(3) CRR is applied (max 3.5% exemption)
B19: 6c | C19: Pro-memo item: If a capped subordination exemption applies under Article 72b (3) CRR, the amount of funding issued that ranks pari passu with excluded liabilities and that is recognised under row 1, divided by funding issued that ranks pari passu with excluded Liabilities and that would be recognised under row 1 if no cap was applied (%)
B20: Minimum requirement for own funds and eligible liabilities (MREL)
B21: EU-7 | C21: MREL requirement expressed as percentage of the total risk exposure amount | D21: 0.1823
B22: EU-8 | C22: Of which to be met with own funds or subordinated liabilities* | D22: 0.135
B23: EU-9 | C23: MREL requirement expressed as percentage of the total exposure measure | D23: 0.0632
B24: EU-10 | C24: Of which to be met with own funds or subordinated liabilities* | D24: 0.05
C26: *Subordination requirements will be applicable from 16 December 2024

Sheet Countercyclical capital buffers

Sheet CCyB1
B2: Back to contents page
B4: CCyB1 - Geographical distribution of credit exposures relevant for the calculation of the countercyclical buffer
B6: In accordance with the Article 140 of CRD, institution-specific countercyclical capital buffer consists of the weighted average of the countercyclical buffer rates that apply in the jurisdictions where the relevant credit exposures of the institution are located.
C8: =Contents!B3 -> 30.06.2026
C9: (in HUF million) | D9: General credit exposures | F9: Relevant credit exposures – Market risk | H9: Securitisation exposures Exposure value for non- trading book | I9: Total exposure value | J9: Own fund requirements | N9: Risk-weighted exposure amounts | O9: Own fund requirements weights (%) | P9: Counter­ cyclical buffer rate (%)
D10: Exposure value under the stan­ dardised approach | E10: Exposure value under the IRB approach | F10: Sum of long and short positions of trading book exposures for SA | G10: Value of trading book exposures for internal models | J10: Relevant credit risk exposures - Credit risk | K10: Relevant credit exposures – Market risk | L10: Relevant credit exposures – Securitisation positions in the non-trading book | M10: Total
C11: Albania | D11: 599627.32 | E11: 0 | F11: 0 | I11: 599627.32 | J11: 47970.185 | K11: 0 | M11: 47970.185 | N11: 565795.65 | O11: 0.0188 | P11: 0.005
C12: Belgium | D12: 49430.548 | E12: 0 | F12: 0 | I12: 49430.548 | J12: 3954.4439 | K12: 0 | M12: 3954.4439 | N12: 29286.263 | O12: 0.0007 | P12: 0.01
C13: Bulgaria | D13: 5855892.1 | E13: 0 | F13: 0 | I13: 5855892.1 | J13: 468471.37 | K13: 0 | M13: 468471.37 | N13: 3746726.2 | O13: 0.1748 | P13: 0.02
C14: Czech Republic | D14: 4040.8229 | E14: 0 | F14: 0 | I14: 4040.8229 | J14: 323.26583 | K14: 0 | M14: 323.26583 | N14: 4729.3944 | O14: 0.0002 | P14: 0.0125
C15: Germany | D15: 141253.77 | E15: 0 | F15: 124.70554 | I15: 141378.48 | J15: 11300.302 | K15: 9.9764433 | M15: 11310.278 | N15: 161267.74 | O15: 0.0063 | P15: 0.0075
C16: Denmark | D16: 7233.0203 | E16: 0 | F16: 0 | I16: 7233.0203 | J16: 578.64162 | K16: 0 | M16: 578.64162 | N16: 13844.967 | O16: 0.0005 | P16: 0.025
C17: Spain | D17: 17940.478 | E17: 0 | F17: 0 | I17: 17940.478 | J17: 1435.2382 | K17: 0 | M17: 1435.2382 | N17: 26004.716 | O17: 0.0007 | P17: 0.005
C18: France | D18: 22447.413 | E18: 0 | F18: 0 | I18: 22447.413 | J18: 1795.793 | K18: 0 | M18: 1795.793 | N18: 76050.092 | O18: 0.0009 | P18: 0.01
C19: Great-Britain | D19: 121633.09 | E19: 0 | F19: 0 | I19: 121633.09 | J19: 9730.6475 | K19: 0 | M19: 9730.6475 | N19: 87470.576 | O19: 0.0041 | P19: 0.02
C20: Greece | D20: 9370.5512 | E20: 0 | F20: 0 | I20: 9370.5512 | J20: 749.6441 | K20: 0 | M20: 749.6441 | N20: 12387.906 | O20: 0.0005 | P20: 0.0025
C21: Croatia | D21: 2885585.4 | E21: 0 | F21: 0 | I21: 2885585.4 | J21: 230846.83 | K21: 0 | M21: 230846.83 | N21: 1987644.2 | O21: 0.0921 | P21: 0.015
C22: Hungary | D22: 11878484 | E22: 0 | F22: 11548.911 | I22: 11890033 | J22: 950278.76 | K22: 923.91289 | M22: 951202.67 | N22: 7054477 | O22: 0.326055 | P22: 0.01
... C35: Uzbekistan | D35: 1109603.7 | E35: 0 | F35: 0 | I35: 1109603.7 | J35: 88768.298 | K35: 0 | M35: 88768.298 | N35: 1240242.3 | O35: 0.0435 | P35: 0.015
C36: Total | D36: 28822801 | E36: 0 | F36: 11673.617 | I36: 28834475 | J36: 2305824.1 | K36: 933.88934 | M36: 2306758 | N36: 21385907 | O36: 0.877455

Sheet CCyB2
B2: Back to contents page
B4: CCyB2 - Amount of institution-specific countercyclical capital buffer
C9: (in HUF million) | D9: =Contents!B3 -> 30.06.2026
C10: Total risk exposure amount | D10: 29241540
C11: Institution specific countercyclical capital buffer rate | D11: 0.011
C12: Institution specific countercyclical capital buffer requirement | D12: 321656.94

Sheet Leverage ratio

Sheet LR1
B2: Back to contents page
B4: LR1 - LRSum - Summary reconciliation of accounting assets and leverage ratio exposures
C8: =+Contents!B3 -> 30.06.2026
B9: (in HUF million) | D9: Applicable Amount
B10: 1 | C10: Total assets as per published financial statements | D10: 46866869
B11: 2 | C11: Adjustment for entities which are consolidated for accounting purposes but are outside the scope of prudential consolidation | D11: 0
B12: 3 | C12: (Adjustment for securitised exposures that meet the operational requirements for the recognition of risk transference) | D12: 0
B13: 4 | C13: (Adjustment for temporary exemption of exposures to central banks (if applicable)) | D13: 0
B14: 5 | C14: (Adjustment for fiduciary assets recognised on the balance sheet pursuant to the applicable accounting framework but excluded from the total exposure measure in accordance with point (i) of Article 429a(1) CRR) | D14: 0
B15: 6 | C15: Adjustment for regular-way purchases and sales of financial assets subject to trade date accounting | D15: 0
B16: 7 | C16: Adjustment for eligible cash pooling transactions | D16: 0
B17: 8 | C17: Adjustment for derivative financial instruments | D17: 548118
B18: 9 | C18: Adjustment for securities financing transactions (SFTs | D18: 1409036.2
B19: 10 | C19: Adjustment for off-balance sheet items (ie conversion to credit equivalent amounts of off-balance sheet exposures) | D19: 3454140.6
B20: 11 | C20: (Adjustment for prudent valuation adjustments and specific and general provisions which have reduced Tier 1 capital) | D20: 0
B21: EU-11a | C21: Adjustment for exposures excluded from the total exposure measure in accordance with point (c) of Article 429a(1) CRR) | D21: 0
B22: EU-11b | C22: (Adjustment for exposures excluded from the total exposure measure in accordance with point (j) of Article 429a(1) CRR) | D22: 0
B23: 12 | C23: Other adjustments | D23: -1055116.4
B24: 13 | C24: Total exposure measure | D24: 51223047

Sheet LR2
B2: Back to contents page
B4: LR2 - LRCom - Leverage ratio common disclosure
B6: The change of Tier1 capital and the leverage ratio total assets can have an impact on leverage ratio. Currently there is no regulatory minimum level for the leverage ratio. In line with the proposal of the European decision makers OTP Group considers 3% as minimum level of leverage ratio. Taking into accout that the current level of the leverage ratio exceeds this minimum level, there is no intention of decreasing the leverage ratio. The Group monitors the level of leverage ratio quarterly and as part of Recovery Plan indicators informs the Asset-Liability Committee. If the leverage ratio reaches crtical level, the Asset-Liability Committee asks the competent departments to prepare action plan in oder to handle the breaching the minimum level.
C9: (in HUF million) | D9: CRR leverage ratio exposures
D10: =Contents!B3 -> 30.06.2026 | E10: 31.12.2025
B11: On-balance sheet exposures (excluding derivatives and SFTs)
B12: 1 | C12: On-balance sheet items (excluding derivatives, SFTs, but including collateral) | D12: 45868093 | E12: 44568437
B13: 2 | C13: Gross-up for derivatives collateral provided, where deducted from the balance sheet assets pursuant to the applicable accounting framework | D13: 0 | E13: 0
B14: 3 | C14: (Deductions of receivables assets for cash variation margin provided in derivatives transactions) | D14: -28717.731 | E14: -21580.346
B15: 4 | C15: (Adjustment for securities received under securities financing transactions that are recognised as an asset) | D15: 0 | E15: 0
B16: 5 | C16: (General credit risk adjustments to on-balance sheet items) | D16: 0 | E16: 0
B17: 6 | C17: (Asset amounts deducted in determining Tier 1 capital) | D17: 0 | E17: -136657.28
B18: 7 | C18: Total on-balance sheet exposures (excluding derivatives and SFTs) | D18: 45839376 | E18: 44410199
B19: Derivative exposures
B20: 8 | C20: Replacement cost associated with SA-CCR derivatives transactions (ie net of eligible cash variation margin) | D20: -111150.28 | E20: -36614.537
B21: EU-8a | C21: Derogation for derivatives: replacement costs contribution under the simplified standardised approach | D21: 0 | E21: 0
B22: 9 | C22: Add-on amounts for potential future exposure associated with SA-CCR derivatives transactions | D22: 218886.28 | E22: 170439.08
B23: EU-9a | C23: Derogation for derivatives: Potential future exposure contribution under the simplified standardised approach | D23: 329231.71 | E23: 263992.59
B24: EU-9b | C24: Exposure determined under Original Exposure Method | D24: 0 | E24: 0
B25: 10 | C25: (Exempted CCP leg of client-cleared trade exposures) (SA-CCR) | D25: 0 | E25: 0
B26: EU-10a | C26: (Exempted CCP leg of client-cleared trade exposures) (simplified standardised approach) | D26: 0 | E26: 0
B27: EU-10b | C27: (Exempted CCP leg of client-cleared trade exposures) (Original Exposure Method) | D27: 0 | E27: 0
B28: 11 | C28: Adjusted effective notional amount of written credit derivatives | D28: 0 | E28: 0
B29: 12 | C29: (Adjusted effective notional offsets and add-on deductions for written credit derivatives) | D29: 0 | E29: 0
B30: 13 | C30: Total derivatives exposures | D30: 436967.71 | E30: 397817.14
B31: Securities financing transaction (SFT) exposures
B32: 14 | C32: Gross SFT assets (with no recognition of netting), after adjustment for sales accounting transactions | D32: 1409036.2 | E32: 350431.58
B33: 15 | C33: (Netted amounts of cash payables and cash receivables of gross SFT assets) | D33: 0 | E33: 0
B34: 16 | C34: Counterparty credit risk exposure for SFT assets | D34: 83527.023 | E34: 13478.09
B35: EU-16a | C35: Derogation for SFTs: Counterparty credit risk exposure in accordance with Articles 429e(5) and 222 CRR | D35: 0 | E35: 0
B36: 17 | C36: Agent transaction exposures | D36: 0 | E36: 0
B37: EU-17a | C37: (Exempted CCP leg of client-cleared SFT exposure) | D37: 0 | E37: 0
B38: 18 | C38: Total securities financing transaction exposures | D38: 1492563.2 | E38: 363909.67
B39: Other off-balance sheet exposures
B40: 19 | C40: Off-balance sheet exposures at gross notional amount | D40: 9346417.7 | E40: 9335252.7
B41: 20 | C41: (Adjustments for conversion to credit equivalent amounts) | D41: -5892277.1 | E41: -5822690.2
B42: 21 | C42: (General provisions deducted in determining Tier 1 capital and specific provisions associated associated with off-balance sheet exposures) | D42: 0 | E42: 0
B43: 22 | C43: Off-balance sheet exposures | D43: 3454140.6 | E43: 3512562.5
B44: Excluded exposures
B45: EU-22a | C45: (Exposures excluded from the total exposure measure in accordance with point (c) of Article 429a(1) CRR)
B46: EU-22b | C46: (Exposures exempted in accordance with point (j) of Article 429a(1) CRR (on and off balance sheet))
B47: EU-22c | C47: (Excluded exposures of public development banks (or units) - Public sector investments
B48: EU-22d | C48: (Excluded exposures of public development banks (or units) - Promotional loans)
B49: EU-22e | C49: (Excluded passing-through promotional loan exposures by non-public development banks (or units))
B50: EU-22f | C50: (Excluded guaranteed parts of exposures arising from export credits)
B51: EU-22g | C51: (Excluded excess collateral deposited at triparty agents)
B52: EU-22h | C52: (Excluded CSD related services of CSD/institutions in accordance with point (o) of Article 429a(1) CRR)
B53: EU-22i | C53: (Excluded CSD related services of designated institutions in accordance with point (p) of Article 429a(1) CRR)
B54: EU-22j | C54: (Reduction of the exposure value of pre-financing or intermediate loans)
B55: EU-22k | C55: (Total exempted exposures)
B56: Capital and total exposure measure
B57: 23 | C57: Tier 1 capital | D57: 5148215.3 | E57: 5253292
B58: 24 | C58: Total exposure measure | D58: 51223047 | E58: 48684488
B59: Leverage ratio
B60: 25 | C60: Leverage ratio (%) | D60: 0.10050584 | E60: 0.10790484
B61: EU-25 | C61: Leverage ratio (excluding the impact of the exemption of public sector investments and promotional loans) (%) | D61: 0.10050584 | E61: 0.10790484
B62: 25a | C62: Leverage ratio (excluding the impact of any applicable temporary exemption of central bank reserves) (%) | D62: 0.10050584 | E62: 0.10790484
B63: 26 | C63: Regulatory minimum leverage ratio requirement (% | D63: 0.03 | E63: 0.03
B64: EU-26a | C64: Additional own funds requirements to address the risk of excessive leverage (%) | D64: 0 | E64: 0
B65: EU-26b | C65: of which: to be made up of CET1 capita | D65: 0 | E65: 0
B66: 27 | C66: Leverage ratio buffer requirement (%) | D66: 0 | E66: 0
B67: EU-27a | C67: Overall leverage ratio requirement (%) | D67: 0.03 | E67: 0.03
B68: Choice on transitional arrangements and relevant exposures
B69: EU-27b | C69: Choice on transitional arrangements for the definition of the capital measure
B70: Disclosure of mean values
B71: 28 | C71: Mean of daily values of gross SFT assets, after adjustment for sale accounting transactions and netted of amounts of associated cash payables and cash receivable
B72: 29 | C72: Quarter-end value of gross SFT assets, after adjustment for sale accounting transactions and netted of amounts of associated cash payables and cash receivables
B73: 30 | C73: Total exposure measure (including the impact of any applicable temporary exemption of central bank reserves) incorporating mean values from row 28 of gross SFT assets (after adjustment for sale accounting transactions and netted of amounts of associated cash payables and cash receivables)
B74: 30a | C74: Total exposure measure (excluding the impact of any applicable temporary exemption of central bank reserves) incorporating mean values from row 28 of gross SFT assets (after adjustment for sale accounting transactions and netted of amounts of associated cash payables and cash receivables)
B75: 31 | C75: Leverage ratio (including the impact of any applicable temporary exemption of central bank reserves) incorporating mean values from row 28 of gross SFT assets (after adjustment for sale accounting transactions and netted of amounts of associated cash payables and cash receivables)
B76: 31a | C76: Leverage ratio (excluding the impact of any applicable temporary exemption of central bank reserves) incorporating mean values from row 28 of gross SFT assets (after adjustment for sale accounting transactions and netted of amounts of associated cash payables and cash receivables)
B77: *the exposures are calculated according to Article 473a of regulation (EU) No 575/2013, including the impact of transitional arrangements for mitigating the impact of the application of IFRS9

Sheet LR3
B2: Back to contents page
B4: LR3 - LRSpl - Split-up of on balance sheet exposures (excluding derivatives, SFTs and exempted exposures)
C8: =+Contents!B3 -> 30.06.2026
C9: (in HUF million) | D9: CRR leverage ratio exposures
B10: EU-1 | C10: Total on-balance sheet exposures (excluding derivatives, SFTs, and exempted exposures), of which: | D10: 45868093
B11: EU-2 | C11: Trading book exposures | D11: 31228.919
B12: EU-3 | C12: Banking book exposures, of which | D12: 45836864
B13: EU-4 | C13: Covered bonds | D13: 55854.214
B14: EU-5 | C14: Exposures treated as sovereigns | D14: 15081007
B15: EU-6 | C15: Exposures to regional governments, MDB, international organisations and PSE, not treated as sovereigns | D15: 485849.03
B16: EU-7 | C16: Institutions | D16: 991995.12
B17: EU-8 | C17: Secured by mortgages of immovable properties | D17: 10237864
B18: EU-9 | C18: Retail exposures | D18: 9521046.1
B19: EU-10 | C19: Corporate | D19: 7041478.5
B20: EU-11 | C20: Exposures in default | D20: 307598.77
B21: EU-12 | C21: Other exposures (eg equity, securitisations, and other non-credit obligation assets) | D21: 2114171.5

Sheet Liquidity requirements

Sheet LIQ1
B2: Back to contents page
B4: LIQ1 - Quantitative information of LCR
B6: LIQB table in text: OTP uses only the items in the LCR table to calculate the liquidity ratio. The Bank Group's liquidity reserves (HQLA) increased by € 885 million (2.8%) in the second quarter of 2026 and the net liquidity outflows also increased by € 1364 million (9.6%). The excess over the regulatory limit was ca. € 479 million lower than in the previous quarter. The Group’s consolidated LCR ratio decreased by around 14 percentage points to 212.3%. The level of liquidity reserves in relation to the risk profile did not change significantly, thereby still providing a reassuring cover for potentially arising liquidity risk events.
C9: (in HUF million) | D9: Total unweighted value (average) | H9: Total weighted value (average)
B10: EU 1a | C10: Quarter ending on (DD Month YYY) | D10: =+Contents!B3 -> 30.06.2026 | E10: 31.03.2026 | F10: 31.12.2025 | G10: 30.09.2025 | H10: =D10 -> 30.06.2026 | I10: =E10 -> 31.03.2026 | J10: =F10 -> 31.12.2025 | K10: =G10 -> 30.09.2025
B11: EU 1b | C11: Number of data points used in the calculation of averages | D11: 12 | E11: 12 | F11: 12 | G11: 12 | H11: 12 | I11: 12 | J11: 12 | K11: 12
B12: HIGH-QUALITY LIQUID ASSETS
B13: 1 | C13: Total high-quality liquid assets (HQLA) | H13: 12025107 | I13: 12168001 | J13: 12343060 | K13: 12475205
B14: CASH - OUTFLOWS
B15: 2 | C15: Retail deposits and deposits from small business customers, of which: | D15: 22539789 | E15: 22245691 | F15: 21724037 | G15: 21379590 | H15: 1480300.1 | I15: 1463543.6 | J15: 1432375.6 | K15: 1409008.7
B16: 3 | C16: Stable deposits | D16: 15938158 | E16: 15661021 | F16: 15234050 | G16: 14989874 | H16: 796907.91 | I16: 783051.04 | J16: 761702.52 | K16: 749493.69
B17: 4 | C17: Less stable deposits | D17: 5373560.8 | E17: 5350816.9 | F17: 5275468 | G17: 5201937 | H17: 670863.69 | I17: 667072.81 | J17: 656153.53 | K17: 644342.64
B18: 5 | C18: Unsecured wholesale funding | D18: 10845147 | E18: 10886132 | F18: 10900613 | G18: 10757311 | H18: 4706684.9 | I18: 4750419.3 | J18: 4795740.9 | K18: 4726733.9
B19: 6 | C19: Operational deposits (all counterparties) and deposits in networks of cooperative banks | D19: 431926.85 | E19: 447832.11 | F19: 454438.27 | G19: 485014.92 | H19: 106018.63 | I19: 109937.12 | J19: 111544.75 | K19: 119162.34
B20: 7 | C20: Non-operational deposits (all counterparties) | D20: 10383905 | E20: 10413176 | F20: 10399363 | G20: 10228342 | H20: 4571351.3 | I20: 4615357.8 | J20: 4637384.4 | K20: 4563617.3
B21: 8 | C21: Unsecured debt | D21: 29315.044 | E21: 25124.38 | F21: 46811.75 | G21: 43954.224 | H21: 29315.044 | I21: 25124.38 | J21: 46811.75 | K21: 43954.224
B22: 9 | C22: Secured wholesale funding | H22: 88.793567 | I22: 0 | J22: 0 | K22: 0
B23: 10 | C23: Additional requirements | D23: 5366072.9 | E23: 5196192.8 | F23: 5011155.5 | G23: 4854540.5 | H23: 862794.9 | I23: 839637.46 | J23: 832883.79 | K23: 806751.44
B24: 11 | C24: Outflows related to derivative exposures and other collateral requirements | D24: 124247.24 | E24: 120758.23 | F24: 130959.18 | G24: 124515.44 | H24: 124247.24 | I24: 120758.23 | J24: 130959.18 | K24: 124515.44
B25: 12 | C25: Outflows related to loss of funding on debt products | D25: 0 | E25: 0 | F25: 0 | G25: 0 | H25: 0 | I25: 0 | J25: 0 | K25: 0
B26: 13 | C26: Credit and liquidity facilities | D26: 5241825.7 | E26: 5075434.6 | F26: 4880196.4 | G26: 4730025 | H26: 738547.66 | I26: 718879.24 | J26: 701924.62 | K26: 682236
B27: 14 | C27: Other contractual funding obligations | D27: 319164.21 | E27: 321808.23 | F27: 334164.89 | G27: 334013.6 | H27: 165238.82 | I27: 173550.29 | J27: 200738.51 | K27: 224655.77
B28: 15 | C28: Other contingent funding obligations | D28: 2900594.8 | E28: 2719790 | F28: 2617785.1 | G28: 2574042 | H28: 60225.537 | I28: 57802.056 | J28: 54673.636 | K28: 52412.563
B29: 16 | C29: TOTAL CASH OUTFLOWS | H29: 7275333.1 | I29: 7284952.7 | J29: 7316412.4 | K29: 7219562.4
B30: CASH - INFLOWS
B31: 17 | C31: Secured lending (e.g. reverse repos) | D31: 225781.75 | E31: 324548.4 | F31: 391448.77 | G31: 402045.26 | H31: 69279.475 | I31: 123605.77 | J31: 188012.25 | K31: 230499.86
B32: 18 | C32: Inflows from fully performing exposures | D32: 2136590.1 | E32: 2093604.8 | F32: 1960328.9 | G32: 1814487.6 | H32: 1778394.2 | I32: 1730115.7 | J32: 1602836.3 | K32: 1473625.4
B33: 19 | C33: Other cash inflows | D33: 289159.5 | E33: 300430.07 | F33: 346679.91 | G33: 382657.66 | H33: 285577.38 | I33: 296806.45 | J33: 343071.84 | K33: 379063.09
B34: EU-19a | C34: (Difference between total weighted inflows and total weighted outflows arising from transactions in third countries where there are transfer restrictions or which are denominated in non-convertible currencies) | H34: 0 | I34: 0 | J34: 0 | K34: 0
B35: EU-19b | C35: (Excess inflows from a related specialised credit institution) | H35: 0 | I35: 0 | J35: 0 | K35: 0
B36: 20 | C36: TOTAL CASH INFLOWS | D36: 2651531.4 | E36: 2718583.3 | F36: 2698457.6 | G36: 2599190.5 | H36: 2133251 | I36: 2150527.9 | J36: 2133920.4 | K36: 2083188.3
B37: EU-20a | C37: Fully exempt inflows | D37: 0 | E37: 0 | F37: 0 | G37: 0 | H37: 0 | I37: 0 | J37: 0 | K37: 0
B38: EU-20b | C38: Inflows subject to 90% cap | D38: 0 | E38: 0 | F38: 0 | G38: 0 | H38: 0 | I38: 0 | J38: 0 | K38: 0
B39: EU-20c | C39: Inflows subject to 75% cap | D39: 2651531.4 | E39: 2718583.3 | F39: 2698457.6 | G39: 2599190.5 | H39: 2133251 | I39: 2150527.9 | J39: 2133920.4 | K39: 2083188.3
B40: TOTAL ADJUSTED VALUE
B41: 21 | C41: LIQUIDITY BUFFER | H41: 12025107 | I41: 12168001 | J41: 12343060 | K41: 12475205
B42: 22 | C42: TOTAL NET CASH OUTFLOWS | H42: 5142082 | I42: 5134424.8 | J42: 5182492.1 | K42: 5136374
B43: 23 | C43: LIQUIDITY COVERAGE RATIO | H43: 2.3446873 | I43: 2.3740306 | J43: 2.3839671 | K43: 2.4344407

Sheet LIQ2
B2: Back to contents page
B4: LIQ2 - Net Stable Funding Ratio
C8: =+Contents!B3 -> 30.06.2026
B9: (in currency amount) | D9: Unweighted value by residual maturity | H9: Weighted value
D10: No maturity | E10: < 6 months | F10: 6 months to < 1yr | G10: ≥ 1yr
B11: Available stable funding (ASF) Items
B12: 1 | C12: Capital items and instruments | D12: 0 | E12: 0 | F12: 0 | G12: 5.9495881e+12 | H12: 5.9495881e+12
B13: 2 | C13: Own funds | D13: 0 | E13: 0 | F13: 0 | G13: 5.9495881e+12 | H13: 5.9495881e+12
B14: 3 | C14: Other capital instruments | E14: 0 | F14: 0 | G14: 0 | H14: 0
B15: 4 | C15: Retail deposits | E15: 2.2026294e+13 | F15: 4.260069e+11 | G15: 3.0959906e+11 | H15: 2.1360887e+13
B16: 5 | C16: Stable deposits | E16: 1.6675565e+13 | F16: 2.0879136e+11 | G16: 2.0013371e+11 | H16: 1.6240272e+13
B17: 6 | C17: Less stable deposits | E17: 5.3507286e+12 | F17: 2.1721553e+11 | G17: 1.0946535e+11 | H17: 5.1206151e+12
B18: 7 | C18: Wholesale funding: | E18: 1.2183036e+13 | F18: 4.6506583e+11 | G18: 4.2565123e+12 | H18: 9.7148751e+12
B19: 8 | C19: Operational deposits | E19: 3.6420549e+11 | F19: 0 | G19: 0 | H19: 1.8210274e+11
B20: 9 | C20: Other wholesale funding | E20: 1.1818831e+13 | F20: 4.6506583e+11 | G20: 4.2565123e+12 | H20: 9.5327724e+12
B21: 10 | C21: Interdependent liabilities | E21: 11218621953 | F21: 0 | G21: 0 | H21: 0
B22: 11 | C22: Other liabilities: | D22: 0 | E22: 1.0393437e+12 | F22: 0 | G22: 0 | H22: 0
B23: 12 | C23: NSFR derivative liabilities | D23: 0
B24: 13 | C24: All other liabilities and capital instruments not included in the above categories | E24: 1.0393437e+12 | F24: 0 | G24: 0 | H24: 0
B25: 14 | C25: Total available stable funding (ASF) | H25: 3.702535e+13
B26: Required stable funding (RSF) Items
B27: 15 | C27: Total high-quality liquid assets (HQLA) | H27: 4.4824159e+11
B28: EU-15a | C28: Assets encumbered for a residual maturity of one year or more in a cover pool | E28: 0 | F28: 0 | G28: 0 | H28: 0
B29: 16 | C29: Deposits held at other financial institutions for operational purposes | E29: 3.2263266e+10 | F29: 0 | G29: 0 | H29: 1.6131633e+10
B30: 17 | C30: Performing loans and securities: | E30: 5.427598e+12 | F30: 2.5479916e+12 | G30: 1.9551705e+13 | H30: 1.9524742e+13
B31: 18 | C31: Performing securities financing transactions with financial customers collateralised by Level 1 HQLA subject to 0% haircut | E31: 7825940000 | F31: 1.5014672e+10 | G31: 2.0415341e+10 | H31: 2.8705271e+10
B32: 19 | C32: Performing securities financing transactions with financial customer collateralised by other assets and loans and advances to financial institutions | E32: 0 | F32: 0 | G32: 2.8169543e+10 | H32: 2.8169543e+10
B33: 20 | C33: Performing loans to non- financial corporate clients, loans to retail and small business customers, and loans to sovereigns, and PSEs, of which: | E33: 4.1273358e+12 | F33: 2.2123077e+12 | G33: 1.1908041e+13 | H33: 1.794176e+13
B34: 21 | C34: With a risk weight of less than or equal to 35% under the Basel II Standardised Approach for credit risk | E34: 2.6633544e+11 | F34: 1.9042406e+11 | G34: 4.9802735e+12 | H34: 3.4694758e+12
B35: 22 | C35: Performing residential mortgages, of which: | E35: 2.0508223e+11 | F35: 1.7127274e+11 | G35: 6.296216e+12 | H35: 0
B36: 23 | C36: With a risk weight of less than or equal to 35% under the Basel II Standardised Approach for credit risk | E36: 1.5254091e+11 | F36: 1.3163951e+11 | G36: 4.4664443e+12 | H36: 0
B37: 24 | C37: Other loans and securities that are not in default and do not qualify as HQLA, including exchange-traded equities and trade finance on- balance sheet products | E37: 1.0873541e+12 | F37: 1.4939649e+11 | G37: 1.2988634e+12 | H37: 1.5261077e+12
B38: 25 | C38: Interdependent assets | E38: 0 | F38: 0 | G38: 0 | H38: 0
B39: 26 | C39: Other assets: | D39: 0 | E39: 9.9471494e+11 | F39: 1.2196912e+11 | G39: 3.5148001e+12 | H39: 3.976317e+12
B40: 27 | C40: Physical traded commodities | G40: 0 | H40: 0
B41: 28 | C41: Assets posted as initial margin for derivative contracts and contributions to default funds of CCPs | E41: 55872516184 | F41: 0 | G41: 0 | H41: 4.7491639e+10
B42: 29 | C42: NSFR derivative assets | E42: 1.5958244e+11 | F42: 0 | G42: 0 | H42: 1.5958244e+11
B43: 30 | C43: NSFR derivative liabilities before deduction of variation margin posted | E43: 267187041390 | F43: 0 | G43: 0 | H43: 1.3359352e+10
B44: 31 | C44: All other assets not included in the above categories | E44: 5.1207294e+11 | F44: 1.2196912e+11 | G44: 3.5148001e+12 | H44: 3.7558836e+12
B45: 32 | C45: Off-balance sheet items | E45: 6.204687e+12 | F45: 1.8671611e+11 | G45: 1.1220347e+12 | H45: 5.4383803e+11
B46: 33 | C46: Total RSF | H46: 2.450927e+13
B47: 34 | C47: Net Stable Funding Ratio (%) | H47: 1.5106672

Sheet Exposures to CR, DR, CQ

Sheet CR1
B2: Back to contents page
B4: CR1 - Performing and non-performing exposures and related provisions
C8: =+Contents!B3 -> 30.06.2026
C9: (in HUF million) | D9: Gross carrying amount/nominal amount | J9: Accumulated impairment, accumulated negative changes in fair value due to credit risk and provisions | P9: Accumulated partial write-off | Q9: Collateral and financial guarantees received
D10: Performing exposures | G10: Non-performing exposures | J10: Performing exposures – accumulated impairment and provisions | M10: Non-performing exposures – accumulated impairment, accumulated negative changes in fair value due to credit risk and provisions | Q10: On performing exposures | R10: On non-performing exposures
E11: Of which stage 1 | F11: Of which stage 2 | H11: Of which stage 1 | I11: Of which stage 2 | K11: Of which stage 1 | L11: Of which stage 2 | N11: Of which stage 1 | O11: Of which stage 2
C12: Cash balances at central banks and other demand deposits | D12: 5596053.2 | E12: 5595909.6 | F12: 143.59055 | G12: 14.710174 | H12: 14.710174 | I12: 0 | J12: -4003.2416 | K12: -4001.8753 | L12: -1.3663 | M12: -2.493794 | N12: -2.493794 | O12: 0 | Q12: 14979.469 | R12: 0
C13: Loans and advances | D13: 28366663 | E13: 23602634 | F13: 2356243.5 | G13: 900893.48 | H13: 6802.399 | I13: 785270.82 | J13: -449052.21 | K13: -203162.77 | L13: -245682.41 | M13: -567884.03 | N13: -5634.9564 | O13: -521685.17 | P13: -168853.04 | Q13: 14096184 | R13: 194430.05
C14: Central banks | D14: 170233.84 | E14: 170233.84 | F14: 0 | G14: 0.036487 | H14: 0 | I14: 0.036487 | J14: -0.006182 | K14: -0.006182 | L14: 0 | M14: 0 | N14: 0 | O14: 0 | P14: 0 | Q14: 66789.32 | R14: 0
C15: General governments | D15: 702343.36 | E15: 619978.76 | F15: 67942.635 | G15: 742.93175 | H15: 1.354542 | I15: 741.57721 | J15: -5724.295 | K15: -2839.2275 | L15: -2885.0675 | M15: -439.5398 | N15: -1.204393 | O15: -438.33541 | P15: -15.395036 | Q15: 212943.26 | R15: 0
C16: Credit institutions | D16: 1014117.2 | E16: 1010621.6 | F16: 3495.6122 | G16: 1749.118 | H16: 830.0136 | I16: 919.10441 | J16: -4561.7162 | K16: -4480.2316 | L16: -81.484637 | M16: -918.86282 | N16: -6.404595 | O16: -912.45822 | P16: 0 | Q16: 327143.52 | R16: 0
C17: Other financial corporations | D17: 580577.55 | E17: 525382.71 | F17: 55194.836 | G17: 5858.2029 | H17: 2270.2097 | I17: 3031.3886 | J17: -6768.3414 | K17: -3345.0355 | L17: -3423.3059 | M17: -3414.6384 | N17: -1994.4843 | O17: -863.54943 | P17: -96.210966 | Q17: 167298.23 | R17: 0
C18: Non-financial corporations | D18: 9869352.9 | E18: 8744421.3 | F18: 1119764.3 | G18: 348286.6 | H18: 499.9508 | I18: 287921.32 | J18: -151469.87 | K18: -70769.75 | L18: -80668.24 | M18: -174842.05 | N18: -496.46068 | O18: -161672.77 | P18: -37260.732 | Q18: 4658123 | R18: 125300.99
C19: Of which SMEs | D19: 4151173.9 | E19: 3578951.9 | F19: 570548.85 | G19: 147886.41 | H19: 66.453747 | I19: 142070.51 | J19: -59448.584 | K19: -26095.446 | L19: -33343.583 | M19: -83272.981 | N19: -64.888806 | O19: -80546.86 | P19: -29529.698 | Q19: 2444609.8 | R19: 49436.953
C20: Households | D20: 16030038 | E20: 12531996 | F20: 1109846.1 | G20: 544256.59 | H20: 3200.8703 | I20: 492657.39 | J20: -280527.98 | K20: -121728.52 | L20: -158624.31 | M20: -388268.93 | N20: -3136.4025 | O20: -357798.06 | P20: -131480.71 | Q20: 8663886.6 | R20: 69129.068
C21: Debt securities | D21: 10286922 | E21: 10205431 | F21: 80515.147 | G21: 81340.145 | H21: 0 | I21: 81340.145 | J21: -28063.13 | K21: -23878.314 | L21: -4184.8158 | M21: -57997.557 | N21: 0 | O21: -57997.557 | P21: 0 | Q21: 22730.703 | R21: 0
C22: Central banks | D22: 1391605.1 | E22: 1391605.1 | F22: 0 | G22: 0 | H22: 0 | I22: 0 | J22: -29.827286 | K22: -29.827286 | L22: 0 | M22: 0 | N22: 0 | O22: 0 | P22: 0 | Q22: 0 | R22: 0
C23: General governments | D23: 8030406.3 | E23: 8030406.3 | F23: 0 | G23: 80290.305 | H23: 0 | I23: 80290.305 | J23: -21937.104 | K23: -21937.104 | L23: 0 | M23: -56947.717 | N23: 0 | O23: -56947.717 | P23: 0 | Q23: 0 | R23: 0
C24: Credit institutions | D24: 403888.71 | E24: 403888.71 | F24: 0 | G24: 0 | H24: 0 | I24: 0 | J24: -352.09897 | K24: -352.09897 | L24: 0 | M24: 0 | N24: 0 | O24: 0 | P24: 0 | Q24: 0 | R24: 0
... C26: Non-financial corporations | D26: 361310.42 | E26: 280795.27 | F26: 80515.147 | G26: 1049.8397 | H26: 0 | I26: 1049.8397 | J26: -5538.3995 | K26: -1353.5837 | L26: -4184.8158 | M26: -1049.8397 | N26: 0 | O26: -1049.8397 | P26: 0 | Q26: 1390.4365 | R26: 0
C27: Off-balance-sheet exposures | D27: 9361274.7 | E27: 8792837 | F27: 430261.12 | G27: 18962.868 | H27: 0 | I27: 17558.286 | J27: -52819.453 | K27: -36707.867 | L27: -14286.179 | M27: -6310.4176 | N27: 0 | O27: -5029.6289 | Q27: 859508.97 | R27: 3888.0724
C28: Central banks | D28: 12.7818 | E28: 12.7818 | F28: 0 | G28: 0 | H28: 0 | I28: 0 | J28: -0.086806 | K28: -0.086806 | L28: 0 | M28: 0 | N28: 0 | O28: 0 | Q28: 0 | R28: 0
C29: General governments | D29: 283811.27 | E29: 247653.7 | F29: 36148.019 | G29: 10.47149 | H29: 0 | I29: 10.47149 | J29: -1734.1945 | K29: -802.77323 | L29: -931.42125 | M29: -3.617249 | N29: 0 | O29: -3.617249 | Q29: 8486.8423 | R29: 0
C30: Credit institutions | D30: 670021.35 | E30: 620917.2 | F30: 3906.2822 | G30: 28.404 | H30: 0 | I30: 28.404 | J30: -2100.0941 | K30: -227.30649 | L30: -97.537655 | M30: -1.112865 | N30: 0 | O30: -1.112865 | Q30: 4722.0261 | R30: 0
C31: Other financial corporations | D31: 486460.24 | E31: 389190.79 | F31: 4556.9954 | G31: 0 | H31: 0 | I31: 0 | J31: -2157.125 | K31: -1984.7206 | L31: -172.40442 | M31: 0 | N31: 0 | O31: 0 | Q31: 143234.54 | R31: 0
C32: Non-financial corporations | D32: 6409181.2 | E32: 6091021.1 | F32: 318109.42 | G32: 15680.625 | H32: 0 | I32: 14282.624 | J32: -33999.482 | K32: -25360.282 | L32: -8638.5743 | M32: -5385.5 | N32: 0 | O32: -4106.7996 | Q32: 581372.09 | R32: 3815.7125
C33: Households | D33: 1511787.8 | E33: 1444041.4 | F33: 67540.403 | G33: 3243.3677 | H33: 0 | I33: 3236.7861 | J33: -12828.47 | K33: -8332.6987 | L33: -4446.2411 | M33: -920.1875 | N33: 0 | O33: -918.0992 | Q33: 121693.48 | R33: 72.359812
C34: Total | D34: 53610913 | E34: 48196812 | F34: 2867163.4 | G34: 1001211.2 | H34: 6817.1091 | I34: 884169.25 | J34: -533938.03 | K34: -267750.83 | L34: -264154.77 | M34: -632194.49 | N34: -5637.4502 | O34: -584712.36 | P34: -168853.04 | Q34: 14993403 | R34: 198318.13

Sheet CR1-A
B2: Back to contents page
B4: CR1-A - Maturity of exposures
C8: =+Contents!B3 -> 30.06.2026
C9: (in HUF million) | D9: Net exposure value
D10: On demand | E10: ≤ 1 year | F10: > 1 year ≤ 5 year | G10: > 5 year | H10: No stated maturity | I10: Total
C11: Loans and advances | D11: 0 | E11: 5070443.9 | F11: 6848376.6 | G11: 15674858 | H11: 413204.05 | I11: 28006882
C12: Debt securities | D12: 0 | E12: 2597191.3 | F12: 3692650.8 | G12: 3945230.1 | H12: 25831.456 | I12: 10260904
C13: Total | D13: 0 | E13: 7667635.2 | F13: 10541027 | G13: 19620088 | H13: 439035.51 | I13: 38267786

Sheet CR2
B2: Back to contents page
B4: CR2 - Changes in the stock of non-performing loans and advances
B6: The table contains changes in the stock of "defaulted" in accordance with the Article 178 of CRR.
C8: =+Contents!B3 -> 30.06.2026
C9: (in HUF million) | D9: Gross carrying value defaulted exposures
C10: Opening balance - 31.12.2025 | D10: 949809.31
C11: Loans and debt securities that have defaulted since the last reporting period | D11: 212058.46
C12: Returned to non-defaulted status | D12: 35380.558
C13: Amounts written-off | D13: 73856.201
C14: Other changes1 | D14: -166161.27
C15: Closing balance - 30.06.2026 (6 =1 + 2 - 3 - 4 + 5) | D15: 886469.75
C16: 1Includes partially or fully repaid portfolios as well as the FX effect

Sheet CQ1
B2: Back to contents page
B4: CQ1 - Credit quality of forborne exposures
C8: =+Contents!B3 -> 30.06.2026
C9: (in HUF million) | D9: Gross carrying amount/nominal amount of exposures with forbearance measures | H9: Accumulated impairment, accumulated negative changes in fair value due to credit risk and provisions | J9: Collateral received and financial guarantees received on forborne exposures
D10: Performing forborne | E10: Non-performing forborne | H10: On performing forborne exposures | I10: On non-performing forborne exposures | K10: Of which collateral and financial guarantees received on non-performing exposures with forbearance measures
F11: Of which defaulted | G11: Of which impaired
C12: Cash balances at central banks and other demand deposits | D12: 0 | E12: 0 | F12: 0 | G12: 0 | H12: 0 | I12: 0 | J12: 0 | K12: 0
C13: Loans and advances | D13: 174109.64 | E13: 270609.25 | F13: 270598.26 | G13: 268600.93 | H13: -41238.223 | I13: -134632.99 | J13: 153138.64 | K13: 79794.627
C14: Central banks | D14: 0 | E14: 0 | F14: 0 | G14: 0 | H14: 0 | I14: 0 | J14: 0 | K14: 0
C15: General governments | D15: 0 | E15: 0 | F15: 0 | G15: 0 | H15: 0 | I15: 0 | J15: 0 | K15: 0
C16: Credit institutions | D16: 0 | E16: 0 | F16: 0 | G16: 0 | H16: 0 | I16: 0 | J16: 0 | K16: 0
C17: Other financial corporations | D17: 0 | E17: 2579.0356 | F17: 2579.0356 | G17: 2579.0356 | H17: 0 | I17: -630.41253 | J17: 0 | K17: 0
C18: Non-financial corporations | D18: 81323.291 | E18: 140735.59 | F18: 140735.49 | G18: 140735.49 | H18: -10460.865 | I18: -56111.924 | J18: 114453.99 | K18: 57031.534
C19: Households | D19: 92786.349 | E19: 127294.62 | F19: 127283.73 | G19: 125286.41 | H19: -30777.358 | I19: -77890.653 | J19: 38684.652 | K19: 22763.093
C20: Debt securities | D20: 0 | E20: 0 | F20: 0 | G20: 0 | H20: 0 | I20: 0 | J20: 0 | K20: 0
C21: Loan commitments given | D21: 1754.5518 | E21: 3309.3871 | F21: 3309.3871 | G21: 3309.3871 | H21: -168.78144 | I21: -408.52815 | J21: 1257.3991 | K21: 284.55436
C22: Total | D22: 175864.19 | E22: 273918.64 | F22: 273907.65 | G22: 271910.32 | H22: -41407.005 | I22: -135041.52 | J22: 154396.04 | K22: 80079.182

Sheet CQ4
B2: Back to contents page
B4: CQ4 - Quality of non-performing exposures by geography
C8: =+Contents!B3 -> 30.06.2026
C9: (in HUF million) | D9: Gross carrying amount | H9: Accumulated impairment | I9: Provisions on off-balance-sheet commitments and financial guarantees given | J9: Accumulated negative changes in fair value due to credit risk on non-performing exposures
E10: Of which non-performing | G10: Of which loans and advances subject to impairment
F11: Of which defaulted
C12: On-balance-sheet exposures | D12: 45486664 | E12: 982248.33 | F12: 975431.22 | G12: 42815824 | H12: -1099693.5 | J12: -7309.1904
C13: Hungary | D13: 17814845 | E13: 278251.41 | F13: 272375.19 | G13: 15225391 | H13: -272082.46 | J13: -7309.1904
C14: Bulgaria | D14: 6254578 | E14: 98198.903 | F14: 98197.611 | G14: 6246832.2 | H14: -128543.9 | J14: 0
C15: Slovenia | D15: 3278842.7 | E15: 69109.095 | F15: 69108.903 | G15: 3271375.5 | H15: -34257.977 | J15: 0
C16: Croatia | D16: 3350185.7 | E16: 68970.368 | F16: 68969.936 | G16: 3346880.4 | H16: -75201.626 | J16: 0
C17: Serbia | D17: 3230850.7 | E17: 51710.608 | F17: 51708.85 | G17: 3226305.1 | H17: -71276.43 | J17: 0
C18: Russian Federation | D18: 3674336.6 | E18: 204503.64 | F18: 204503.29 | G18: 3674336.6 | H18: -301279.17 | J18: 0
C19: Uzbekistan | D19: 1415206.8 | E19: 139279.56 | F19: 139279.28 | G19: 1414748.5 | H19: -104619.95 | J19: 0
C20: Ukrain | D20: 888150.78 | E20: 20147.744 | F20: 20133.59 | G20: 887946.83 | H20: -44904.859 | J20: 0
C21: Other countries | D21: 5579667.6 | E21: 52077.01 | F21: 51154.581 | G21: 5522007.6 | H21: -67527.084 | J21: 0
C22: Off-balance-sheet exposures | D22: 9380237.6 | E22: 18962.868 | F22: 18962.868 | I22: 59129.871
C23: Hungary | D23: 3805357 | E23: 11269.083 | F23: 11269.083 | I23: 16956.591
C24: Bulgaria | D24: 935191.87 | E24: 200.50223 | F24: 200.50223 | I24: 9024.6859
C25: Slovenia | D25: 1215194.4 | E25: 3213.9145 | F25: 3213.9145 | I25: 3780.7662
C26: Croatia | D26: 851227.68 | E26: 1077.9591 | F26: 1077.9591 | I26: 4864.2489
C27: Serbia | D27: 823672.83 | E27: 366.46734 | F27: 366.46734 | I27: 7160.149
C28: Russian Federation | D28: 196958.41 | E28: 2193.8452 | F28: 2193.8452 | I28: 8266.6836
C29: Uzbekistan | D29: 69363.633 | E29: 61.230229 | F29: 61.230229 | I29: 1204.7487
C30: Ukrain | D30: 301643.13 | E30: 284.56954 | F30: 284.56954 | I30: 3405.7615
C31: Other countries | D31: 1181628.6 | E31: 295.29729 | F31: 295.29729 | I31: 4466.2357
C32: Total | D32: 54866901 | E32: 1001211.2 | F32: 994394.09 | G32: 42815824 | H32: -1099693.5 | I32: 59129.871 | J32: -7309.1904

Sheet CQ5
B2: Back to contents page
B4: CQ5 - Credit quality of loans and advances to non-financial corporations by industry
C8: =+Contents!B3 -> 30.06.2026
C9: (in HUF million) | D9: Gross carrying amount | H9: Accumulated impairment | I9: Accumulated negative changes in fair value due to credit risk on non-performing exposures
E10: Of which non-performing | G10: Of which loans and advances subject to impairment
F11: Of which defaulted
C12: Agriculture, forestry and fishing | D12: 527375 | E12: 29153.809 | F12: 29145.756 | G12: 527375 | H12: -24224.558 | I12: 0
C13: Mining and quarrying | D13: 56178.869 | E13: 765.35036 | F13: 765.31264 | G13: 56178.869 | H13: -9273.6088 | I13: 0
C14: Manufacturing | D14: 1846665.7 | E14: 141370.52 | F14: 141268.73 | G14: 1846665.2 | H14: -87695.003 | I14: 0
C15: Electricity, gas, steam and air conditioning supply | D15: 1012746 | E15: 1059.7198 | F15: 1058.8873 | G15: 1012720.5 | H15: -15403.353 | I15: 0
C16: Water supply | D16: 59729.415 | E16: 597.34563 | F16: 594.99182 | G16: 59729.415 | H16: -768.68649 | I16: 0
C17: Construction | D17: 691133.49 | E17: 21836.101 | F17: 21776.072 | G17: 691133.49 | H17: -22841.252 | I17: 0
C18: Wholesale and retail trade | D18: 2149712.8 | E18: 55334.411 | F18: 55235.212 | G18: 2149710.5 | H18: -68403.674 | I18: 0
C19: Transport and storage | D19: 615605.26 | E19: 17849.877 | F19: 17839.88 | G19: 615605.26 | H19: -15519.832 | I19: 0
C20: Accommodation and food service activities | D20: 441597.51 | E20: 7774.3689 | F20: 7762.2826 | G20: 441591.33 | H20: -15142.41 | I20: 0
C21: Information and communication | D21: 238969.36 | E21: 5417.7021 | F21: 5402.5906 | G21: 238969.36 | H21: -6836.9839 | I21: 0
C22: Financial and insurance activities | D22: 239716.49 | E22: 547.39384 | F22: 542.87013 | G22: 239338.22 | H22: -2128.989 | I22: 0
C23: Real estate activities | D23: 1104199.9 | E23: 26096.526 | F23: 26076.611 | G23: 1104199.9 | H23: -20355.467 | I23: 0
... C31: Total | D31: 10217640 | E31: 348286.6 | F31: 347786.65 | G31: 10217227 | H31: -326311.92 | I31: 0

Sheet CQ7
B2: Back to contents page
B4: CQ7 - Collateral obtained by taking possession and execution processes
C8: =+Contents!B3 -> 30.06.2026
C9: (in HUF million) | D9: Collateral obtained by taking possession
D10: Value at initial recognition | E10: Accumulated negative changes
C11: Property, plant and equipment (PP&E) | D11: 0 | E11: 0
C12: Other than PP&E | D12: 12921.072 | E12: -542.91872
C13: Residential immovable property | D13: 3800.1811 | E13: -357.45475
C14: Commercial immovable property | D14: 7195.0697 | E14: -71.428416
C15: Movable property (auto,shipping, etc) | D15: 1917.0431 | E15: -105.25755
C16: Equity and debt instruments | D16: 0 | E16: 0
C17: Other | D17: 8.777995 | E17: -8.777995
C18: Total | D18: 12921.072 | E18: -542.91872

Sheet Use of CR mitigation techniques

Sheet CR3
B2: Back to contents page
B4: CR3 - CRM techniques overview: Disclosure of the use of credit risk mitigation techniques
C8: =+Contents!B3 -> 30.06.2026
C9: (in HUF million) | D9: Unsecured carrying amount | E9: Secured carrying amount
F10: Of which secured by collateral | G10: Of which secured by financial guarantees
H11: Of which secured by credit derivatives
B12: 1 | C12: Loans and advances | D12: 25934974 | E12: 2389054.1 | F12: 70105.967 | G12: 2318948.1 | H12: 0
B13: 2 | C13: Debt securities | D13: 10530950 | E13: 122880.88 | F13: 0 | G13: 122880.88 | H13: 0
B14: 3 | C14: Total | D14: 36465924 | E14: 2511935 | F14: 70105.967 | G14: 2441829 | H14: 0
B15: 4 | C15: Of which non-performing exposures | D15: 884187.46 | E15: 986.93404 | F15: 986.93404 | G15: 0 | H15: 0
B16: EU-5 | C16: Of which defaulted | D16: 884187.46 | E16: 986.93404
C17: * the table contains exposures secured by financial collaterals and guarantees. Exposures secured by mortgage collaterals are included in “exposures unsecured” column.

Sheet Use of standardised approach

Sheet CR5
L1: 45
B2: Back to contents page
B4: CR5 - Standardised approach
B6: To determine the risk weight of non-trading-book exposures, the Group applies the rating of Fitch, an accepted external credit rating agency. OTP Group applies the following table in case of the exposures and issuer in order to determine the credit quality step from the external ratings. OTP Group applies external credit rating in case of exposures to souvereign, institutions and corporate, credit ratings are taken into account on client basis. Risk weights are derived based on CRR articles 114, 119, 120, 121 and 122.
C8: =Contents!B3 -> 30.06.2026
C9: in HUF million | D9: Risk weight
C10: m HUF | D10: 0 | E10: 0.02 | F10: 0.04 | G10: 0.1 | H10: 0.2 | I10: 0.3 | J10: 0.35 | K10: 0.4 | L10: 0.45 | M10: 0.5 | N10: 0.6 | O10: 0.7 | P10: 0.75 | Q10: 0.8 | R10: 0.9 | S10: 1 | T10: 1.05 | U10: 1.1 | V10: 1.3 | W10: 1.5 | X10: 2.5 | Y10: 3.7 | Z10: 4 | AA10: 12.5 | AB10: Others | AC10: Total | AD10: Of which unrated1
C11: Central governments or central banks | D11: 13396467 | E11: 0 | F11: 0 | G11: 209125.91 | H11: 26337.446 | I11: 0 | J11: 0 | K11: 0 | L11: 0 | M11: 113747.48 | N11: 0 | O11: 0 | P11: 0 | Q11: 0 | R11: 0 | S11: 2685830.7 | T11: 0 | U11: 0 | V11: 0 | W11: 384816.12 | X11: 0 | Y11: 0 | Z11: 0 | AA11: 0 | AB11: 449042.38 | AC11: 17265367 | AD11: 15803128
C12: Non-central government public sector entities | D12: 69533.156 | E12: 0 | F12: 0 | G12: 0 | H12: 252405.19 | I12: 0 | J12: 0 | K12: 0 | L12: 0 | M12: 114272.15 | N12: 0 | O12: 0 | P12: 0 | Q12: 0 | R12: 0 | S12: 81712.291 | T12: 0 | U12: 0 | V12: 0 | W12: 0 | X12: 0 | Y12: 0 | Z12: 0 | AA12: 0 | AB12: 17702.277 | AC12: 535625.06 | AD12: 503231.47
C13: Regional governments or local authorities | D13: 53473.088 | E13: 0 | F13: 0 | G13: 0 | H13: 230933.31 | I13: 0 | J13: 0 | K13: 0 | L13: 0 | M13: 0 | N13: 0 | O13: 0 | P13: 0 | Q13: 0 | R13: 0 | S13: 34707.868 | T13: 0 | U13: 0 | V13: 0 | W13: 0 | X13: 0 | Y13: 0 | Z13: 0 | AA13: 0 | AB13: 0 | AC13: 319114.26 | AD13: 286720.67
C14: Public sector entities | D14: 16060.068 | E14: 0 | F14: 0 | G14: 0 | H14: 21471.885 | I14: 0 | J14: 0 | K14: 0 | L14: 0 | M14: 114272.15 | N14: 0 | O14: 0 | P14: 0 | Q14: 0 | R14: 0 | S14: 47004.423 | T14: 0 | U14: 0 | V14: 0 | W14: 0 | X14: 0 | Y14: 0 | Z14: 0 | AA14: 0 | AB14: 17702.277 | AC14: 216510.8 | AD14: 216510.8
C15: Multilateral development banks | D15: 155124.22 | E15: 0 | F15: 0 | G15: 0 | H15: 0 | I15: 0 | J15: 0 | K15: 0 | L15: 0 | M15: 0 | N15: 0 | O15: 0 | P15: 0 | Q15: 0 | R15: 0 | S15: 0 | T15: 0 | U15: 0 | V15: 0 | W15: 0 | X15: 0 | Y15: 0 | Z15: 0 | AA15: 0 | AB15: 0 | AC15: 155124.22 | AD15: 155124.22
C16: International organisations | D16: 93549.458 | E16: 0 | F16: 0 | G16: 0 | H16: 0 | I16: 0 | J16: 0 | K16: 0 | L16: 0 | M16: 0 | N16: 0 | O16: 0 | P16: 0 | Q16: 0 | R16: 0 | S16: 0 | T16: 0 | U16: 0 | V16: 0 | W16: 0 | X16: 0 | Y16: 0 | Z16: 0 | AA16: 0 | AB16: 0 | AC16: 93549.458 | AD16: 93549.458
C17: Institutions | D17: 1053.6199 | E17: 0 | F17: 0 | G17: 0 | H17: 651329.73 | I17: 342151.39 | J17: 0 | K17: 18957.142 | L17: 0 | M17: 104620.26 | N17: 0 | O17: 0 | P17: 0 | Q17: 0 | R17: 0 | S17: 17471.589 | T17: 0 | U17: 0 | V17: 0 | W17: 1971.8368 | X17: 0 | Y17: 0 | Z17: 0 | AA17: 0 | AB17: 0 | AC17: 1137555.6 | AD17: 205454.14
C18: Covered bonds | D18: 0 | E18: 0 | F18: 0 | G18: 2756.8637 | H18: 4429.6112 | I18: 0 | J18: 0 | K18: 0 | L18: 0 | M18: 49.317556 | N18: 0 | O18: 0 | P18: 0 | Q18: 0 | R18: 0 | S18: 15674.938 | T18: 0 | U18: 0 | V18: 0 | W18: 0 | X18: 0 | Y18: 0 | Z18: 0 | AA18: 0 | AB18: 33216.388 | AC18: 56127.118 | AD18: 56127.118
C19: Corporates | D19: 1000.0002 | E19: 0 | F19: 0 | G19: 0 | H19: 60224.805 | I19: 0 | J19: 0 | K19: 0 | L19: 0 | M19: 124342.16 | N19: 0 | O19: 0 | P19: 1017304.3 | Q19: 0 | R19: 0 | S19: 6274535.3 | T19: 0 | U19: 0 | V19: 384806.32 | W19: 119394.33 | X19: 0 | Y19: 0 | Z19: 0 | AA19: 0 | AB19: 0 | AC19: 7981607.2 | AD19: 5883302.9
C20: Of which: Specialised Lending | D20: 0 | E20: 0 | F20: 0 | G20: 0 | H20: 0 | I20: 0 | J20: 0 | K20: 0 | L20: 0 | M20: 0 | N20: 0 | O20: 0 | P20: 0 | Q20: 0 | R20: 0 | S20: 479425.59 | T20: 0 | U20: 0 | V20: 384806.32 | W20: 0 | X20: 0 | Y20: 0 | Z20: 0 | AA20: 0 | AB20: 0 | AC20: 864231.91 | AD20: 864231.91
C21: Subordinated debt exposures and equity | D21: 0 | E21: 0 | F21: 0 | G21: 0 | H21: 0 | I21: 0 | J21: 0 | K21: 0 | L21: 0 | M21: 0 | N21: 0 | O21: 0 | P21: 0 | Q21: 0 | R21: 0 | S21: 44530.087 | T21: 0 | U21: 0 | V21: 191234.69 | W21: 37454.69 | X21: 12928.881 | Y21: 0 | Z21: 0 | AA21: 0 | AB21: 0 | AC21: 286148.35 | AD21: 286148.35
C22: Subordinated debt exposures | D22: 0 | E22: 0 | F22: 0 | G22: 0 | H22: 0 | I22: 0 | J22: 0 | K22: 0 | L22: 0 | M22: 0 | N22: 0 | O22: 0 | P22: 0 | Q22: 0 | R22: 0 | S22: 0 | T22: 0 | U22: 0 | V22: 0 | W22: 37454.69 | X22: 0 | Y22: 0 | Z22: 0 | AA22: 0 | AB22: 0 | AC22: 37454.69 | AD22: 37454.69
... C40: Other items | D40: 517350.45 | E40: 0 | F40: 0 | G40: 0 | H40: 36034.424 | I40: 0 | J40: 0 | K40: 0 | L40: 0 | M40: 0 | N40: 0 | O40: 0 | P40: 0 | Q40: 0 | R40: 0 | S40: 1149968.6 | T40: 0 | U40: 0 | V40: 0 | W40: 0 | X40: 43863.851 | Y40: 0 | Z40: 0 | AA40: 0 | AB40: 0 | AC40: 1747217.3 | AD40: 1747217.3
C41: not applicable | AC41: 0 | AD41: 0
C42: TOTAL | D42: 14234296 | E42: 0 | F42: 0 | G42: 211882.77 | H42: 6826147.8 | I42: 344875.49 | J42: 39.241283 | K42: 18957.142 | L42: 156455.54 | M42: 457031.36 | N42: 1420645.8 | O42: 242110.75 | P42: 10620505 | Q42: 0 | R42: 157055.86 | S42: 11932511 | T42: 589.91643 | U42: 172644.51 | V42: 600530.6 | W42: 985492.46 | X42: 56792.732 | Y42: 0 | Z42: 0 | AA42: 0.000184 | AB42: 555617.78 | AC42: 48994182 | AD42: 44327354
C43: 1 “of which unrated” column contains the expousres which do not have external credit ratings.
B46: Each credit assessment corresponds to the following credit quality step:
C48: Fitch's ratings | D48: Credit quality step
C49: AAA | D49: 1
C50: AA+ | D50: 1
C51: AA | D51: 1
C52: AA- | D52: 1
C53: A+ | D53: 2
C54: A | D54: 2
C55: A- | D55: 2
C56: BBB+ | D56: 3
C57: BBB | D57: 3
C58: BBB- | D58: 3
C59: BB+ | D59: 4
C60: BB | D60: 4
... C72: D | D72: 6

Sheet Exposures to counterparty CR

Sheet CCR1
B2: Back to contents page
B4: CCR1 - Analysis of CCR exposure by approach
C8: =+Contents!B3 -> 30.06.2026
C9: (in HUF million) | D9: Replacement cost (RC) | E9: Potential future exposure (PFE) | F9: EEPE | G9: Alpha used for computing regulatory exposure value | H9: Exposure value pre-CRM | I9: Exposure value | J9: RWEA
B11: EU-1 | C11: EU - Original Exposure Method (for derivatives) | D11: 0 | E11: 0 | G11: 1.4 | H11: 0 | I11: 0 | J11: 0
B12: EU-2 | C12: EU - Simplified SA-CCR (for derivatives) | D12: 0 | E12: 0 | G12: 1.4 | H12: 0 | I12: 0 | J12: 0
B13: 1 | C13: SA-CCR (for derivatives) | D13: 73062.374 | E13: 160547.14 | G13: 1.4 | H13: 806168.02 | I13: 327053.32 | J13: 170758.77
B14: 2 | C14: IMM (for derivatives and SFTs) | F14: 0 | G14: 1.4 | H14: 0 | I14: 0 | J14: 0
B15: 2a | C15: Of which securities financing transactions netting sets | F15: 0 | H15: 0 | I15: 0 | J15: 0
B16: 2b | C16: Of which derivatives and long settlement transactions netting sets | F16: 0 | H16: 0 | I16: 0 | J16: 0
B17: 2c | C17: Of which from contractual cross-product netting sets | F17: 0 | H17: 0 | I17: 0 | J17: 0
B18: 3 | C18: Financial collateral simple method (for SFTs) | H18: 0 | I18: 0 | J18: 0
B19: 4 | C19: Financial collateral comprehensive method (for SFTs) | H19: 1409036.2 | I19: 91182.114 | J19: 17104.267
B20: 5 | C20: VaR for SFTs | H20: 0 | I20: 0 | J20: 0
B21: 6 | C21: Total | H21: 2215204.2 | I21: 418235.43 | J21: 187863.04

Sheet CCR2
B2: Back to contents page
B4: CCR2 -Transactions subject to own funds requirements for CVA risk
C8: =+Contents!B3 -> 30.06.2026
C9: (in HUF million) | D9: Exposure value | E9: RWEA
B11: 1 | C11: Total transactions subject to the Advanced method | D11: 0 | E11: 0
B12: 2 | C12: VaR component (including the 3× multiplier) | E12: 0
B13: 3 | C13: stressed VaR component (including the 3× multiplier) | E13: 0
B14: 4 | C14: Transactions subject to the Standardised method | D14: 121572.48 | E14: 54288.196
B15: EU-4 | C15: Transactions subject to the Alternative approach (Based on the Original Exposure Method) | D15: 0 | E15: 0
B16: 5 | C16: Total transactions subject to own funds requirements for CVA risk | D16: 121572.48 | E16: 54288.196

Sheet CCR3
B2: Back to contents page
B4: CCR3 -Standardised approach – CCR exposures by regulatory exposure class and risk weights
C8: =+Contents!B3 -> 30.06.2026
C9: (in HUF million) | D9: Risk weight | O9: Total
C10: Exposure classes | D10: 0 | E10: 0.02 | F10: 0.04 | G10: 0.1 | H10: 0.2 | I10: 0.5 | J10: 0.7 | K10: 0.75 | L10: 1 | M10: 1.5 | N10: Other
C11: Central governments or central banks | D11: 96771.801 | E11: 0 | F11: 0 | G11: 0 | H11: 0 | I11: 94.244218 | J11: 0 | K11: 0 | L11: 0 | M11: 0 | N11: 19654.699 | O11: 116520.74
C12: Regional government or local authorities | D12: 0 | E12: 0 | F12: 0 | G12: 0 | H12: 0 | I12: 0 | J12: 0 | K12: 0 | L12: 0 | M12: 0 | N12: 0 | O12: 0
C13: Public sector entities | D13: 0 | E13: 0 | F13: 0 | G13: 0 | H13: 0 | I13: 0 | J13: 0 | K13: 0 | L13: 0 | M13: 0 | N13: 0 | O13: 0
C14: Multilateral development banks | D14: 0 | E14: 0 | F14: 0 | G14: 0 | H14: 0 | I14: 0 | J14: 0 | K14: 0 | L14: 0 | M14: 0 | N14: 0 | O14: 0
C15: International organisations | D15: 0 | E15: 0 | F15: 0 | G15: 0 | H15: 0 | I15: 0 | J15: 0 | K15: 0 | L15: 0 | M15: 0 | N15: 0 | O15: 0
C16: Institutions | D16: 0 | E16: 48758.183 | F16: 0 | G16: 0 | H16: 63751.164 | I16: 288.44403 | J16: 0 | K16: 0 | L16: 39450.232 | M16: 2891.0499 | N16: 8615.7368 | O16: 163754.81
C17: Corporates | D17: 0 | E17: 0 | F17: 0 | G17: 0 | H17: 2863.0997 | I17: 1120.2854 | J17: 0 | K17: 55029.678 | L17: 69469.128 | M17: 0 | N17: 0 | O17: 128482.19
C18: Retail | D18: 0 | E18: 0 | F18: 0 | G18: 0 | H18: 0 | I18: 0 | J18: 0 | K18: 9477.4872 | L18: 0 | M18: 0 | N18: 0 | O18: 9477.4872
C19: Institutions and corporates with a short-term credit assessment | D19: 0 | E19: 0 | F19: 0 | G19: 0 | H19: 0 | I19: 0 | J19: 0 | K19: 0 | L19: 0 | M19: 0 | N19: 0 | O19: 0
C20: Other items | D20: 0 | E20: 0 | F20: 0 | G20: 0 | H20: 0 | I20: 0 | J20: 0 | K20: 0 | L20: 0.201341 | M20: 0 | N20: 0 | O20: 0.201341
C21: Total | D21: 96771.801 | E21: 48758.183 | F21: 0 | G21: 0 | H21: 66614.264 | I21: 1502.9736 | J21: 0 | K21: 64507.165 | L21: 108919.56 | M21: 2891.0499 | N21: 28270.436 | O21: 418235.43

Sheet CCR5
B2: Back to contents page
B4: CCR5 -Composition of collateral for CCR exposures
C8: =+Contents!B3 -> 30.06.2026
C9: (in HUF million) | D9: Collateral used in derivative transactions | H9: Collateral used in SFTs
D10: Fair value of collateral received | F10: Fair value of posted collateral | H10: Fair value of collateral received | J10: Fair value of posted collateral
C11: m HUF | D11: Segregated | E11: Unsegregated | F11: Segregated | G11: Unsegregated | H11: Segregated | I11: Unsegregated | J11: Segregated | K11: Unsegregated
C12: Cash – domestic currency | D12: 0 | E12: 12443.254 | F12: 113581.63 | G12: 21542.287 | H12: 0 | I12: 0 | J12: 0 | K12: 0
C13: Cash – other currencies | D13: 22699.986 | E13: 90561.542 | F13: 117206.94 | G13: 9686.6321 | H13: 0 | I13: 1618.2273 | J13: 0 | K13: 0
C14: Domestic sovereign debt | D14: 0 | E14: 0 | F14: 0 | G14: 0 | H14: 0 | I14: 45711.609 | J14: 0 | K14: 33278041
C15: Other sovereign debt | D15: 0 | E15: 0 | F15: 0 | G15: 0 | H15: 0 | I15: 5997096.2 | J15: 0 | K15: 22226.68
C16: Government agency debt | D16: 0 | E16: 0 | F16: 0 | G16: 0 | H16: 0 | I16: 0 | J16: 0 | K16: 0
C17: Corporate bonds | D17: 0 | E17: 0 | F17: 0 | G17: 0 | H17: 0 | I17: 1437.9519 | J17: 0 | K17: 0
C18: Equity securities | D18: 0 | E18: 0 | F18: 0 | G18: 0 | H18: 0 | I18: 0.765714 | J18: 0 | K18: 0
C19: Other collateral | D19: 0 | E19: 0 | F19: 0 | G19: 0 | H19: 0 | I19: 0 | J19: 0 | K19: 0
C20: Total | D20: 22699.986 | E20: 103004.8 | F20: 230788.58 | G20: 31228.919 | H20: 0 | I20: 6045864.8 | J20: 0 | K20: 33300267

Sheet CCR6
B2: Back to contents page
B4: CCR6 -Credit derivatives exposures
C8: =+Contents!B3 -> 30.06.2026
C9: (in HUF million) | D9: Protection bought | E9: Protection sold
C10: Notionals
C11: Single-name credit default swaps | D11: 0 | E11: 0
C12: Index credit default swaps | D12: 0 | E12: 0
C13: Total return swaps | D13: 0 | E13: 0
C14: Credit options | D14: 0 | E14: 0
C15: Other credit derivatives | D15: 0 | E15: 0
C16: Total notionals | D16: 0 | E16: 0
C17: Fair values
C18: Positive fair value (asset) | D18: 0 | E18: 0
C19: Negative fair value (liability) | D19: 0 | E19: 0

Sheet CCR8
B2: Back to contents page
B4: CCR8 -Exposures to CCPs
C8: =+Contents!B3 -> 30.06.2026
C9: (in HUF million) | D9: Exposure value | E9: RWEA
C10: Exposures to QCCPs (total) | E10: 1019.7324
C11: Exposures for trades at QCCPs (excluding initial margin and default fund contributions); of which | D11: 48796.772 | E11: 1013.7524
C12: OTC derivatives | D12: 48796.772 | E12: 1013.7524
C13: Exchange-traded derivatives | D13: 0 | E13: 0
C14: SFTs | D14: 0 | E14: 0
C15: Netting sets where cross-product netting has been approved | D15: 0 | E15: 0
C16: Segregated initial margin | D16: 116334.04
C17: Non-segregated initial margin | D17: 0 | E17: 0
C18: Prefunded default fund contributions | D18: 299 | E18: 5.98
C19: Unfunded default fund contributions | D19: 0 | E19: 0
C20: Exposures to non-QCCPs (total) | E20: 0
C21: Exposures for trades at non-QCCPs (excluding initial margin and default fund contributions); of which | D21: 0 | E21: 0
C22: OTC derivatives | D22: 0 | E22: 0
C23: Exchange-traded derivatives | D23: 0 | E23: 0
C24: SFTs | D24: 0 | E24: 0
C25: Netting sets where cross-product netting has been approved | D25: 0 | E25: 0
C26: Segregated initial margin | D26: 0
C27: Non-segregated initial margin | D27: 0 | E27: 0
C28: Prefunded default fund contributions | D28: 0 | E28: 0
C29: Unfunded default fund contributions | D29: 0 | E29: 0

Sheet Use of SA and IM for MR

Sheet MR1
B2: Back to contents page
B4: MR1 -Market risk under the standardised approach
B6: Market risk is the risk that movements in market risk factors, including foreign exchange rates, commodity prices, interest rates, credit spreads and equity prices will reduce the group’s income or the value of its portfolios.
C8: =+Contents!B3 -> 30.06.2026
C9: (in HUF million) | D9: RWEAs
C11: Sensitivity-based method
C12: General interest rate risk (GIRR) | D12: 51205.855
C13: Equity risk (EQU) | D13: 9070.4976
C14: Commodity risk (COM) | D14: 2498.5068
C15: Foreign exchange risk (FX) | D15: 244085.02
C16: Credit spread risk for non-securitisations (CSR) | D16: 26620.173
C17: Credit spread risk for securitisation not included in the alternative correlation trading portfolio (non-ACTP CSR) | D17: 0
C18: Credit spread risk for securitisation included in the alternative correlation trading portfolio (ACTP CSR) | D18: 0
C19: Default risk
C20: Non-securitisations | D20: 50811.76
C21: Securitisation not included in the alternative correlation trading portfolio (non-ACTP) | D21: 0
C22: Securitisation included in the alternative correlation trading portfolio (ACTP) | D22: 0
C23: Residual risk
C24: Exotic underlyings | D24: 0
C25: Other residual risks | D25: 938.71463
C26: Total OFR ASA | D26: 385230.53
C27: Total OFR ASA

Sheet ESG

Sheet Credit quality
B2: Back to contents page
B4: Banking book- Climate Change transition risk: Credit quality of exposures by sector, emissions and residual maturity
B6: =+[12]Contents!B3 -> 30.06.2026
B7: Sector/subsector | C7: a | D7: b | E7: c | F7: d | G7: e | H7: f | I7: g | J7: h | K7: i | L7: j | M7: k | N7: l | O7: m | P7: n | Q7: o | R7: p
C8: Gross carrying amount (Mln EUR) | H8: Accumulated impairment, accumulated negative changes in fair value due to credit risk and provisions (Mln EUR) | K8: GHG financed emissions (scope 1, scope 2 and scope 3 emissions of the counterparty) (in tons of CO2 equivalent)*** | M8: GHG emissions (column i): gross carrying amount percentage of the portfolio derived from company-specific reporting | N8: <= 5 years | O8: > 5 year <= 10 years | P8: > 10 year <= 20 years | Q8: > 20 years | R8: Average weighted maturity
D9: Of which exposures towards companies excluded from EU Paris-aligned Benchmarks in accordance with points (d) to (g) of Article 12.1 and in accordance with Article 12.2 of Climate Benchmark Standards Regulation** | E9: Of which environmentally sustainable (CCM) | F9: Of which stage 2 exposures | G9: Of which non-performing exposures | I9: Of which Stage 2 exposures | J9: Of which non-performing exposures | L9: Of which Scope 3 financed emissions
B10: Exposures towards sectors that highly contribute to climate change* | C10: 23404.719 | D10: ** | E10: 137.88479 | F10: 2690.0152 | G10: 838.53166 | H10: -765.48161 | I10: -189.63892 | J10: -409.05118 | K10: 20958448 | L10: 13964599 | M10: 0 | N10: 16570.923 | O10: 4729.1459 | P10: 1987.0061 | Q10: 117.64352 | R10: 3.4611169
B12: A - Agriculture, forestry and fishing | C12: 1491.0072 | E12: 0 | F12: 199.98714 | G12: 85.045194 | H12: -68.371802 | I12: -13.271075 | J12: -40.791216 | K12: 1605846.4 | L12: 575863.07 | M12: 0 | N12: 1113.5152 | O12: 281.86521 | P12: 90.355561 | Q12: 5.271152 | R12: 3.2460252
B14: B - Mining and quarrying | C14: 163.36115 | E14: 5.375778e-06 | F14: 53.916075 | G14: 2.1556132 | H14: -26.160732 | I14: -24.43407 | J14: -0.73979632 | K14: 261297.09 | L14: 74593.498 | M14: 0 | N14: 160.24267 | O14: 2.9751493 | P14: 0 | Q14: 0.14333965 | R14: 1.8910369
B15: B.05 - Mining of coal and lignite | C15: 42.835694 | E15: 0 | F15: 0 | G15: 0.0007591128 | H15: -0.32945326 | I15: 0 | J15: -0.0007591128 | K15: 39336.761 | L15: 10338.616 | M15: 0 | N15: 42.834505 | O15: 0 | P15: 0 | Q15: 0.0011894128 | R15: 1.8804956
B16: B.06 - Extraction of crude petroleum and natural gas | C16: 73.753105 | E16: 0 | F16: 51.768346 | G16: 0.0072183777 | H16: -24.694583 | I16: -24.331127 | J16: -0.006306385 | K16: 127130.81 | L16: 31331.211 | M16: 0 | N16: 73.683301 | O16: 0.06305399 | P16: 0 | Q16: 0.0067497 | R16: 1.8644313
B17: B.07 - Mining of metal ores | C17: 6.2018082 | E17: 0 | F17: 1.1687742 | G17: 0.53442729 | H17: -0.31896208 | I17: -0.062972353 | J17: -0.20334568 | K17: 11208.071 | L17: 2829.0783 | M17: 0 | N17: 5.1762997 | O17: 1.0123182 | P17: 0 | Q17: 0.013190325 | R17: 1.6430753
B18: B.08 - Other mining and quarrying | C18: 38.016722 | E18: 0 | F18: 0.80826869 | G18: 1.5765968 | H18: -0.73892581 | I18: -0.029057617 | J18: -0.49410241 | K18: 78903.356 | L18: 28048.708 | M18: 0 | N18: 36.122852 | O18: 1.8428781 | P18: 0 | Q18: 0.050992457 | R18: 1.9683644
B19: B.09 - Mining support service activities | C19: 2.5538249 | E19: 5.375778e-06 | F19: 0.17068621 | G19: 0.036611542 | H19: -0.078808334 | I19: -0.010912959 | J19: -0.035282738 | K19: 4718.0882 | L19: 2045.8854 | M19: 0 | N19: 2.4257081 | O19: 0.05689904 | P19: 0 | Q19: 0.071217752 | R19: 2.287252
B21: C - Manufacturing | C21: 5370.395 | E21: 58.898731 | F21: 674.23819 | G21: 398.74005 | H21: -248.27904 | I21: -39.508806 | J21: -171.9909 | K21: 5742378.9 | L21: 4281178.4 | M21: 0 | N21: 4265.9932 | O21: 1041.2073 | P21: 9.1480943 | Q21: 54.046485 | R21: 2.3628877
B22: C.10 - Manufacture of food products | C22: 1302.7644 | E22: 3.7089227 | F22: 72.311128 | G22: 27.597564 | H22: -34.722867 | I22: -5.4256832 | J22: -17.70903 | K22: 1594957.1 | L22: 1329378.1 | M22: 0 | N22: 974.67792 | O22: 323.40767 | P22: 3.6818716 | Q22: 0.99693342 | R22: 2.6235045
B23: C.11 - Manufacture of beverages | C23: 128.49402 | E23: 0 | F23: 5.8975081 | G23: 20.905297 | H23: -7.2565584 | I23: -0.34545972 | J23: -6.0432727 | K23: 101787.89 | L23: 78921.916 | M23: 0 | N23: 95.757768 | O23: 31.753748 | P23: 0.30684916 | Q23: 0.67565291 | R23: 2.6247598
B24: C.12 - Manufacture of tobacco products | C24: 32.76928 | E24: 0 | F24: 0 | G24: 0.13609642 | H24: -0.26131399 | I24: 0 | J24: -0.12378461 | K24: 20667.346 | L24: 17774.044 | M24: 0 | N24: 32.236147 | O24: 0.41947502 | P24: 0 | Q24: 0.11365835 | R24: 1.3087019
B25: C.13 - Manufacture of textiles | C25: 162.59372 | E25: 0 | F25: 6.9153032 | G25: 91.767063 | H25: -50.541551 | I25: -0.4232528 | J25: -49.422412 | K25: 119535.26 | L25: 95162.799 | M25: 0 | N25: 127.98847 | O25: 34.55714 | P25: 0 | Q25: 0.048113305 | R25: 1.5394714
... B71: L - Real estate activities | C71: 3411.0728 | E71: 1.6717313 | F71: 327.0084 | G71: 73.522162 | H71: -62.532796 | I71: -16.930718 | J71: -27.007405 | K71: 369610.24 | L71: 297339.65 | M71: 0 | N71: 1567.3033 | O71: 1400.628 | P71: 440.04794 | Q71: 3.0935464 | R71: 5.5026356
B73: Exposures towards sectors other than those that highly contribute to climate change* | C73: 6403.9064 | E73: 125.52567 | F73: 693.51389 | G73: 153.32943 | H73: -170.75761 | I73: -50.760147 | J73: -92.187115 | N73: 4064.4559 | O73: 1538.048 | P73: 619.75632 | Q73: 181.64625 | R73: 5.235734
B75: K - Financial and insurance activities | C75: 816.71022 | E75: 31.002117 | F75: 31.395632 | G75: 1.5357127 | H75: -7.646161 | I75: -1.7618131 | J75: -0.90900131 | N75: 508.59963 | O75: 190.34482 | P75: 89.252864 | Q75: 28.512908 | R75: 5.0547584
B77: Exposures to other sectors (NACE codes J, M - U) | C77: 4342.3862 | E77: 87.863401 | F77: 352.83468 | G77: 129.76311 | H77: -120.62849 | I77: -20.767635 | J77: -82.674464 | N77: 3024.309 | O77: 797.88562 | P77: 369.42806 | Q77: 150.76353 | R77: 5.1261431
B78: TOTAL | C78: 29808.625 | E78: 263.41046 | F78: 3383.529 | G78: 991.86109 | H78: -936.23923 | I78: -240.39907 | J78: -501.23829 | K78: 20958448 | L78: 13964599 | M78: 0 | N78: 20635.379 | O78: 6267.1939 | P78: 2606.7624 | Q78: 299.28977 | R78: 3.8574022
B80: FX: 355,05
B81: * In accordance with the Commission delegated regulation EU) 2020/1818 supplementing regulation (EU) 2016/1011 as regards minimum standards for EU Climate Transition Benchmarks and EU Paris-aligned Benchmarks -Climate Benchmark Standards Regulation - Recital 6: Sectors listed in Sections A to H and Section L of Annex I to Regulation (EC) No 1893/2006
B82: ** The bank is working on establishing the process for identifying exposures towards companies excluded from EU Paris-aligned Benchmarks. It requires specific data collection from the clients which is going to be incorporated into the client management process
B84: *** The Bank has available audited financed GHG emission estimates for December 31, 2025. For June 30, 2026, we applied the GHG intensity – defined as financed GHG / outstanding loan volume – of each industry as they were as at December 31, 2025 on the outstanding loan volumes as at the end of 2025. While the Bank had some emission data reported by its borrowers for 2025, this was the fraction of the total portfolio / total financed GHG emissions, thus most of our reported financed GHG emissions for 2025 are based on estimates relying on borrowers’ financial figures and GHG intensity factors from the PCAF/Exiobase dataset. Our reported financed GHG emissions for Q2 2026 rely entirely on estimates as indicated above.

Sheet Loans collateralised
B2: Back to contents page
B4: Banking book - Climate change transition risk: Loans collateralised by immovable property - Energy efficiency of the collateral
B6: =+[12]Contents!B3 -> 30.06.2026
B7: Counterparty sector | C7: a | D7: b | E7: c | F7: d | G7: e | H7: f | I7: g | J7: h | K7: i | L7: j | M7: k | N7: l | O7: m | P7: n | Q7: o | R7: p
C8: Total gross carrying amount amount (in MEUR)
D9: Level of energy efficiency (EP score in kWh/m² of collateral) | J9: Level of energy efficiency (EPC label of collateral) | Q9: Without EPC label of collateral
D10: 0; <= 100 | E10: > 100; <= 200 | F10: > 200; <= 300 | G10: > 300; <= 400 | H10: > 400; <= 500 | I10: > 500 | J10: A | K10: B | L10: C | M10: D | N10: E | O10: F | P10: G | R10: Of which level of energy efficiency (EP score in kWh/m² of collateral) estimated
B11: Total EU area | C11: 25623.585 | D11: 3780.1905 | E11: 5729.3411 | F11: 3407.2746 | G11: 3382.3635 | H11: 2831.5515 | I11: 6226.4021 | J11: 1242.259 | K11: 4624.1717 | L11: 2725.0783 | M11: 2391.9894 | N11: 2266.7221 | O11: 1070.7934 | P11: 3376.9864 | Q11: 7925.5847 | R11: 0.96637955
B12: Of which Loans collateralised by commercial immovable property | C12: 9002.4953 | D12: 1292.5195 | E12: 1103.3543 | F12: 546.68613 | G12: 238.98392 | H12: 106.77671 | I12: 5452.9749 | J12: 248.07927 | K12: 1163.1148 | L12: 852.95161 | M12: 425.07347 | N12: 520.3799 | O12: 98.751894 | P12: 1222.3865 | Q12: 4471.7578 | R12: 0.94158901
B13: Of which Loans collateralised by residential immovable property | C13: 16615.828 | D13: 2487.671 | E13: 4625.9868 | F13: 2860.5885 | G13: 3143.3796 | H13: 2724.7748 | I13: 773.42717 | J13: 994.17972 | K13: 3461.0569 | L13: 1872.1267 | M13: 1966.916 | N13: 1746.3422 | O13: 972.04146 | P13: 2154.6 | Q13: 3448.5649 | R13: 1
B14: Of which Collateral obtained by taking possession: residential and commercial immovable properties | C14: 5.2618982 | D14: 0 | E14: 0 | F14: 0 | G14: 0 | H14: 0 | I14: 0 | J14: 0 | K14: 0 | L14: 0 | M14: 0 | N14: 0 | O14: 0 | P14: 0 | Q14: 5.2618982 | R14: 0
B15: Of which Level of energy efficiency (EP score in kWh/m² of collateral) estimated | C15: 8502.3739 | D15: 0 | E15: 182.80445 | F15: 0 | G15: 1667.7962 | H15: 1884.6165 | I15: 4767.1567 | Q15: 7659.123 | R15: 1
B17: Total non-EU area | C17: 7289.1656 | D17: 296.13651 | E17: 89.035321 | F17: 147.58694 | G17: 227.84662 | H17: 0 | I17: 593.52554 | J17: 19.006512 | K17: 483.79488 | L17: 408.35354 | M17: 234.1388 | N17: 74.017128 | O17: 85.825678 | P17: 48.994395 | Q17: 5935.0347 | R17: 0
B18: Of which Loans collateralised by commercial immovable property | C18: 3471.8668 | D18: 194.77946 | E18: 54.333226 | F18: 0.10582548 | G18: 3.9924304 | H18: 0 | I18: 384.94189 | J18: 18.847218 | K18: 398.68535 | L18: 209.96766 | M18: 10.194793 | N18: 0 | O18: 0 | P18: 0.45780838 | Q18: 2833.7139 | R18: 0
B19: Of which Loans collateralised by residential immovable property | C19: 3789.0123 | D19: 101.35705 | E19: 34.702095 | F19: 147.48112 | G19: 223.85419 | H19: 0 | I19: 208.58365 | J19: 0.15929404 | K19: 85.109528 | L19: 198.38588 | M19: 223.94401 | N19: 74.017128 | O19: 85.825678 | P19: 48.536587 | Q19: 3073.0342 | R19: 0
B20: Of which Collateral obtained by taking possession: residential and commercial immovable properties | C20: 28.286563 | D20: 0 | E20: 0 | F20: 0 | G20: 0 | H20: 0 | I20: 0 | J20: 0 | K20: 0 | L20: 0 | M20: 0 | N20: 0 | O20: 0 | P20: 0 | Q20: 28.286563 | R20: 0
B21: Of which Level of energy efficiency (EP score in kWh/m² of collateral) estimated | C21: 700.25026 | D21: 0 | E21: 23.433178 | F21: 147.48951 | G21: 227.84662 | H21: 0 | I21: 301.48095 | Q21: 0 | R21: 0
B23: FX: 355,05

Sheet Alignment metrics
B2: Back to contents page
B4: Banking book - Climate change transition risk: Alignment metrics
B6: =+[12]Contents!B3 -> 30.06.2026
B7: a | C7: b | D7: c | E7: d | F7: e | G7: f | H7: g
B8: Sector | C8: NACE Sectors (a minima) | D8: Portfolio gross carrying amount (Mn EUR) | E8: Alignment metric** | F8: Year of reference | G8: Distance to IEA NZE2050 in % *** | H8: Target (year of reference + 3 years)
B9: Power | C9: 35.11 | D9: 1609.4643 | E9: tons of CO2eq / MWh produced | F9: 2025 | G9: 0.064199649
B10: Cement, clinker and lime production | C10: 23.51 | D10: 11.213385 | E10: tons of CO2eq / tons of cement produced | F10: 2025 | G10: -0.075864482
B11: Iron and steel, coke, and metal ore production | C11: 24.10 | D11: 83.880424 | E11: tons of CO2eq / tons of steel produced | F11: 2025 | G11: -0.47502963
C12: 24.42 | D12: 23.843375 | E12: tons of CO2eq / tons of aluminium produced | F12: 2025 | G12: -0.44739464
B13: … potential additions relavant to the business model of the institution
B15: FX: 355,05
B17: The Bank identifies customers with the relevant activities (electricity generation, cement, aluminum and steel production) once a year. Identification of clients’ activity is not possible solely based on NACE codes, therefore it requires manual data collection and qualitative assessment of clients’ activities. This approach cannot be standardised, therefore it is less reliable. Once relevant clients are identified, data are collected from clients (either from publicly available source or by direct client enquiry). The Bank is not in the position to assess the correctness of the data provided in all cases. The identification of clients and the data collection occurs each year in the May-June period based on customers loan outstanding as at the end of the prior year, emissions data are requested from clients for the prior year, too.
B18: For 2026Q2, we provided the outstanding loan volumes as of 30 June 2026 belonging to borrowers identified on the basis of their end-2025 loan volumes. We weighted borrowers’ physical GHG intensity indicators as for 2025 by their loan volumes as of 2026Q2. If a loan was disbursed to a client with the relevant acticity in the first half of 2026, its loan volume and alignmnt metrics are not included in this report – because the identification of clients and the underlying data collection cannot be performed in such a short term time period. These will be included only in the report of the subsequent year.
B19: For benchmarks, OTP Group relies on data published in the free dataset of IEA’s World Energy Outlook 2024 (WEO2024) for the Net Zero Scenario for 2030. A more up-to-date IEA scenario could not be applied as the IEA WEO 2025 does not include forecasts of emissions for 2030 (only for 2035).
B22: *** PiT distance to 2030 NZE2050 scenario in % (for each metric)
B24: * List of NACE sectors to be considered
B25: IEA sector | C25: Column b - NACE Sectors (a minima) - Sectors required | E25: **Examples of metrics - non-exhaustive list. Institutions shall apply metrics defined by the IEA scenario
B26: Sector in the tempalte | C26: sector | D26: code
B27: Maritime transport | C27: shipping | D27: 301 | E27: Average tonnes of CO2 per passenger-km Average gCO₂/MJ and Average share of high carbon technologies (ICE).
B28: Maritime transport | C28: shipping | D28: 3011
B29: Maritime transport | C29: shipping | D29: 3012
B30: Maritime transport | C30: shipping | D30: 3315
B31: Maritime transport | C31: shipping | D31: 50
B32: Maritime transport | C32: shipping | D32: 501
B33: Maritime transport | C33: shipping | D33: 5010
B34: Maritime transport | C34: shipping | D34: 502
B35: Maritime transport | C35: shipping | D35: 5020
B36: Maritime transport | C36: shipping | D36: 5222
B37: Maritime transport | C37: shipping | D37: 5224
B38: Maritime transport | C38: shipping | D38: 5229
B39: Power | C39: power | D39: 27 | E39: Average tonnes of CO2 per MWh and Average share of high carbon technologies (oil, gas, coal).
B40: Power | C40: power | D40: 2712
B41: Power | C41: power | D41: 3314
B42: Power | C42: power | D42: 35
B43: Power | C43: power | D43: 351
B44: Power | C44: power | D44: 3511
B45: Power | C45: power | D45: 3512
B46: Power | C46: power | D46: 3513
B47: Power | C47: power | D47: 3514
B48: Power | C48: power | D48: 4321
B49: Fossil fuel combustion | C49: oil and gas | D49: 91 | E49: Average tons pf CO2 per GJ. and Average share of high carbon technologies (ICE).
B50: Fossil fuel combustion | C50: oil and gas | D50: 910
B51: Fossil fuel combustion | C51: oil and gas | D51: 192
B52: Fossil fuel combustion | C52: oil and gas | D52: 1920
B53: Fossil fuel combustion | C53: oil and gas | D53: 2014
B54: Fossil fuel combustion | C54: oil and gas | D54: 352
B55: Fossil fuel combustion | C55: oil and gas | D55: 3521
B56: Fossil fuel combustion | C56: oil and gas | D56: 3522
B57: Fossil fuel combustion | C57: oil and gas | D57: 3523
B58: Fossil fuel combustion | C58: oil and gas | D58: 4612
B59: Fossil fuel combustion | C59: oil and gas | D59: 4671
B60: Fossil fuel combustion | C60: oil and gas | D60: 6
B61: Fossil fuel combustion | C61: oil and gas | D61: 61
... B64: Fossil fuel combustion | C64: oil and gas | D64: 620
B65: Iron and steel, coke, and metal ore production | C65: steel | D65: 24 | E65: Average tonnes of CO2 per tonne of output and Average share of high carbon technologies (ICE).
B66: Iron and steel, coke, and metal ore production | C66: steel | D66: 241
B67: Iron and steel, coke, and metal ore production | C67: steel | D67: 2410
B68: Iron and steel, coke, and metal ore production | C68: steel | D68: 242
B69: Iron and steel, coke, and metal ore production | C69: steel | D69: 2420
B70: Iron and steel, coke, and metal ore production | C70: steel | D70: 2434
B71: Iron and steel, coke, and metal ore production | C71: steel | D71: 244
B72: Iron and steel, coke, and metal ore production | C72: steel | D72: 2442
B73: Iron and steel, coke, and metal ore production | C73: steel | D73: 2444
B74: Iron and steel, coke, and metal ore production | C74: steel | D74: 2445
B75: Iron and steel, coke, and metal ore production | C75: steel | D75: 245
B76: Iron and steel, coke, and metal ore production | C76: steel | D76: 2451
B77: Iron and steel, coke, and metal ore production | C77: steel | D77: 2452
... B89: Iron and steel, coke, and metal ore production | C89: steel | D89: 729
B90: Fossil fuel combustion | C90: coal | D90: 8 | E90: Average tons pf CO2 per GJ. and Average share of high carbon technologies (ICE).
B91: Fossil fuel combustion | C91: coal | D91: 9
B92: Cement, clinker and lime production | C92: cement | D92: 235 | E92: Average tonnes of CO2 per tonne of output and Average share of high carbon technologies (ICE).
B93: Cement, clinker and lime production | C93: cement | D93: 2351
B94: Cement, clinker and lime production | C94: cement | D94: 2352
B95: Cement, clinker and lime production | C95: cement | D95: 236
B96: Cement, clinker and lime production | C96: cement | D96: 2361
B97: Cement, clinker and lime production | C97: cement | D97: 2363
B98: Cement, clinker and lime production | C98: cement | D98: 2364
B99: Cement, clinker and lime production | C99: cement | D99: 811
B100: Cement, clinker and lime production | C100: cement | D100: 89
B101: aviation | C101: aviation | D101: 3030 | E101: Average share of sustainable aviation fuels and Average tonnes of CO2 per passenger-km
B102: aviation | C102: aviation | D102: 3316
B103: aviation | C103: aviation | D103: 511
B104: aviation | C104: aviation | D104: 5110
B105: aviation | C105: aviation | D105: 512
B106: aviation | C106: aviation | D106: 5121
B107: aviation | C107: aviation | D107: 5223
B108: automotive | C108: automotive | D108: 2815 | E108: Average tonnes of CO2 per passenger-km and Average share of high carbon technologies (ICE).
B109: automotive | C109: automotive | D109: 29
B110: automotive | C110: automotive | D110: 291
B111: automotive | C111: automotive | D111: 2910
B112: automotive | C112: automotive | D112: 292
B113: automotive | C113: automotive | D113: 2920
B114: automotive | C114: automotive | D114: 293
B115: automotive | C115: automotive | D115: 2932

Sheet Exposures to top firms
B2: Back to contents page
B4: Banking book - Climate change transition risk: Exposures to top 20 carbon-intensive firms
B6: =+[12]Contents!B3 -> 30.06.2026
B7: Gross carrying amount (aggregate) | C7: Gross carrying amount towards the counterparties compared to total gross carrying amount (aggregate)* | D7: Of which environmentally sustainable (CCM) | E7: Weighted average maturity | F7: Number of top 20 polluting firms included
B11: *For counterparties among the top 20 carbon emitting companies in the world
B13: To identify the elements presented in this template, OTP Group used Refinitive's data platform to identify the 20 most carbon-intensive companies in the world. As a result, OTP Group has no exposure to the top 20 most carbon intensive companies. In line with our analysis the table has been left blank.
B15: FX: 355,05

Sheet Physical risk
A1: Back to contents page
A3: Banking book - Climate change physical risk: Exposures subject to physical risk***
A5: Physical risk (ALB) | B5: Albania | C5: AL01 | D5: Northern Albania
A6: Physical risk (ALB) | B6: Albania | C6: AL02 | D6: Central Albania
A7: Physical risk (ALB) | B7: Albania | C7: AL03 | D7: Southern Albania
A8: Physical risk (BGR) | B8: Bulgaria | C8: BG311 | D8: Vidin
A9: Physical risk (BGR) | B9: Bulgaria | C9: BG312 | D9: Montana
A10: Physical risk (BGR) | B10: Bulgaria | C10: BG313 | D10: Vratsa
A11: Physical risk (BGR) | B11: Bulgaria | C11: BG314 | D11: Pleven
A12: Physical risk (BGR) | B12: Bulgaria | C12: BG315 | D12: Lovech
A13: Physical risk (BGR) | B13: Bulgaria | C13: BG321 | D13: Veliko Tarnovo
A14: Physical risk (BGR) | B14: Bulgaria | C14: BG322 | D14: Gabrovo
A15: Physical risk (BGR) | B15: Bulgaria | C15: BG323 | D15: Ruse
A16: Physical risk (BGR) | B16: Bulgaria | C16: BG324 | D16: Razgrad
... A112: Physical risk (s999) | B112: Unclassified and Russia | C112: s999 | D112: Unclassified and Russia

Sheet Physical risk(HUN)
B2: Back to contents page
B4: Banking book - Climate change physical risk: Exposures subject to physical risk***
B6: =_xlfn.XLOOKUP(B7,'[13]angol nuts kódok'!C:C,'[13]angol nuts kódok'!A:A) -> Hungary
B7: HU110
B9: 30.06.2026
B10: a | C10: b | D10: c | E10: d | F10: e | G10: f | H10: g | I10: h | J10: i | K10: j | L10: k | M10: l | N10: m | O10: n | P10: o
B11: Variable: Geographical area subject to climate change physical risk - acute and chronic events | C11: Gross carrying amount (Mln EUR)*
D12: of which exposures sensitive to impact from climate change physical events**
D13: Breakdown by maturity bucket | I13: of which exposures sensitive to impact from chronic climate change events | J13: of which exposures sensitive to impact from acute climate change events | K13: of which exposures sensitive to impact both from chronic and acute climate change events | L13: Of which Stage 2 exposures | M13: Of which non-performing exposures | N13: Accumulated impairment, accumulated negative changes in fair value due to credit risk and provisions
D14: <= 5 years | E14: > 5 year <= 10 years | F14: > 10 year <= 20 years | G14: > 20 years | H14: Average weighted maturity | O14: of which Stage 2 exposures | P14: Of which non-performing exposures
B15: A - Agriculture, forestry and fishing | C15: 38.020447 | D15: 6.233842 | E15: 3.5908563 | F15: 0 | G15: 0.0064169694 | H15: 3 | I15: 0 | J15: 1.1669121 | K15: 8.6642031 | L15: 0.10059511 | M15: 1.4260512 | N15: -0.70186099 | O15: -0.0063019997 | P15: -0.65866688
B16: B - Mining and quarrying | C16: 12.649604 | D16: 0 | E16: 0 | F16: 0 | G16: 0 | H16: 0 | I16: 0 | J16: 0 | K16: 0 | L16: 0 | M16: 0 | N16: 0 | O16: 0 | P16: 0
B17: C - Manufacturing | C17: 256.15025 | D17: 12.293784 | E17: 2.1827958 | F17: 0 | G17: 0.022158693 | H17: 2 | I17: 14.47483 | J17: 5.5583721e-05 | K17: 0.023852742 | L17: 2.9158727 | M17: 0.19924009 | N17: -0.35087635 | O17: -0.18825228 | P17: -0.08791297
B18: D - Electricity, gas, steam and air conditioning supply | C18: 159.88496 | D18: 0 | E18: 0 | F18: 0 | G18: 0 | H18: 0 | I18: 0 | J18: 0 | K18: 0 | L18: 0 | M18: 0 | N18: 0 | O18: 0 | P18: 0
B19: E - Water supply; sewerage, waste management and remediation activities | C19: 21.442807 | D19: 0.057336051 | E19: 0.080920935 | F19: 0 | G19: 0.0030267343 | H19: 4 | I19: 0.042755803 | J19: 0.083930365 | K19: 0.014597552 | L19: 0.080920935 | M19: 0 | N19: -0.0039781383 | O19: -0.0036333643 | P19: 0
B20: F - Construction | C20: 192.36882 | D20: 3.7835748 | E20: 0.25991953 | F20: 0.1194497 | G20: 0.0013208816 | H20: 2 | I20: 0 | J20: 4.1642649 | K20: 0 | L20: 1.8835054 | M20: 0 | N20: -0.18976969 | O20: -0.16088767 | P20: 0
B21: G - Wholesale and retail trade; repair of motor vehicles and motorcycles | C21: 626.7122 | D21: 1.1399521 | E21: 0.073205061 | F21: 0 | G21: 0.00028439375 | H21: 1 | I21: 0.92029166 | J21: 0.0092320772 | K21: 0.28391782 | L21: 0.38192914 | M21: 0 | N21: -0.03823486 | O21: -0.034794584 | P21: 0
B22: H - Transportation and storage | C22: 173.64351 | D22: 0.69436672 | E22: 0 | F22: 0 | G22: 0.00074133221 | H22: 1 | I22: 0.33503964 | J22: 0.36006841 | K22: 0 | L22: 0.30694897 | M22: 0.00040408956 | N22: -0.0080261315 | O22: -0.0036029827 | P22: -0.00040408956
B23: L - Real estate activities | C23: 1082.1953 | D23: 1.2254425 | E23: 0 | F23: 0 | G23: 0.0049716744 | H23: 1 | I23: 0.88505461 | J23: 0.34535954 | K23: 0 | L23: 0.33870471 | M23: 0 | N23: -0.013332604 | O23: -0.011793694 | P23: 0
B24: Loans collateralised by residential immovable property | C24: 1319.8611 | D24: 0.71260885 | E24: 1.4591875 | F24: 0.4454529 | G24: 1.8772004e-05 | H24: 6 | I24: 2.2212561 | J24: 0 | K24: 0.39601183 | L24: 0.41747689 | M24: 0.2893581 | N24: -0.03162899 | O24: -0.019212215 | P24: -0.00779673
B25: Loans collateralised by commercial immovable property | C25: 1737.3726 | D25: 7.3035035 | E25: 3.8062448 | F25: 0.1194497 | G25: 0.00035608506 | H25: 3 | I25: 8.9332131 | J25: 0.73376864 | K25: 1.5625723 | L25: 2.126478 | M25: 0.81959611 | N25: -0.17279734 | O25: -0.072441605 | P25: -0.072948833
B26: Repossessed collaterals | C26: 1.0826441 | D26: 0 | E26: 0 | F26: 0 | G26: 0 | H26: 0 | I26: 0 | J26: 0 | K26: 0 | L26: 0 | M26: 0 | N26: 0 | O26: 0 | P26: 0
... B38: U – Activities of extraterritorial organisations and bodies | C38: 0 | D38: 0 | E38: 0 | F38: 0 | G38: 0 | H38: 0 | I38: 0 | J38: 0 | K38: 0 | L38: 0 | M38: 0 | N38: 0 | O38: 0 | P38: 0
B41: HU120
B43: 30.06.2026
B44: a | C44: b | D44: c | E44: d | F44: e | G44: f | H44: g | I44: h | J44: i | K44: j | L44: k | M44: l | N44: m | O44: n | P44: o
B45: Variable: Geographical area subject to climate change physical risk - acute and chronic events | C45: Gross carrying amount (Mln EUR)*
D46: of which exposures sensitive to impact from climate change physical events**
D47: Breakdown by maturity bucket | I47: of which exposures sensitive to impact from chronic climate change events | J47: of which exposures sensitive to impact from acute climate change events | K47: of which exposures sensitive to impact both from chronic and acute climate change events | L47: Of which Stage 2 exposures | M47: Of which non-performing exposures | N47: Accumulated impairment, accumulated negative changes in fair value due to credit risk and provisions
D48: <= 5 years | E48: > 5 year <= 10 years | F48: > 10 year <= 20 years | G48: > 20 years | H48: Average weighted maturity | O48: of which Stage 2 exposures | P48: Of which non-performing exposures
B49: A - Agriculture, forestry and fishing | C49: 39.441361 | D49: 13.988762 | E49: 6.0803005 | F49: 5.6909575 | G49: 0.0038049683 | H49: 5 | I49: 0 | J49: 25.763825 | K49: 0 | L49: 14.906215 | M49: 0.20378175 | N49: -1.0223892 | O49: -0.87909246 | P49: -0.061386117
B50: B - Mining and quarrying | C50: 0.42055164 | D50: 0 | E50: 0 | F50: 0 | G50: 0 | H50: 0 | I50: 0 | J50: 0 | K50: 0 | L50: 0 | M50: 0 | N50: 0 | O50: 0 | P50: 0
B51: C - Manufacturing | C51: 143.44493 | D51: 2.4008338 | E51: 0.40898553 | F51: 0 | G51: 0.00071070272 | H51: 2 | I51: 0 | J51: 2.81053 | K51: 0 | L51: 1.0583472 | M51: 0 | N51: -0.018132655 | O51: -0.014531184 | P51: 0
B52: D - Electricity, gas, steam and air conditioning supply | C52: 171.74852 | D52: 0 | E52: 0 | F52: 0 | G52: 0 | H52: 0 | I52: 0 | J52: 0 | K52: 0 | L52: 0 | M52: 0 | N52: 0 | O52: 0 | P52: 0
B53: E - Water supply; sewerage, waste management and remediation activities | C53: 4.3420082 | D53: 0.13888696 | E53: 0 | F53: 0 | G53: 7.6465287e-05 | H53: 3 | I53: 0 | J53: 0.13896343 | K53: 0 | L53: 0 | M53: 0 | N53: -0.00043268272 | O53: 0 | P53: 0
B54: F - Construction | C54: 233.37105 | D54: 11.405481 | E54: 0.76026041 | F54: 0 | G54: 0.016583661 | H54: 2 | I54: 0 | J54: 12.182325 | K54: 0 | L54: 5.4802524 | M54: 0.24938381 | N54: -0.63033681 | O54: -0.43164406 | P54: -0.15990976
B55: G - Wholesale and retail trade; repair of motor vehicles and motorcycles | C55: 307.00189 | D55: 6.0061431 | E55: 0.10830431 | F55: 4.6709061 | G55: 0.0024439713 | H55: 6 | I55: 0 | J55: 10.787797 | K55: 0 | L55: 0.46844822 | M55: 0.038702433 | N55: -0.18353348 | O55: -0.039964036 | P55: -0.038096671
B56: H - Transportation and storage | C56: 97.911606 | D56: 1.4168552 | E56: 0.045505104 | F56: 0 | G56: 0.00097370793 | H56: 2 | I56: 0 | J56: 1.463334 | K56: 0 | L56: 0.22751182 | M56: 0.028788016 | N56: -0.029817741 | O56: -0.021654381 | P56: -0.0032813153
B57: L - Real estate activities | C57: 150.17268 | D57: 1.7861659 | E57: 0.08837028 | F57: 7.1460358e-05 | G57: 0.00085142938 | H57: 2 | I57: 0 | J57: 1.8754591 | K57: 0 | L57: 0.74111586 | M57: 0.00018932545 | N57: -0.071260344 | O57: -0.064320006 | P57: -0.00018932545
B58: Loans collateralised by residential immovable property | C58: 1259.2435 | D58: 0.23404072 | E58: 0.30128879 | F58: 0 | G58: 0.0011801014 | H58: 5 | I58: 0 | J58: 0.53650961 | K58: 0 | L58: 0.025671297 | M58: 0.23522082 | N58: -0.14595039 | O58: -0.0022710435 | P58: -0.14329111
B59: Loans collateralised by commercial immovable property | C59: 510.31126 | D59: 12.319344 | E59: 4.5487135 | F59: 5.6909575 | G59: 0.00081776933 | H59: 5 | I59: 0 | J59: 22.559832 | K59: 0 | L59: 14.047952 | M59: 0.12243604 | N59: -0.88433783 | O59: -0.8211136 | P59: -0.026236623
B60: Repossessed collaterals | C60: 1.3410153 | D60: 0 | E60: 0 | F60: 0 | G60: 0 | H60: 0 | I60: 0 | J60: 0 | K60: 0 | L60: 0 | M60: 0 | N60: 0 | O60: 0 | P60: 0
... B72: U – Activities of extraterritorial organisations and bodies | C72: 0 | D72: 0 | E72: 0 | F72: 0 | G72: 0 | H72: 0 | I72: 0 | J72: 0 | K72: 0 | L72: 0 | M72: 0 | N72: 0 | O72: 0 | P72: 0
B75: HU211
B77: 30.06.2026
B78: a | C78: b | D78: c | E78: d | F78: e | G78: f | H78: g | I78: h | J78: i | K78: j | L78: k | M78: l | N78: m | O78: n | P78: o
B79: Variable: Geographical area subject to climate change physical risk - acute and chronic events | C79: Gross carrying amount (Mln EUR)*
D80: of which exposures sensitive to impact from climate change physical events**
D81: Breakdown by maturity bucket | I81: of which exposures sensitive to impact from chronic climate change events | J81: of which exposures sensitive to impact from acute climate change events | K81: of which exposures sensitive to impact both from chronic and acute climate change events | L81: Of which Stage 2 exposures | M81: Of which non-performing exposures | N81: Accumulated impairment, accumulated negative changes in fair value due to credit risk and provisions
D82: <= 5 years | E82: > 5 year <= 10 years | F82: > 10 year <= 20 years | G82: > 20 years | H82: Average weighted maturity | O82: of which Stage 2 exposures | P82: Of which non-performing exposures
B83: A - Agriculture, forestry and fishing | C83: 17.329681 | D83: 9.7449372 | E83: 3.2543454 | F83: 0 | G83: 0.0036464554 | H83: 3 | I83: 0.56937363 | J83: 0.42891487 | K83: 12.00464 | L83: 0.378537 | M83: 0.1874554 | N83: -0.15887761 | O83: -0.027059504 | P83: -0.069776975
B84: B - Mining and quarrying | C84: 0.29171514 | D84: 0 | E84: 0 | F84: 0 | G84: 0 | H84: 0 | I84: 0 | J84: 0 | K84: 0 | L84: 0 | M84: 0 | N84: 0 | O84: 0 | P84: 0
B85: C - Manufacturing | C85: 70.472042 | D85: 30.02769 | E85: 2.2546958 | F85: 0 | G85: 0.0016896043 | H85: 1 | I85: 26.734598 | J85: 3.50452 | K85: 2.0449572 | L85: 1.8580082 | M85: 1.3519223e-07 | N85: -0.23775034 | O85: -0.14002234 | P85: -1.3519223e-07
B86: D - Electricity, gas, steam and air conditioning supply | C86: 0.041854004 | D86: 0 | E86: 0.0040290382 | F86: 0 | G86: 2.661597e-06 | H86: 6 | I86: 0 | J86: 0.0040316998 | K86: 0 | L86: 0 | M86: 0 | N86: -2.6483594e-05 | O86: 0 | P86: 0
B87: E - Water supply; sewerage, waste management and remediation activities | C87: 0.75910051 | D87: 0.49374294 | E87: 0.070349325 | F87: 0 | G87: 0.00012432052 | H87: 2 | I87: 0.1337944 | J87: 0.43042219 | K87: 0 | L87: 8.7987607e-06 | M87: 0 | N87: -0.0013204197 | O87: -2.9516969e-06 | P87: 0
B88: F - Construction | C88: 20.755505 | D88: 8.0539983 | E88: 0.92337508 | F88: 0 | G88: 0.0042423659 | H88: 2 | I88: 0 | J88: 8.9816158 | K88: 0 | L88: 1.6405037 | M88: 0.0012056584 | N88: -0.15918599 | O88: -0.12924903 | P88: -0.0012056584
B89: G - Wholesale and retail trade; repair of motor vehicles and motorcycles | C89: 72.316295 | D89: 10.461748 | E89: 3.5886792 | F89: 10.5 | G89: 0.0095451486 | H89: 7 | I89: 0 | J89: 24.559972 | K89: 0 | L89: 16.298347 | M89: 0.026900518 | N89: -1.3282205 | O89: -1.2829419 | P89: -0.0042035234
B90: H - Transportation and storage | C90: 30.973797 | D90: 1.995726 | E90: 0.18593554 | F90: 0 | G90: 0.002094367 | H90: 1 | I90: 0 | J90: 2.1837559 | K90: 0 | L90: 0.35118827 | M90: 0.043648086 | N90: -0.084077079 | O90: -0.033416232 | P90: -0.043575001
B91: L - Real estate activities | C91: 26.828481 | D91: 1.8211234 | E91: 3.4719834 | F91: 0 | G91: 0.00065438107 | H91: 7 | I91: 5.0697085e-07 | J91: 5.2937606 | K91: 0 | L91: 0.49309672 | M91: 0 | N91: -0.073167137 | O91: -0.035771052 | P91: 0
B92: Loans collateralised by residential immovable property | C92: 312.00178 | D92: 0.19005216 | E92: 0.60677552 | F92: 0 | G92: 0 | H92: 6 | I92: 0 | J92: 0.59033852 | K92: 0.20648915 | L92: 0.040921558 | M92: 0 | N92: -0.0031830784 | O92: -0.0017067371 | P92: 0
B93: Loans collateralised by commercial immovable property | C93: 83.010254 | D93: 5.7557187 | E93: 6.9985102 | F93: 0.024939279 | G93: 0.0010623292 | H93: 5 | I93: 0.59792765 | J93: 7.1034771 | K93: 5.0788257 | L93: 0.055206408 | M93: 0 | N93: -0.050464667 | O93: -0.003274136 | P93: 0
B94: Repossessed collaterals | C94: 0 | D94: 0 | E94: 0 | F94: 0 | G94: 0 | H94: 0 | I94: 0 | J94: 0 | K94: 0 | L94: 0 | M94: 0 | N94: 0 | O94: 0 | P94: 0
... B106: U – Activities of extraterritorial organisations and bodies | C106: 0 | D106: 0 | E106: 0 | F106: 0 | G106: 0 | H106: 0 | I106: 0 | J106: 0 | K106: 0 | L106: 0 | M106: 0 | N106: 0 | O106: 0 | P106: 0
B109: HU212
B111: 30.06.2026
B112: a | C112: b | D112: c | E112: d | F112: e | G112: f | H112: g | I112: h | J112: i | K112: j | L112: k | M112: l | N112: m | O112: n | P112: o
B113: Variable: Geographical area subject to climate change physical risk - acute and chronic events | C113: Gross carrying amount (Mln EUR)*
D114: of which exposures sensitive to impact from climate change physical events**
D115: Breakdown by maturity bucket | I115: of which exposures sensitive to impact from chronic climate change events | J115: of which exposures sensitive to impact from acute climate change events | K115: of which exposures sensitive to impact both from chronic and acute climate change events | L115: Of which Stage 2 exposures | M115: Of which non-performing exposures | N115: Accumulated impairment, accumulated negative changes in fair value due to credit risk and provisions
D116: <= 5 years | E116: > 5 year <= 10 years | F116: > 10 year <= 20 years | G116: > 20 years | H116: Average weighted maturity | O116: of which Stage 2 exposures | P116: Of which non-performing exposures
B117: A - Agriculture, forestry and fishing | C117: 4.0510072 | D117: 2.9966531 | E117: 0 | F117: 0 | G117: 0.00083958879 | H117: 0 | I117: 0 | J117: 2.9106054 | K117: 0.086887298 | L117: 1.038325 | M117: 0 | N117: -0.018858268 | O117: -0.012615927 | P117: 0
B118: B - Mining and quarrying | C118: 0.26862413 | D118: 0 | E118: 0 | F118: 0 | G118: 0 | H118: 0 | I118: 0 | J118: 0 | K118: 0 | L118: 0 | M118: 0 | N118: 0 | O118: 0 | P118: 0
B119: C - Manufacturing | C119: 26.877808 | D119: 1.1548987 | E119: 0 | F119: 0 | G119: 0.00031660893 | H119: 2 | I119: 0 | J119: 1.1552153 | K119: 0 | L119: 0.064082952 | M119: 0.018447069 | N119: -0.027878476 | O119: -0.0067731334 | P119: -0.01844445
B120: D - Electricity, gas, steam and air conditioning supply | C120: 0.00067162935 | D120: 0 | E120: 0 | F120: 0 | G120: 0 | H120: 0 | I120: 0 | J120: 0 | K120: 0 | L120: 0 | M120: 0 | N120: 0 | O120: 0 | P120: 0
B121: E - Water supply; sewerage, waste management and remediation activities | C121: 0.15306585 | D121: 0.00034179975 | E121: 0 | F121: 0 | G121: 0.00020517392 | H121: 9 | I121: 0 | J121: 0.00054697367 | K121: 0 | L121: 0 | M121: 0 | N121: -4.4613435e-06 | O121: 0 | P121: 0
B122: F - Construction | C122: 11.915848 | D122: 1.1340892 | E122: 0.040113114 | F122: 0 | G122: 0.0022188424 | H122: 2 | I122: 0 | J122: 1.1764211 | K122: 0 | L122: 0.18860423 | M122: 0.086878783 | N122: -0.039173767 | O122: -0.017119631 | P122: -0.018199189
B123: G - Wholesale and retail trade; repair of motor vehicles and motorcycles | C123: 75.2864 | D123: 1.8308336 | E123: 0 | F123: 0 | G123: 0.00020382763 | H123: 1 | I123: 0 | J123: 1.8310374 | K123: 0 | L123: 0 | M123: 1.6061955 | N123: -0.35555661 | O123: 0 | P123: -0.35518691
B124: H - Transportation and storage | C124: 16.994181 | D124: 0.68488943 | E124: 0 | F124: 0 | G124: 0.00036058583 | H124: 2 | I124: 0 | J124: 0.68525002 | K124: 0 | L124: 0.025504763 | M124: 0 | N124: -0.0030131305 | O124: -0.0011147162 | P124: 0
B125: L - Real estate activities | C125: 5.9228873 | D125: 0 | E125: 0 | F125: 0 | G125: 0 | H125: 0 | I125: 0 | J125: 0 | K125: 0 | L125: 0 | M125: 0 | N125: 0 | O125: 0 | P125: 0
B126: Loans collateralised by residential immovable property | C126: 206.51679 | D126: 0 | E126: 0 | F126: 0 | G126: 0 | H126: 0 | I126: 0 | J126: 0 | K126: 0 | L126: 0 | M126: 0 | N126: 0 | O126: 0 | P126: 0
B127: Loans collateralised by commercial immovable property | C127: 50.145748 | D127: 2.3645049 | E127: 0 | F127: 0 | G127: 0 | H127: 1 | I127: 0 | J127: 2.3645049 | K127: 0 | L127: 1 | M127: 0.51732455 | N127: -0.15938763 | O127: -0.0075024391 | P127: -0.14900235
B128: Repossessed collaterals | C128: 0 | D128: 0 | E128: 0 | F128: 0 | G128: 0 | H128: 0 | I128: 0 | J128: 0 | K128: 0 | L128: 0 | M128: 0 | N128: 0 | O128: 0 | P128: 0
... B140: U – Activities of extraterritorial organisations and bodies | C140: 0 | D140: 0 | E140: 0 | F140: 0 | G140: 0 | H140: 0 | I140: 0 | J140: 0 | K140: 0 | L140: 0 | M140: 0 | N140: 0 | O140: 0 | P140: 0
B143: HU213
B145: 30.06.2026
B146: a | C146: b | D146: c | E146: d | F146: e | G146: f | H146: g | I146: h | J146: i | K146: j | L146: k | M146: l | N146: m | O146: n | P146: o
B147: Variable: Geographical area subject to climate change physical risk - acute and chronic events | C147: Gross carrying amount (Mln EUR)*
D148: of which exposures sensitive to impact from climate change physical events**
D149: Breakdown by maturity bucket | I149: of which exposures sensitive to impact from chronic climate change events | J149: of which exposures sensitive to impact from acute climate change events | K149: of which exposures sensitive to impact both from chronic and acute climate change events | L149: Of which Stage 2 exposures | M149: Of which non-performing exposures | N149: Accumulated impairment, accumulated negative changes in fair value due to credit risk and provisions
D150: <= 5 years | E150: > 5 year <= 10 years | F150: > 10 year <= 20 years | G150: > 20 years | H150: Average weighted maturity | O150: of which Stage 2 exposures | P150: Of which non-performing exposures
B151: A - Agriculture, forestry and fishing | C151: 14.717426 | D151: 3.5239957 | E151: 1.0944037 | F151: 0.033982388 | G151: 0.00058366991 | H151: 2 | I151: 0 | J151: 4.5651019 | K151: 0.08786356 | L151: 0.63006123 | M151: 0 | N151: -0.062717214 | O151: -0.043364323 | P151: 0
B152: B - Mining and quarrying | C152: 0.45351342 | D152: 0 | E152: 0 | F152: 0 | G152: 0 | H152: 0 | I152: 0 | J152: 0 | K152: 0 | L152: 0 | M152: 0 | N152: 0 | O152: 0 | P152: 0
B153: C - Manufacturing | C153: 14.952999 | D153: 6.114788 | E153: 1.0868407 | F153: 0.014234257 | G153: 0.0023745951 | H153: 2 | I153: 0 | J153: 7.2182375 | K153: 0 | L153: 1.2646597 | M153: 0.01045991 | N153: -0.16653347 | O153: -0.14549838 | P153: -0.0096194705
B154: D - Electricity, gas, steam and air conditioning supply | C154: 0.30235273 | D154: 0.056511984 | E154: 0 | F154: 0 | G154: 6.4951415e-05 | H154: 2 | I154: 0 | J154: 0.056576936 | K154: 0 | L154: 0 | M154: 0 | N154: -5.842839e-05 | O154: 0 | P154: 0
B155: E - Water supply; sewerage, waste management and remediation activities | C155: 0.049482428 | D155: 0.02731724 | E155: 0 | F155: 0 | G155: 7.9650753e-06 | H155: 1 | I155: 0 | J155: 0.027325205 | K155: 0 | L155: 0 | M155: 0 | N155: -4.9426841e-05 | O155: 0 | P155: 0
B156: F - Construction | C156: 13.741398 | D156: 6.5967933 | E156: 1.3312848 | F156: 0 | G156: 0.0077251204 | H156: 2 | I156: 0 | J156: 7.9358032 | K156: 0 | L156: 2.4501677 | M156: 0.13900581 | N156: -0.23591778 | O156: -0.19447702 | P156: -0.025350993
B157: G - Wholesale and retail trade; repair of motor vehicles and motorcycles | C157: 44.94404 | D157: 7.1919027 | E157: 1.1043301 | F157: 0.094908173 | G157: 0.019486236 | H157: 2 | I157: 0 | J157: 8.4106272 | K157: 0 | L157: 1.1387793 | M157: 0.2963298 | N157: -0.29173504 | O157: -0.093523512 | P157: -0.16950392
B158: H - Transportation and storage | C158: 6.0687948 | D158: 3.4176825 | E158: 0.62912336 | F158: 0 | G158: 0.01192007 | H158: 2 | I158: 0 | J158: 4.058726 | K158: 0 | L158: 1.058712 | M158: 0 | N158: -0.1061328 | O158: -0.097100524 | P158: 0
B159: L - Real estate activities | C159: 5.0881881 | D159: 1.019852 | E159: 0.19489569 | F159: 0 | G159: 0.0006874919 | H159: 3 | I159: 0 | J159: 1.2154351 | K159: 0 | L159: 0 | M159: 0.0098870384 | N159: -0.013966289 | O159: 0 | P159: -0.0098870384
B160: Loans collateralised by residential immovable property | C160: 234.70745 | D160: 0.20566202 | E160: 0.18670267 | F160: 0.14312482 | G160: 0 | H160: 7 | I160: 0 | J160: 0.53548951 | K160: 0 | L160: 0.10847344 | M160: 0 | N160: -0.011695274 | O160: -0.011021332 | P160: 0
...

Sheet Physical risk(ALB)
B2: Back to contents page
B4: Banking book - Climate change physical risk: Exposures subject to physical risk***
B6: =_xlfn.XLOOKUP(B7,'[13]angol nuts kódok'!C:C,'[13]angol nuts kódok'!A:A) -> Albania
B7: AL01
B9: 30.06.2026
B10: a | C10: b | D10: c | E10: d | F10: e | G10: f | H10: g | I10: h | J10: i | K10: j | L10: k | M10: l | N10: m | O10: n | P10: o
B11: Variable: Geographical area subject to climate change physical risk - acute and chronic events | C11: Gross carrying amount (Mln EUR)*
D12: of which exposures sensitive to impact from climate change physical events**
D13: Breakdown by maturity bucket | I13: of which exposures sensitive to impact from chronic climate change events | J13: of which exposures sensitive to impact from acute climate change events | K13: of which exposures sensitive to impact both from chronic and acute climate change events | L13: Of which Stage 2 exposures | M13: Of which non-performing exposures | N13: Accumulated impairment, accumulated negative changes in fair value due to credit risk and provisions
D14: <= 5 years | E14: > 5 year <= 10 years | F14: > 10 year <= 20 years | G14: > 20 years | H14: Average weighted maturity | O14: of which Stage 2 exposures | P14: Of which non-performing exposures
B15: A - Agriculture, forestry and fishing | C15: 1.530085 | D15: 0.10813277 | E15: 0 | F15: 0 | G15: 0 | H15: 3 | I15: 0 | J15: 0.10813277 | K15: 0 | L15: 0.10813277 | M15: 0 | N15: -0.0074778426 | O15: -0.0074778426 | P15: 0
B16: B - Mining and quarrying | C16: 0 | D16: 0 | E16: 0 | F16: 0 | G16: 0 | H16: 0 | I16: 0 | J16: 0 | K16: 0 | L16: 0 | M16: 0 | N16: 0 | O16: 0 | P16: 0
B17: C - Manufacturing | C17: 18.418855 | D17: 0 | E17: 0 | F17: 0 | G17: 0 | H17: 0 | I17: 0 | J17: 0 | K17: 0 | L17: 0 | M17: 0 | N17: 0 | O17: 0 | P17: 0
B18: D - Electricity, gas, steam and air conditioning supply | C18: 0 | D18: 0 | E18: 0 | F18: 0 | G18: 0 | H18: 0 | I18: 0 | J18: 0 | K18: 0 | L18: 0 | M18: 0 | N18: 0 | O18: 0 | P18: 0
B19: E - Water supply; sewerage, waste management and remediation activities | C19: 0.20240263 | D19: 0 | E19: 0 | F19: 0 | G19: 0 | H19: 0 | I19: 0 | J19: 0 | K19: 0 | L19: 0 | M19: 0 | N19: 0 | O19: 0 | P19: 0
B20: F - Construction | C20: 16.116957 | D20: 0 | E20: 0 | F20: 0 | G20: 0 | H20: 0 | I20: 0 | J20: 0 | K20: 0 | L20: 0 | M20: 0 | N20: 0 | O20: 0 | P20: 0
B21: G - Wholesale and retail trade; repair of motor vehicles and motorcycles | C21: 63.891207 | D21: 0 | E21: 0 | F21: 0 | G21: 0 | H21: 0 | I21: 0 | J21: 0 | K21: 0 | L21: 0 | M21: 0 | N21: 0 | O21: 0 | P21: 0
B22: H - Transportation and storage | C22: 28.78168 | D22: 0 | E22: 0 | F22: 0 | G22: 0 | H22: 0 | I22: 0 | J22: 0 | K22: 0 | L22: 0 | M22: 0 | N22: 0 | O22: 0 | P22: 0
B23: L - Real estate activities | C23: 3.5983992 | D23: 0 | E23: 0 | F23: 0 | G23: 0 | H23: 0 | I23: 0 | J23: 0 | K23: 0 | L23: 0 | M23: 0 | N23: 0 | O23: 0 | P23: 0
B24: Loans collateralised by residential immovable property | C24: 277.70898 | D24: 0.10813277 | E24: 0 | F24: 0 | G24: 0 | H24: 3 | I24: 0 | J24: 0.10813277 | K24: 0 | L24: 0.10813277 | M24: 0 | N24: -0.0074778426 | O24: -0.0074778426 | P24: 0
B25: Loans collateralised by commercial immovable property | C25: 216.95798 | D25: 0 | E25: 0 | F25: 0 | G25: 0 | H25: 0 | I25: 0 | J25: 0 | K25: 0 | L25: 0 | M25: 0 | N25: 0 | O25: 0 | P25: 0
B26: Repossessed collaterals | C26: 1.5477417 | D26: 0 | E26: 0 | F26: 0 | G26: 0 | H26: 0 | I26: 0 | J26: 0 | K26: 0 | L26: 0 | M26: 0 | N26: 0 | O26: 0 | P26: 0
... B38: U – Activities of extraterritorial organisations and bodies | C38: 0 | D38: 0 | E38: 0 | F38: 0 | G38: 0 | H38: 0 | I38: 0 | J38: 0 | K38: 0 | L38: 0 | M38: 0 | N38: 0 | O38: 0 | P38: 0
B41: AL02
B43: 30.06.2026
B44: a | C44: b | D44: c | E44: d | F44: e | G44: f | H44: g | I44: h | J44: i | K44: j | L44: k | M44: l | N44: m | O44: n | P44: o
B45: Variable: Geographical area subject to climate change physical risk - acute and chronic events | C45: Gross carrying amount (Mln EUR)*
D46: of which exposures sensitive to impact from climate change physical events**
D47: Breakdown by maturity bucket | I47: of which exposures sensitive to impact from chronic climate change events | J47: of which exposures sensitive to impact from acute climate change events | K47: of which exposures sensitive to impact both from chronic and acute climate change events | L47: Of which Stage 2 exposures | M47: Of which non-performing exposures | N47: Accumulated impairment, accumulated negative changes in fair value due to credit risk and provisions
D48: <= 5 years | E48: > 5 year <= 10 years | F48: > 10 year <= 20 years | G48: > 20 years | H48: Average weighted maturity | O48: of which Stage 2 exposures | P48: Of which non-performing exposures
B49: A - Agriculture, forestry and fishing | C49: 0.45552564 | D49: 0.0027991522 | E49: 0.065150928 | F49: 0.38757556 | G49: 0 | H49: 9 | I49: 0 | J49: 0.45552564 | K49: 0 | L49: 0.0012082608 | M49: 0 | N49: -0.0067916744 | O49: -0.00024777637 | P49: 0
B50: B - Mining and quarrying | C50: 2.3474023 | D50: 0 | E50: 0 | F50: 0 | G50: 0 | H50: 0 | I50: 0 | J50: 0 | K50: 0 | L50: 0 | M50: 0 | N50: 0 | O50: 0 | P50: 0
B51: C - Manufacturing | C51: 48.208007 | D51: 0 | E51: 0 | F51: 0 | G51: 0 | H51: 0 | I51: 0 | J51: 0 | K51: 0 | L51: 0 | M51: 0 | N51: 0 | O51: 0 | P51: 0
B52: D - Electricity, gas, steam and air conditioning supply | C52: 51.040167 | D52: 0 | E52: 0 | F52: 0 | G52: 0 | H52: 0 | I52: 0 | J52: 0 | K52: 0 | L52: 0 | M52: 0 | N52: 0 | O52: 0 | P52: 0
B53: E - Water supply; sewerage, waste management and remediation activities | C53: 0 | D53: 0 | E53: 0 | F53: 0 | G53: 0 | H53: 0 | I53: 0 | J53: 0 | K53: 0 | L53: 0 | M53: 0 | N53: 0 | O53: 0 | P53: 0
B54: F - Construction | C54: 50.381998 | D54: 0 | E54: 0 | F54: 0 | G54: 0 | H54: 0 | I54: 0 | J54: 0 | K54: 0 | L54: 0 | M54: 0 | N54: 0 | O54: 0 | P54: 0
B55: G - Wholesale and retail trade; repair of motor vehicles and motorcycles | C55: 113.1206 | D55: 0 | E55: 0 | F55: 0 | G55: 0 | H55: 0 | I55: 0 | J55: 0 | K55: 0 | L55: 0 | M55: 0 | N55: 0 | O55: 0 | P55: 0
B56: H - Transportation and storage | C56: 46.487848 | D56: 0 | E56: 0 | F56: 0 | G56: 0 | H56: 0 | I56: 0 | J56: 0 | K56: 0 | L56: 0 | M56: 0 | N56: 0 | O56: 0 | P56: 0
B57: L - Real estate activities | C57: 5.3114871 | D57: 0 | E57: 0 | F57: 0 | G57: 0 | H57: 0 | I57: 0 | J57: 0 | K57: 0 | L57: 0 | M57: 0 | N57: 0 | O57: 0 | P57: 0
B58: Loans collateralised by residential immovable property | C58: 110.31419 | D58: 0.0015908914 | E58: 0 | F58: 0 | G58: 0 | H58: 0 | I58: 0 | J58: 0.0015908914 | K58: 0 | L58: 0 | M58: 0 | N58: -1.5533024e-05 | O58: 0 | P58: 0
B59: Loans collateralised by commercial immovable property | C59: 397.16636 | D59: 0.0012082608 | E59: 0.065150928 | F59: 0.38757556 | G59: 0 | H59: 9 | I59: 0 | J59: 0.45393475 | K59: 0 | L59: 0.0012082608 | M59: 0 | N59: -0.0067761414 | O59: -0.00024777637 | P59: 0
B60: Repossessed collaterals | C60: 0.11859647 | D60: 0 | E60: 0 | F60: 0 | G60: 0 | H60: 0 | I60: 0 | J60: 0 | K60: 0 | L60: 0 | M60: 0 | N60: 0 | O60: 0 | P60: 0
... B72: U – Activities of extraterritorial organisations and bodies | C72: 0 | D72: 0 | E72: 0 | F72: 0 | G72: 0 | H72: 0 | I72: 0 | J72: 0 | K72: 0 | L72: 0 | M72: 0 | N72: 0 | O72: 0 | P72: 0
B75: AL03
B77: 30.06.2026
B78: a | C78: b | D78: c | E78: d | F78: e | G78: f | H78: g | I78: h | J78: i | K78: j | L78: k | M78: l | N78: m | O78: n | P78: o
B79: Variable: Geographical area subject to climate change physical risk - acute and chronic events | C79: Gross carrying amount (Mln EUR)*
D80: of which exposures sensitive to impact from climate change physical events**
D81: Breakdown by maturity bucket | I81: of which exposures sensitive to impact from chronic climate change events | J81: of which exposures sensitive to impact from acute climate change events | K81: of which exposures sensitive to impact both from chronic and acute climate change events | L81: Of which Stage 2 exposures | M81: Of which non-performing exposures | N81: Accumulated impairment, accumulated negative changes in fair value due to credit risk and provisions
D82: <= 5 years | E82: > 5 year <= 10 years | F82: > 10 year <= 20 years | G82: > 20 years | H82: Average weighted maturity | O82: of which Stage 2 exposures | P82: Of which non-performing exposures
B83: A - Agriculture, forestry and fishing | C83: 4.1255386 | D83: 1.57401 | E83: 0.33746323 | F83: 0 | G83: 0 | H83: 2 | I83: 0.50922068 | J83: 0.78589267 | K83: 0.61635988 | L83: 0.4118729 | M83: 0.54597025 | N83: -0.27685105 | O83: -0.03148879 | P83: -0.23260941
B84: B - Mining and quarrying | C84: 0.46085914 | D84: 0 | E84: 0 | F84: 0 | G84: 0 | H84: 0 | I84: 0 | J84: 0 | K84: 0 | L84: 0 | M84: 0 | N84: 0 | O84: 0 | P84: 0
B85: C - Manufacturing | C85: 14.401811 | D85: 0.27900426 | E85: 0.3246929 | F85: 0 | G85: 0 | H85: 5 | I85: 0.60369716 | J85: 0 | K85: 0 | L85: 0.20212565 | M85: 0.076878606 | N85: -0.051951714 | O85: -0.017051539 | P85: -0.030502887
B86: D - Electricity, gas, steam and air conditioning supply | C86: 3.9968991 | D86: 0 | E86: 0 | F86: 0 | G86: 0 | H86: 0 | I86: 0 | J86: 0 | K86: 0 | L86: 0 | M86: 0 | N86: 0 | O86: 0 | P86: 0
B87: E - Water supply; sewerage, waste management and remediation activities | C87: 0 | D87: 0 | E87: 0 | F87: 0 | G87: 0 | H87: 0 | I87: 0 | J87: 0 | K87: 0 | L87: 0 | M87: 0 | N87: 0 | O87: 0 | P87: 0
B88: F - Construction | C88: 27.481193 | D88: 0 | E88: 0 | F88: 0 | G88: 0 | H88: 0 | I88: 0 | J88: 0 | K88: 0 | L88: 0 | M88: 0 | N88: 0 | O88: 0 | P88: 0
B89: G - Wholesale and retail trade; repair of motor vehicles and motorcycles | C89: 24.391032 | D89: 0 | E89: 0 | F89: 0 | G89: 0 | H89: 0 | I89: 0 | J89: 0 | K89: 0 | L89: 0 | M89: 0 | N89: 0 | O89: 0 | P89: 0
B90: H - Transportation and storage | C90: 0.53084034 | D90: 0 | E90: 0 | F90: 0 | G90: 0 | H90: 0 | I90: 0 | J90: 0 | K90: 0 | L90: 0 | M90: 0 | N90: 0 | O90: 0 | P90: 0
B91: L - Real estate activities | C91: 2.4833801 | D91: 0 | E91: 0 | F91: 0 | G91: 0 | H91: 0 | I91: 0 | J91: 0 | K91: 0 | L91: 0 | M91: 0 | N91: 0 | O91: 0 | P91: 0
B92: Loans collateralised by residential immovable property | C92: 7.7947999 | D92: 0.026878217 | E92: 0 | F92: 0 | G92: 0 | H92: 4 | I92: 0 | J92: 0.00063708773 | K92: 0.026241129 | L92: 0 | M92: 0 | N92: -0.00026239685 | O92: 0 | P92: 0
B93: Loans collateralised by commercial immovable property | C93: 103.02506 | D93: 1.740957 | E93: 0.66215613 | F93: 0 | G93: 0 | H93: 2 | I93: 1.0277388 | J93: 0.78525559 | K93: 0.59011875 | L93: 0.52881952 | M93: 0.62284885 | N93: -0.32083016 | O93: -0.040830117 | P93: -0.2631123
B94: Repossessed collaterals | C94: 0.20829259 | D94: 0 | E94: 0 | F94: 0 | G94: 0 | H94: 0 | I94: 0 | J94: 0 | K94: 0 | L94: 0 | M94: 0 | N94: 0 | O94: 0 | P94: 0
... B106: U – Activities of extraterritorial organisations and bodies | C106: 0 | D106: 0 | E106: 0 | F106: 0 | G106: 0 | H106: 0 | I106: 0 | J106: 0 | K106: 0 | L106: 0 | M106: 0 | N106: 0 | O106: 0 | P106: 0
B108: FX: 355,05
B109: *** This section presents the methodological background, database-building approach and scope of application of physical risk assessments. In line with supervisory expectations, OTP has developed its methodological framework for measuring, quantifying and assessing climate change-related and other environmental risks. As part of this framework, OTP applies a climate risk model that establishes a link between climate-related risk drivers and financial risks and assesses physical climate risk exposure on the basis of the financial characteristics and geographical location of the companies financed by the bank. OTP’s climate risk assessment takes into account both acute and chronic physical risk drivers and incorporates available insurance information into the risk assessment. In order to identify geographical areas exposed to specific climate-related hazards, a geospatial-data-based reference database has been developed, enabling the identification of exposures affected by acute and chronic events. As part of mapping potential data sources, the acute and chronic physical risks that may be relevant in the operating countries of the banking group and may have a significant impact on the affected exposures were identified. Following an assessment of the data content, geographical coverage and accessibility of various online data sources, the underlying data for the ESG physical risk database were obtained and processed. The physical risk assessments for Albania were carried out with the following physical risks: heatwave risk, erosion risk, sea spreading risk, air pollution risk, drought risk, earthquake risk, flood risk, forest burnt risk, frost risk, gusts risk, landslide risk, mean species abundance risk, heavy precipitation risk.
B110: Physical risk for Albania: Heatwave risk: Number of days within an event with temperatures exceeding 30°C for three consecutive days within a year. Data sources: Copernicus EDO. Soil erosion risk: Gross soil erosion rates according to the erosion potential model (EPM versus mEPM). Values for soil erosion: • 1: 0-1 t/hectare/year • 2: 1-3 t/h/year • 3: 3-5 t/h/year • 4: 5-10 t/h/year • 5: 10-20 t/h/year • 6: >20 t/h/year Data sources: GSE: Global Soil Erodibility – ESDAC, EPM: Erosion Potential Method – ESDAC. Sea spreading risk: Area under sea with a sea level rise of 1m (in hectares), Data source: USGS Earth Explorer Air pollution risk: Number of days with PM10 exceeding an average value of 45 (µg/m³) within a year. Data source: Copernicus Atmosphere Monitoring Service Drought risk: Average of the number of "Alert" signals within a year based on the CDI index with a 10-day resolution. Data source: Copernicus EDO. Earthquake risk: Maximum surface acceleration value for earthquakes (m/s2) with a 10% chance of occurring every 50 years in regional maxima. Data source: Global Seismic Hazard Map – GEM. Flood risk: Ratio of potentially 50 yearly flood discharges to the area of the region. Wildfires risk: Percentage of forest area burnt in the period 2001-2023 compared to the area of forests in the region. Data source: JRC Open Data – CEMS EFAS Spring frost risk: Number of spring frost days (minimum temperature <0°C). Data sources: Copernicus EDO. Windstorm risk: Maximum 3-second gust at 10 meters over a 72-hour period - annual average (m/s) (2000-2011). Data source: Copernicus Climate Data Store. Landslide risk: Probability of landslides: 1: Low chance; 2: Moderately low chance; 3: Medium chance; 4: Moderately high chance; 5: High chance. Data source: ELSUS v2 – ESDAC Biodiversity loss risk: MSA (Mean Species Abundance) value, 0 to 1, where 1 is near-natural and 0 is depredation (total extinction of native species). Data source: GLOBIO. Extreme precipitation risk: Number of days with precipitation within a year (20mm< ; 2010-2019 average). Data source: Copernicus Climate Data Store
B111: * The total gross book value includes data for the following countries: Albania. For Albania, the data are presented at Administrative District Boundaries level 1.
B112: ** This section includes data on exposures in the banking book to non-financial corporations exposed to chronic and acute climate-related hazards. The table presents data by sector of economic activity and by the geographical location of the client or the collateral for sectors and geographical areas exposed to acute and chronic climate change events.

Sheet Physical risk(BGR)
B2: Back to contents page
B4: Banking book - Climate change physical risk: Exposures subject to physical risk***
B6: =_xlfn.XLOOKUP(B7,'[13]angol nuts kódok'!C:C,'[13]angol nuts kódok'!A:A) -> Bulgaria
B7: BG311
B9: 30.06.2026
B10: a | C10: b | D10: c | E10: d | F10: e | G10: f | H10: g | I10: h | J10: i | K10: j | L10: k | M10: l | N10: m | O10: n | P10: o
B11: Variable: Geographical area subject to climate change physical risk - acute and chronic events | C11: Gross carrying amount (Mln EUR)*
D12: of which exposures sensitive to impact from climate change physical events**
D13: Breakdown by maturity bucket | I13: of which exposures sensitive to impact from chronic climate change events | J13: of which exposures sensitive to impact from acute climate change events | K13: of which exposures sensitive to impact both from chronic and acute climate change events | L13: Of which Stage 2 exposures | M13: Of which non-performing exposures | N13: Accumulated impairment, accumulated negative changes in fair value due to credit risk and provisions
D14: <= 5 years | E14: > 5 year <= 10 years | F14: > 10 year <= 20 years | G14: > 20 years | H14: Average weighted maturity | O14: of which Stage 2 exposures | P14: Of which non-performing exposures
B15: A - Agriculture, forestry and fishing | C15: 2.2064647 | D15: 0.22888103 | E15: 0.031921341 | F15: 0 | G15: 0 | H15: 3 | I15: 0.26080237 | J15: 0 | K15: 0 | L15: 0 | M15: 0 | N15: -0.0028120856 | O15: 0 | P15: 0
B16: B - Mining and quarrying | C16: 0 | D16: 0 | E16: 0 | F16: 0 | G16: 0 | H16: 0 | I16: 0 | J16: 0 | K16: 0 | L16: 0 | M16: 0 | N16: 0 | O16: 0 | P16: 0
B17: C - Manufacturing | C17: 5.899907 | D17: 0.045787841 | E17: 0 | F17: 0 | G17: 0 | H17: 0 | I17: 0.045787841 | J17: 0 | K17: 0 | L17: 0 | M17: 6.2889734e-05 | N17: -0.00060303056 | O17: 0 | P17: -6.2889734e-05
B18: D - Electricity, gas, steam and air conditioning supply | C18: 0.71641261 | D18: 0 | E18: 0 | F18: 0 | G18: 0 | H18: 0 | I18: 0 | J18: 0 | K18: 0 | L18: 0 | M18: 0 | N18: 0 | O18: 0 | P18: 0
B19: E - Water supply; sewerage, waste management and remediation activities | C19: 0 | D19: 0 | E19: 0 | F19: 0 | G19: 0 | H19: 0 | I19: 0 | J19: 0 | K19: 0 | L19: 0 | M19: 0 | N19: 0 | O19: 0 | P19: 0
B20: F - Construction | C20: 0.00053911843 | D20: 0 | E20: 0 | F20: 0 | G20: 0 | H20: 0 | I20: 0 | J20: 0 | K20: 0 | L20: 0 | M20: 0 | N20: 0 | O20: 0 | P20: 0
B21: G - Wholesale and retail trade; repair of motor vehicles and motorcycles | C21: 1.0419249 | D21: 0 | E21: 0 | F21: 0 | G21: 0 | H21: 0 | I21: 0 | J21: 0 | K21: 0 | L21: 0 | M21: 0 | N21: 0 | O21: 0 | P21: 0
B22: H - Transportation and storage | C22: 0.98548755 | D22: 0 | E22: 0 | F22: 0 | G22: 0 | H22: 0 | I22: 0 | J22: 0 | K22: 0 | L22: 0 | M22: 0 | N22: 0 | O22: 0 | P22: 0
B23: L - Real estate activities | C23: 0.02975998 | D23: 0 | E23: 0 | F23: 0 | G23: 0 | H23: 0 | I23: 0 | J23: 0 | K23: 0 | L23: 0 | M23: 0 | N23: 0 | O23: 0 | P23: 0
B24: Loans collateralised by residential immovable property | C24: 15.490077 | D24: 0 | E24: 0 | F24: 0 | G24: 0 | H24: 0 | I24: 0 | J24: 0 | K24: 0 | L24: 0 | M24: 0 | N24: 0 | O24: 0 | P24: 0
B25: Loans collateralised by commercial immovable property | C25: 8.1872857 | D25: 0 | E25: 0.031921341 | F25: 0 | G25: 0 | H25: 7 | I25: 0.031921341 | J25: 0 | K25: 0 | L25: 0 | M25: 0 | N25: -0.00022494015 | O25: 0 | P25: 0
B26: Repossessed collaterals | C26: 0 | D26: 0 | E26: 0 | F26: 0 | G26: 0 | H26: 0 | I26: 0 | J26: 0 | K26: 0 | L26: 0 | M26: 0 | N26: 0 | O26: 0 | P26: 0
... B38: U – Activities of extraterritorial organisations and bodies | C38: 0 | D38: 0 | E38: 0 | F38: 0 | G38: 0 | H38: 0 | I38: 0 | J38: 0 | K38: 0 | L38: 0 | M38: 0 | N38: 0 | O38: 0 | P38: 0
B41: BG312
B43: 30.06.2026
B44: a | C44: b | D44: c | E44: d | F44: e | G44: f | H44: g | I44: h | J44: i | K44: j | L44: k | M44: l | N44: m | O44: n | P44: o
B45: Variable: Geographical area subject to climate change physical risk - acute and chronic events | C45: Gross carrying amount (Mln EUR)*
D46: of which exposures sensitive to impact from climate change physical events**
D47: Breakdown by maturity bucket | I47: of which exposures sensitive to impact from chronic climate change events | J47: of which exposures sensitive to impact from acute climate change events | K47: of which exposures sensitive to impact both from chronic and acute climate change events | L47: Of which Stage 2 exposures | M47: Of which non-performing exposures | N47: Accumulated impairment, accumulated negative changes in fair value due to credit risk and provisions
D48: <= 5 years | E48: > 5 year <= 10 years | F48: > 10 year <= 20 years | G48: > 20 years | H48: Average weighted maturity | O48: of which Stage 2 exposures | P48: Of which non-performing exposures
B49: A - Agriculture, forestry and fishing | C49: 0.33700486 | D49: 0.33700456 | E49: 0 | F49: 0 | G49: 3.01366e-07 | H49: 2 | I49: 0.21268801 | J49: 0 | K49: 0.12431685 | L49: 0.01374309 | M49: 0.00029821997 | N49: -0.0047487481 | O49: -0.00089437826 | P49: -0.00029821997
B50: B - Mining and quarrying | C50: 0 | D50: 0 | E50: 0 | F50: 0 | G50: 0 | H50: 0 | I50: 0 | J50: 0 | K50: 0 | L50: 0 | M50: 0 | N50: 0 | O50: 0 | P50: 0
B51: C - Manufacturing | C51: 2.5676143 | D51: 2.5675288 | E51: 0 | F51: 0 | G51: 8.5528799e-05 | H51: 1 | I51: 2.5676143 | J51: 0 | K51: 0 | L51: 2.1309031 | M51: 0.0010453316 | N51: -0.15369867 | O51: -0.14857716 | P51: -0.0010453316
B52: D - Electricity, gas, steam and air conditioning supply | C52: 4.4688549 | D52: 0 | E52: 0 | F52: 0 | G52: 0 | H52: 0 | I52: 0 | J52: 0 | K52: 0 | L52: 0 | M52: 0 | N52: 0 | O52: 0 | P52: 0
B53: E - Water supply; sewerage, waste management and remediation activities | C53: 0.040991779 | D53: 0 | E53: 0 | F53: 0 | G53: 0 | H53: 0 | I53: 0 | J53: 0 | K53: 0 | L53: 0 | M53: 0 | N53: 0 | O53: 0 | P53: 0
B54: F - Construction | C54: 0.2340902 | D54: 0.2340902 | E54: 0 | F54: 0 | G54: 0 | H54: 3 | I54: 0.2340902 | J54: 0 | K54: 0 | L54: 0 | M54: 0 | N54: -0.0022796986 | O54: 0 | P54: 0
B55: G - Wholesale and retail trade; repair of motor vehicles and motorcycles | C55: 4.4282134 | D55: 0 | E55: 0 | F55: 0 | G55: 0 | H55: 0 | I55: 0 | J55: 0 | K55: 0 | L55: 0 | M55: 0 | N55: 0 | O55: 0 | P55: 0
B56: H - Transportation and storage | C56: 0.34124982 | D56: 0.30799848 | E56: 0.03324196 | F56: 0 | G56: 9.3789607e-06 | H56: 2 | I56: 0.34124982 | J56: 0 | K56: 0 | L56: 0.03327889 | M56: 0.0045566399 | N56: -0.0091657091 | O56: -0.0026441712 | P56: -0.0031882186
B57: L - Real estate activities | C57: 0 | D57: 0 | E57: 0 | F57: 0 | G57: 0 | H57: 0 | I57: 0 | J57: 0 | K57: 0 | L57: 0 | M57: 0 | N57: 0 | O57: 0 | P57: 0
B58: Loans collateralised by residential immovable property | C58: 15.937652 | D58: 0.049858341 | E58: 0 | F58: 0 | G58: 0.01926494 | H58: 7 | I58: 0.069123281 | J58: 0 | K58: 0 | L58: 0.01926494 | M58: 0 | N58: -0.00082323335 | O58: -0.00046706098 | P58: 0
B59: Loans collateralised by commercial immovable property | C59: 6.3466577 | D59: 0.23716782 | E59: 0.03324196 | F59: 0 | G59: 0 | H59: 4 | I59: 0.27040978 | J59: 0 | K59: 0 | L59: 0.13676467 | M59: 0.00021700042 | N59: -0.012142129 | O59: -0.01117132 | P59: -0.00021700042
B60: Repossessed collaterals | C60: 0 | D60: 0 | E60: 0 | F60: 0 | G60: 0 | H60: 0 | I60: 0 | J60: 0 | K60: 0 | L60: 0 | M60: 0 | N60: 0 | O60: 0 | P60: 0
... B72: U – Activities of extraterritorial organisations and bodies | C72: 0 | D72: 0 | E72: 0 | F72: 0 | G72: 0 | H72: 0 | I72: 0 | J72: 0 | K72: 0 | L72: 0 | M72: 0 | N72: 0 | O72: 0 | P72: 0
B75: BG313
B77: 30.06.2026
B78: a | C78: b | D78: c | E78: d | F78: e | G78: f | H78: g | I78: h | J78: i | K78: j | L78: k | M78: l | N78: m | O78: n | P78: o
B79: Variable: Geographical area subject to climate change physical risk - acute and chronic events | C79: Gross carrying amount (Mln EUR)*
D80: of which exposures sensitive to impact from climate change physical events**
D81: Breakdown by maturity bucket | I81: of which exposures sensitive to impact from chronic climate change events | J81: of which exposures sensitive to impact from acute climate change events | K81: of which exposures sensitive to impact both from chronic and acute climate change events | L81: Of which Stage 2 exposures | M81: Of which non-performing exposures | N81: Accumulated impairment, accumulated negative changes in fair value due to credit risk and provisions
D82: <= 5 years | E82: > 5 year <= 10 years | F82: > 10 year <= 20 years | G82: > 20 years | H82: Average weighted maturity | O82: of which Stage 2 exposures | P82: Of which non-performing exposures
B83: A - Agriculture, forestry and fishing | C83: 7.6421397 | D83: 6.946614 | E83: 0.28436174 | F83: 0 | G83: 0.00039314463 | H83: 1 | I83: 3.1045292 | J83: 3.7752611 | K83: 0.3515785 | L83: 0.35518811 | M83: 0.35277746 | N83: -0.17987506 | O83: -0.023638473 | P83: -0.10554579
B84: B - Mining and quarrying | C84: 0 | D84: 0 | E84: 0 | F84: 0 | G84: 0 | H84: 0 | I84: 0 | J84: 0 | K84: 0 | L84: 0 | M84: 0 | N84: 0 | O84: 0 | P84: 0
B85: C - Manufacturing | C85: 1.6419852 | D85: 1.3830718 | E85: 0.14409105 | F85: 0 | G85: 3.7881988e-05 | H85: 2 | I85: 1.5272007 | J85: 0 | K85: 0 | L85: 0.4020013 | M85: 9.6789185e-05 | N85: -0.037655322 | O85: -0.0272699 | P85: -9.6789185e-05
B86: D - Electricity, gas, steam and air conditioning supply | C86: 5.6319525 | D86: 0 | E86: 0 | F86: 0 | G86: 0 | H86: 0 | I86: 0 | J86: 0 | K86: 0 | L86: 0 | M86: 0 | N86: 0 | O86: 0 | P86: 0
B87: E - Water supply; sewerage, waste management and remediation activities | C87: 0 | D87: 0 | E87: 0 | F87: 0 | G87: 0 | H87: 0 | I87: 0 | J87: 0 | K87: 0 | L87: 0 | M87: 0 | N87: 0 | O87: 0 | P87: 0
B88: F - Construction | C88: 1.6175962 | D88: 1.5737525 | E88: 0 | F88: 0 | G88: 6.7979158e-05 | H88: 3 | I88: 1.5738204 | J88: 0 | K88: 0 | L88: 0.050708382 | M88: 0.088584281 | N88: -0.062683047 | O88: -0.0041179017 | P88: -0.053622442
B89: G - Wholesale and retail trade; repair of motor vehicles and motorcycles | C89: 3.6103599 | D89: 0 | E89: 0 | F89: 0 | G89: 0 | H89: 0 | I89: 0 | J89: 0 | K89: 0 | L89: 0 | M89: 0 | N89: 0 | O89: 0 | P89: 0
B90: H - Transportation and storage | C90: 1.8967998 | D90: 1.3547053 | E90: 0.30815 | F90: 0 | G90: 8.5089424e-05 | H90: 2 | I90: 1.6629404 | J90: 0 | K90: 0 | L90: 0.32235207 | M90: 0.01155446 | N90: -0.066255601 | O90: -0.041193449 | P90: -0.01151117
B91: L - Real estate activities | C91: 3.8099175 | D91: 0 | E91: 0 | F91: 0 | G91: 0 | H91: 0 | I91: 0 | J91: 0 | K91: 0 | L91: 0 | M91: 0 | N91: 0 | O91: 0 | P91: 0
B92: Loans collateralised by residential immovable property | C92: 38.891396 | D92: 0.20187182 | E92: 0 | F92: 0 | G92: 0 | H92: 2 | I92: 0.20187182 | J92: 0 | K92: 0 | L92: 0.0048032193 | M92: 0.17037094 | N92: -0.041703523 | O92: -0.0001645909 | P92: -0.041211981
B93: Loans collateralised by commercial immovable property | C93: 17.521158 | D93: 3.6474092 | E93: 0.88266453 | F93: 0 | G93: 0 | H93: 2 | I93: 3.4165179 | J93: 0.91168334 | K93: 0.20187247 | L93: 0.37460613 | M93: 0.16357256 | N93: -0.11296369 | O93: -0.03061555 | P93: -0.050331052
B94: Repossessed collaterals | C94: 0 | D94: 0 | E94: 0 | F94: 0 | G94: 0 | H94: 0 | I94: 0 | J94: 0 | K94: 0 | L94: 0 | M94: 0 | N94: 0 | O94: 0 | P94: 0
... B106: U – Activities of extraterritorial organisations and bodies | C106: 0 | D106: 0 | E106: 0 | F106: 0 | G106: 0 | H106: 0 | I106: 0 | J106: 0 | K106: 0 | L106: 0 | M106: 0 | N106: 0 | O106: 0 | P106: 0
B109: BG314
B111: 30.06.2026
B112: a | C112: b | D112: c | E112: d | F112: e | G112: f | H112: g | I112: h | J112: i | K112: j | L112: k | M112: l | N112: m | O112: n | P112: o
B113: Variable: Geographical area subject to climate change physical risk - acute and chronic events | C113: Gross carrying amount (Mln EUR)*
D114: of which exposures sensitive to impact from climate change physical events**
D115: Breakdown by maturity bucket | I115: of which exposures sensitive to impact from chronic climate change events | J115: of which exposures sensitive to impact from acute climate change events | K115: of which exposures sensitive to impact both from chronic and acute climate change events | L115: Of which Stage 2 exposures | M115: Of which non-performing exposures | N115: Accumulated impairment, accumulated negative changes in fair value due to credit risk and provisions
D116: <= 5 years | E116: > 5 year <= 10 years | F116: > 10 year <= 20 years | G116: > 20 years | H116: Average weighted maturity | O116: of which Stage 2 exposures | P116: Of which non-performing exposures
B117: A - Agriculture, forestry and fishing | C117: 4.8845447 | D117: 3.7441726 | E117: 0.97376001 | F117: 0 | G117: 4.0050697e-05 | H117: 2 | I117: 0.026377738 | J117: 4.689197 | K117: 0.0023978792 | L117: 2.5408941 | M117: 0 | N117: -0.17581167 | O117: -0.15247926 | P117: 0
B118: B - Mining and quarrying | C118: 0.041499149 | D118: 0 | E118: 0 | F118: 0 | G118: 0 | H118: 0 | I118: 0 | J118: 0 | K118: 0 | L118: 0 | M118: 0 | N118: 0 | O118: 0 | P118: 0
B119: C - Manufacturing | C119: 21.056646 | D119: 0.048626041 | E119: 0.10088262 | F119: 0 | G119: 4.3807914e-05 | H119: 5 | I119: 0.14955247 | J119: 0 | K119: 0 | L119: 0 | M119: 5.286861e-05 | N119: -0.0014844895 | O119: 0 | P119: -5.286861e-05
B120: D - Electricity, gas, steam and air conditioning supply | C120: 0.14979235 | D120: 0 | E120: 0 | F120: 0 | G120: 0 | H120: 0 | I120: 0 | J120: 0 | K120: 0 | L120: 0 | M120: 0 | N120: 0 | O120: 0 | P120: 0
B121: E - Water supply; sewerage, waste management and remediation activities | C121: 0.02177488 | D121: 0 | E121: 0 | F121: 0 | G121: 0 | H121: 0 | I121: 0 | J121: 0 | K121: 0 | L121: 0 | M121: 0 | N121: 0 | O121: 0 | P121: 0
B122: F - Construction | C122: 3.2479477 | D122: 0.061316448 | E122: 0 | F122: 0 | G122: 7.1268835e-05 | H122: 2 | I122: 0.061387717 | J122: 0 | K122: 0 | L122: 0 | M122: 0.0069805689 | N122: -0.00065832981 | O122: 0 | P122: 0
B123: G - Wholesale and retail trade; repair of motor vehicles and motorcycles | C123: 14.761889 | D123: 0 | E123: 0 | F123: 0 | G123: 0 | H123: 0 | I123: 0 | J123: 0 | K123: 0 | L123: 0 | M123: 0 | N123: 0 | O123: 0 | P123: 0
B124: H - Transportation and storage | C124: 0.69879692 | D124: 0.081510996 | E124: 0 | F124: 0 | G124: 6.3934657e-07 | H124: 3 | I124: 0.081511635 | J124: 0 | K124: 0 | L124: 0.030005199 | M124: 0.00029372764 | N124: -0.0067909872 | O124: -0.0061622081 | P124: 0
B125: L - Real estate activities | C125: 5.5838194 | D125: 0 | E125: 0 | F125: 0 | G125: 0 | H125: 0 | I125: 0 | J125: 0 | K125: 0 | L125: 0 | M125: 0 | N125: 0 | O125: 0 | P125: 0
B126: Loans collateralised by residential immovable property | C126: 63.016399 | D126: 0 | E126: 0 | F126: 0.0093697592 | G126: 0 | H126: 12 | I126: 0 | J126: 0.0093697592 | K126: 0 | L126: 0 | M126: 0.0093697592 | N126: -0.0038809294 | O126: 0 | P126: -0.0038809294
B127: Loans collateralised by commercial immovable property | C127: 36.43487 | D127: 1.0949629 | E127: 0.97376001 | F127: 0 | G127: 0 | H127: 3 | I127: 1.5420363e-05 | J127: 2.0687074 | K127: 0 | L127: 0.76830677 | M127: 0 | N127: -0.048273071 | O127: -0.035011139 | P127: 0
B128: Repossessed collaterals | C128: 0.012568069 | D128: 0 | E128: 0 | F128: 0 | G128: 0 | H128: 0 | I128: 0 | J128: 0 | K128: 0 | L128: 0 | M128: 0 | N128: 0 | O128: 0 | P128: 0
... B140: U – Activities of extraterritorial organisations and bodies | C140: 0 | D140: 0 | E140: 0 | F140: 0 | G140: 0 | H140: 0 | I140: 0 | J140: 0 | K140: 0 | L140: 0 | M140: 0 | N140: 0 | O140: 0 | P140: 0
B143: BG315
B145: 30.06.2026
B146: a | C146: b | D146: c | E146: d | F146: e | G146: f | H146: g | I146: h | J146: i | K146: j | L146: k | M146: l | N146: m | O146: n | P146: o
B147: Variable: Geographical area subject to climate change physical risk - acute and chronic events | C147: Gross carrying amount (Mln EUR)*
D148: of which exposures sensitive to impact from climate change physical events**
D149: Breakdown by maturity bucket | I149: of which exposures sensitive to impact from chronic climate change events | J149: of which exposures sensitive to impact from acute climate change events | K149: of which exposures sensitive to impact both from chronic and acute climate change events | L149: Of which Stage 2 exposures | M149: Of which non-performing exposures | N149: Accumulated impairment, accumulated negative changes in fair value due to credit risk and provisions
D150: <= 5 years | E150: > 5 year <= 10 years | F150: > 10 year <= 20 years | G150: > 20 years | H150: Average weighted maturity | O150: of which Stage 2 exposures | P150: Of which non-performing exposures
B151: A - Agriculture, forestry and fishing | C151: 1.7108073 | D151: 0.048955091 | E151: 0 | F151: 0 | G151: 5.999155e-07 | H151: 2 | I151: 0 | J151: 0.045876581 | K151: 0.00307911 | L151: 0 | M151: 0 | N151: -0.00058835939 | O151: 0 | P151: 0
B152: B - Mining and quarrying | C152: 0 | D152: 0 | E152: 0 | F152: 0 | G152: 0 | H152: 0 | I152: 0 | J152: 0 | K152: 0 | L152: 0 | M152: 0 | N152: 0 | O152: 0 | P152: 0
B153: C - Manufacturing | C153: 10.740433 | D153: 0 | E153: 0 | F153: 0 | G153: 0 | H153: 0 | I153: 0 | J153: 0 | K153: 0 | L153: 0 | M153: 0 | N153: 0 | O153: 0 | P153: 0
B154: D - Electricity, gas, steam and air conditioning supply | C154: 4.4983336 | D154: 0 | E154: 0 | F154: 0 | G154: 0 | H154: 0 | I154: 0 | J154: 0 | K154: 0 | L154: 0 | M154: 0 | N154: 0 | O154: 0 | P154: 0
B155: E - Water supply; sewerage, waste management and remediation activities | C155: 0 | D155: 0 | E155: 0 | F155: 0 | G155: 0 | H155: 0 | I155: 0 | J155: 0 | K155: 0 | L155: 0 | M155: 0 | N155: 0 | O155: 0 | P155: 0
B156: F - Construction | C156: 0.09764732 | D156: 0 | E156: 0 | F156: 0 | G156: 0 | H156: 0 | I156: 0 | J156: 0 | K156: 0 | L156: 0 | M156: 0 | N156: 0 | O156: 0 | P156: 0
B157: G - Wholesale and retail trade; repair of motor vehicles and motorcycles | C157: 1.3151238 | D157: 0 | E157: 0 | F157: 0 | G157: 0 | H157: 0 | I157: 0 | J157: 0 | K157: 0 | L157: 0 | M157: 0 | N157: 0 | O157: 0 | P157: 0
B158: H - Transportation and storage | C158: 0.2841395 | D158: 0 | E158: 0 | F158: 0 | G158: 0 | H158: 0 | I158: 0 | J158: 0 | K158: 0 | L158: 0 | M158: 0 | N158: 0 | O158: 0 | P158: 0
B159: L - Real estate activities | C159: 0 | D159: 0 | E159: 0 | F159: 0 | G159: 0 | H159: 0 | I159: 0 | J159: 0 | K159: 0 | L159: 0 | M159: 0 | N159: 0 | O159: 0 | P159: 0
B160: Loans collateralised by residential immovable property | C160: 23.24479 | D160: 0 | E160: 0 | F160: 0 | G160: 0 | H160: 0 | I160: 0 | J160: 0 | K160: 0 | L160: 0 | M160: 0 | N160: 0 | O160: 0 | P160: 0
...

Sheet Physical risk(HRV)
B2: Back to contents page
B4: Banking book - Climate change physical risk: Exposures subject to physical risk***
B6: =_xlfn.XLOOKUP(B7,'[13]angol nuts kódok'!C:C,'[13]angol nuts kódok'!A:A) -> Croatia
B7: HR021
B9: 30.06.2026
B10: a | C10: b | D10: c | E10: d | F10: e | G10: f | H10: g | I10: h | J10: i | K10: j | L10: k | M10: l | N10: m | O10: n | P10: o
B11: Variable: Geographical area subject to climate change physical risk - acute and chronic events | C11: Gross carrying amount (Mln EUR)*
D12: of which exposures sensitive to impact from climate change physical events**
D13: Breakdown by maturity bucket | I13: of which exposures sensitive to impact from chronic climate change events | J13: of which exposures sensitive to impact from acute climate change events | K13: of which exposures sensitive to impact both from chronic and acute climate change events | L13: Of which Stage 2 exposures | M13: Of which non-performing exposures | N13: Accumulated impairment, accumulated negative changes in fair value due to credit risk and provisions
D14: <= 5 years | E14: > 5 year <= 10 years | F14: > 10 year <= 20 years | G14: > 20 years | H14: Average weighted maturity | O14: of which Stage 2 exposures | P14: Of which non-performing exposures
B15: A - Agriculture, forestry and fishing | C15: 1.2542829 | D15: 0.15069653 | E15: 0.82466332 | F15: 0 | G15: 8.4909168e-05 | H15: 7 | I15: 0 | J15: 0.97544476 | K15: 0 | L15: 0.74629935 | M15: 0 | N15: -0.024658161 | O15: -0.022369461 | P15: 0
B16: B - Mining and quarrying | C16: 0 | D16: 0 | E16: 0 | F16: 0 | G16: 0 | H16: 0 | I16: 0 | J16: 0 | K16: 0 | L16: 0 | M16: 0 | N16: 0 | O16: 0 | P16: 0
B17: C - Manufacturing | C17: 6.0879638 | D17: 0 | E17: 0 | F17: 0 | G17: 0 | H17: 0 | I17: 0 | J17: 0 | K17: 0 | L17: 0 | M17: 0 | N17: 0 | O17: 0 | P17: 0
B18: D - Electricity, gas, steam and air conditioning supply | C18: 19.254385 | D18: 0 | E18: 0 | F18: 0 | G18: 0 | H18: 0 | I18: 0 | J18: 0 | K18: 0 | L18: 0 | M18: 0 | N18: 0 | O18: 0 | P18: 0
B19: E - Water supply; sewerage, waste management and remediation activities | C19: 0 | D19: 0 | E19: 0 | F19: 0 | G19: 0 | H19: 0 | I19: 0 | J19: 0 | K19: 0 | L19: 0 | M19: 0 | N19: 0 | O19: 0 | P19: 0
B20: F - Construction | C20: 0 | D20: 0 | E20: 0 | F20: 0 | G20: 0 | H20: 0 | I20: 0 | J20: 0 | K20: 0 | L20: 0 | M20: 0 | N20: 0 | O20: 0 | P20: 0
B21: G - Wholesale and retail trade; repair of motor vehicles and motorcycles | C21: 0.23195516 | D21: 0 | E21: 0 | F21: 0 | G21: 0 | H21: 0 | I21: 0 | J21: 0 | K21: 0 | L21: 0 | M21: 0 | N21: 0 | O21: 0 | P21: 0
B22: H - Transportation and storage | C22: 0 | D22: 0 | E22: 0 | F22: 0 | G22: 0 | H22: 0 | I22: 0 | J22: 0 | K22: 0 | L22: 0 | M22: 0 | N22: 0 | O22: 0 | P22: 0
B23: L - Real estate activities | C23: 0 | D23: 0 | E23: 0 | F23: 0 | G23: 0 | H23: 0 | I23: 0 | J23: 0 | K23: 0 | L23: 0 | M23: 0 | N23: 0 | O23: 0 | P23: 0
B24: Loans collateralised by residential immovable property | C24: 14.125175 | D24: 0 | E24: 0 | F24: 0 | G24: 0 | H24: 0 | I24: 0 | J24: 0 | K24: 0 | L24: 0 | M24: 0 | N24: 0 | O24: 0 | P24: 0
B25: Loans collateralised by commercial immovable property | C25: 24.231751 | D25: 0 | E25: 0.74629935 | F25: 0 | G25: 0 | H25: 8 | I25: 0 | J25: 0.74629935 | K25: 0 | L25: 0.74629935 | M25: 0 | N25: -0.022369461 | O25: -0.022369461 | P25: 0
B26: Repossessed collaterals | C26: 0 | D26: 0 | E26: 0 | F26: 0 | G26: 0 | H26: 0 | I26: 0 | J26: 0 | K26: 0 | L26: 0 | M26: 0 | N26: 0 | O26: 0 | P26: 0
... B38: U – Activities of extraterritorial organisations and bodies | C38: 0 | D38: 0 | E38: 0 | F38: 0 | G38: 0 | H38: 0 | I38: 0 | J38: 0 | K38: 0 | L38: 0 | M38: 0 | N38: 0 | O38: 0 | P38: 0
B41: HR022
B43: 30.06.2026
B44: a | C44: b | D44: c | E44: d | F44: e | G44: f | H44: g | I44: h | J44: i | K44: j | L44: k | M44: l | N44: m | O44: n | P44: o
B45: Variable: Geographical area subject to climate change physical risk - acute and chronic events | C45: Gross carrying amount (Mln EUR)*
D46: of which exposures sensitive to impact from climate change physical events**
D47: Breakdown by maturity bucket | I47: of which exposures sensitive to impact from chronic climate change events | J47: of which exposures sensitive to impact from acute climate change events | K47: of which exposures sensitive to impact both from chronic and acute climate change events | L47: Of which Stage 2 exposures | M47: Of which non-performing exposures | N47: Accumulated impairment, accumulated negative changes in fair value due to credit risk and provisions
D48: <= 5 years | E48: > 5 year <= 10 years | F48: > 10 year <= 20 years | G48: > 20 years | H48: Average weighted maturity | O48: of which Stage 2 exposures | P48: Of which non-performing exposures
B49: A - Agriculture, forestry and fishing | C49: 0 | D49: 0 | E49: 0 | F49: 0 | G49: 0 | H49: 0 | I49: 0 | J49: 0 | K49: 0 | L49: 0 | M49: 0 | N49: 0 | O49: 0 | P49: 0
B50: B - Mining and quarrying | C50: 0 | D50: 0 | E50: 0 | F50: 0 | G50: 0 | H50: 0 | I50: 0 | J50: 0 | K50: 0 | L50: 0 | M50: 0 | N50: 0 | O50: 0 | P50: 0
B51: C - Manufacturing | C51: 1.2387272 | D51: 0 | E51: 0 | F51: 0 | G51: 0 | H51: 0 | I51: 0 | J51: 0 | K51: 0 | L51: 0 | M51: 0 | N51: 0 | O51: 0 | P51: 0
B52: D - Electricity, gas, steam and air conditioning supply | C52: 9.7740823 | D52: 0 | E52: 0 | F52: 0 | G52: 0 | H52: 0 | I52: 0 | J52: 0 | K52: 0 | L52: 0 | M52: 0 | N52: 0 | O52: 0 | P52: 0
B53: E - Water supply; sewerage, waste management and remediation activities | C53: 0 | D53: 0 | E53: 0 | F53: 0 | G53: 0 | H53: 0 | I53: 0 | J53: 0 | K53: 0 | L53: 0 | M53: 0 | N53: 0 | O53: 0 | P53: 0
B54: F - Construction | C54: 0 | D54: 0 | E54: 0 | F54: 0 | G54: 0 | H54: 0 | I54: 0 | J54: 0 | K54: 0 | L54: 0 | M54: 0 | N54: 0 | O54: 0 | P54: 0
B55: G - Wholesale and retail trade; repair of motor vehicles and motorcycles | C55: 0 | D55: 0 | E55: 0 | F55: 0 | G55: 0 | H55: 0 | I55: 0 | J55: 0 | K55: 0 | L55: 0 | M55: 0 | N55: 0 | O55: 0 | P55: 0
B56: H - Transportation and storage | C56: 0.26926029 | D56: 0 | E56: 0 | F56: 0 | G56: 0 | H56: 0 | I56: 0 | J56: 0 | K56: 0 | L56: 0 | M56: 0 | N56: 0 | O56: 0 | P56: 0
B57: L - Real estate activities | C57: 0 | D57: 0 | E57: 0 | F57: 0 | G57: 0 | H57: 0 | I57: 0 | J57: 0 | K57: 0 | L57: 0 | M57: 0 | N57: 0 | O57: 0 | P57: 0
B58: Loans collateralised by residential immovable property | C58: 1.924074 | D58: 0 | E58: 0 | F58: 0 | G58: 0 | H58: 0 | I58: 0 | J58: 0 | K58: 0 | L58: 0 | M58: 0 | N58: 0 | O58: 0 | P58: 0
B59: Loans collateralised by commercial immovable property | C59: 11.572237 | D59: 0.32254247 | E59: 0.85262922 | F59: 0 | G59: 0 | H59: 5 | I59: 0 | J59: 1.1751717 | K59: 0 | L59: 0 | M59: 0 | N59: -0.004055809 | O59: 0 | P59: 0
B60: Repossessed collaterals | C60: 0 | D60: 0 | E60: 0 | F60: 0 | G60: 0 | H60: 0 | I60: 0 | J60: 0 | K60: 0 | L60: 0 | M60: 0 | N60: 0 | O60: 0 | P60: 0
... B72: U – Activities of extraterritorial organisations and bodies | C72: 0 | D72: 0 | E72: 0 | F72: 0 | G72: 0 | H72: 0 | I72: 0 | J72: 0 | K72: 0 | L72: 0 | M72: 0 | N72: 0 | O72: 0 | P72: 0
B75: HR023
B77: 30.06.2026
B78: a | C78: b | D78: c | E78: d | F78: e | G78: f | H78: g | I78: h | J78: i | K78: j | L78: k | M78: l | N78: m | O78: n | P78: o
B79: Variable: Geographical area subject to climate change physical risk - acute and chronic events | C79: Gross carrying amount (Mln EUR)*
D80: of which exposures sensitive to impact from climate change physical events**
D81: Breakdown by maturity bucket | I81: of which exposures sensitive to impact from chronic climate change events | J81: of which exposures sensitive to impact from acute climate change events | K81: of which exposures sensitive to impact both from chronic and acute climate change events | L81: Of which Stage 2 exposures | M81: Of which non-performing exposures | N81: Accumulated impairment, accumulated negative changes in fair value due to credit risk and provisions
D82: <= 5 years | E82: > 5 year <= 10 years | F82: > 10 year <= 20 years | G82: > 20 years | H82: Average weighted maturity | O82: of which Stage 2 exposures | P82: Of which non-performing exposures
B83: A - Agriculture, forestry and fishing | C83: 18.505278 | D83: 0 | E83: 0 | F83: 0 | G83: 0 | H83: 0 | I83: 0 | J83: 0 | K83: 0 | L83: 0 | M83: 0 | N83: 0 | O83: 0 | P83: 0
B84: B - Mining and quarrying | C84: 0 | D84: 0 | E84: 0 | F84: 0 | G84: 0 | H84: 0 | I84: 0 | J84: 0 | K84: 0 | L84: 0 | M84: 0 | N84: 0 | O84: 0 | P84: 0
B85: C - Manufacturing | C85: 2.1785296 | D85: 0 | E85: 0 | F85: 0 | G85: 0 | H85: 0 | I85: 0 | J85: 0 | K85: 0 | L85: 0 | M85: 0 | N85: 0 | O85: 0 | P85: 0
B86: D - Electricity, gas, steam and air conditioning supply | C86: 0 | D86: 0 | E86: 0 | F86: 0 | G86: 0 | H86: 0 | I86: 0 | J86: 0 | K86: 0 | L86: 0 | M86: 0 | N86: 0 | O86: 0 | P86: 0
B87: E - Water supply; sewerage, waste management and remediation activities | C87: 0 | D87: 0 | E87: 0 | F87: 0 | G87: 0 | H87: 0 | I87: 0 | J87: 0 | K87: 0 | L87: 0 | M87: 0 | N87: 0 | O87: 0 | P87: 0
B88: F - Construction | C88: 4.655119e-05 | D88: 0 | E88: 0 | F88: 0 | G88: 0 | H88: 0 | I88: 0 | J88: 0 | K88: 0 | L88: 0 | M88: 0 | N88: 0 | O88: 0 | P88: 0
B89: G - Wholesale and retail trade; repair of motor vehicles and motorcycles | C89: 0.022352272 | D89: 0 | E89: 0 | F89: 0 | G89: 0 | H89: 0 | I89: 0 | J89: 0 | K89: 0 | L89: 0 | M89: 0 | N89: 0 | O89: 0 | P89: 0
B90: H - Transportation and storage | C90: 0 | D90: 0 | E90: 0 | F90: 0 | G90: 0 | H90: 0 | I90: 0 | J90: 0 | K90: 0 | L90: 0 | M90: 0 | N90: 0 | O90: 0 | P90: 0
B91: L - Real estate activities | C91: 0 | D91: 0 | E91: 0 | F91: 0 | G91: 0 | H91: 0 | I91: 0 | J91: 0 | K91: 0 | L91: 0 | M91: 0 | N91: 0 | O91: 0 | P91: 0
B92: Loans collateralised by residential immovable property | C92: 7.1423821 | D92: 0 | E92: 0 | F92: 0 | G92: 0 | H92: 0 | I92: 0 | J92: 0 | K92: 0 | L92: 0 | M92: 0 | N92: 0 | O92: 0 | P92: 0
B93: Loans collateralised by commercial immovable property | C93: 19.235878 | D93: 0 | E93: 0 | F93: 0 | G93: 0 | H93: 0 | I93: 0 | J93: 0 | K93: 0 | L93: 0 | M93: 0 | N93: 0 | O93: 0 | P93: 0
B94: Repossessed collaterals | C94: 0 | D94: 0 | E94: 0 | F94: 0 | G94: 0 | H94: 0 | I94: 0 | J94: 0 | K94: 0 | L94: 0 | M94: 0 | N94: 0 | O94: 0 | P94: 0
... B106: U – Activities of extraterritorial organisations and bodies | C106: 0 | D106: 0 | E106: 0 | F106: 0 | G106: 0 | H106: 0 | I106: 0 | J106: 0 | K106: 0 | L106: 0 | M106: 0 | N106: 0 | O106: 0 | P106: 0
B109: HR024
B111: 30.06.2026
B112: a | C112: b | D112: c | E112: d | F112: e | G112: f | H112: g | I112: h | J112: i | K112: j | L112: k | M112: l | N112: m | O112: n | P112: o
B113: Variable: Geographical area subject to climate change physical risk - acute and chronic events | C113: Gross carrying amount (Mln EUR)*
D114: of which exposures sensitive to impact from climate change physical events**
D115: Breakdown by maturity bucket | I115: of which exposures sensitive to impact from chronic climate change events | J115: of which exposures sensitive to impact from acute climate change events | K115: of which exposures sensitive to impact both from chronic and acute climate change events | L115: Of which Stage 2 exposures | M115: Of which non-performing exposures | N115: Accumulated impairment, accumulated negative changes in fair value due to credit risk and provisions
D116: <= 5 years | E116: > 5 year <= 10 years | F116: > 10 year <= 20 years | G116: > 20 years | H116: Average weighted maturity | O116: of which Stage 2 exposures | P116: Of which non-performing exposures
B117: A - Agriculture, forestry and fishing | C117: 0.00048589213 | D117: 0 | E117: 0 | F117: 0 | G117: 0.00048589213 | H117: 20 | I117: 0 | J117: 0.00048589213 | K117: 0 | L117: 0 | M117: 0 | N117: -4.8697367e-06 | O117: 0 | P117: 0
B118: B - Mining and quarrying | C118: 0 | D118: 0 | E118: 0 | F118: 0 | G118: 0 | H118: 0 | I118: 0 | J118: 0 | K118: 0 | L118: 0 | M118: 0 | N118: 0 | O118: 0 | P118: 0
B119: C - Manufacturing | C119: 0.35151493 | D119: 0 | E119: 0 | F119: 0 | G119: 0 | H119: 0 | I119: 0 | J119: 0 | K119: 0 | L119: 0 | M119: 0 | N119: 0 | O119: 0 | P119: 0
B120: D - Electricity, gas, steam and air conditioning supply | C120: 0 | D120: 0 | E120: 0 | F120: 0 | G120: 0 | H120: 0 | I120: 0 | J120: 0 | K120: 0 | L120: 0 | M120: 0 | N120: 0 | O120: 0 | P120: 0
B121: E - Water supply; sewerage, waste management and remediation activities | C121: 0 | D121: 0 | E121: 0 | F121: 0 | G121: 0 | H121: 0 | I121: 0 | J121: 0 | K121: 0 | L121: 0 | M121: 0 | N121: 0 | O121: 0 | P121: 0
B122: F - Construction | C122: 0 | D122: 0 | E122: 0 | F122: 0 | G122: 0 | H122: 0 | I122: 0 | J122: 0 | K122: 0 | L122: 0 | M122: 0 | N122: 0 | O122: 0 | P122: 0
B123: G - Wholesale and retail trade; repair of motor vehicles and motorcycles | C123: 0.37280577 | D123: 0 | E123: 0 | F123: 0 | G123: 0 | H123: 0 | I123: 0 | J123: 0 | K123: 0 | L123: 0 | M123: 0 | N123: 0 | O123: 0 | P123: 0
B124: H - Transportation and storage | C124: 0 | D124: 0 | E124: 0 | F124: 0 | G124: 0 | H124: 0 | I124: 0 | J124: 0 | K124: 0 | L124: 0 | M124: 0 | N124: 0 | O124: 0 | P124: 0
B125: L - Real estate activities | C125: 0 | D125: 0 | E125: 0 | F125: 0 | G125: 0 | H125: 0 | I125: 0 | J125: 0 | K125: 0 | L125: 0 | M125: 0 | N125: 0 | O125: 0 | P125: 0
B126: Loans collateralised by residential immovable property | C126: 15.012777 | D126: 0 | E126: 0 | F126: 0 | G126: 0 | H126: 0 | I126: 0 | J126: 0 | K126: 0 | L126: 0 | M126: 0 | N126: 0 | O126: 0 | P126: 0
B127: Loans collateralised by commercial immovable property | C127: 1.2577377 | D127: 0.1573538 | E127: 0 | F127: 0 | G127: 0 | H127: 3 | I127: 0 | J127: 0.1573538 | K127: 0 | L127: 0 | M127: 0 | N127: -0.0010555189 | O127: 0 | P127: 0
B128: Repossessed collaterals | C128: 0 | D128: 0 | E128: 0 | F128: 0 | G128: 0 | H128: 0 | I128: 0 | J128: 0 | K128: 0 | L128: 0 | M128: 0 | N128: 0 | O128: 0 | P128: 0
... B140: U – Activities of extraterritorial organisations and bodies | C140: 0 | D140: 0 | E140: 0 | F140: 0 | G140: 0 | H140: 0 | I140: 0 | J140: 0 | K140: 0 | L140: 0 | M140: 0 | N140: 0 | O140: 0 | P140: 0
B143: HR025
B145: 30.06.2026
B146: a | C146: b | D146: c | E146: d | F146: e | G146: f | H146: g | I146: h | J146: i | K146: j | L146: k | M146: l | N146: m | O146: n | P146: o
B147: Variable: Geographical area subject to climate change physical risk - acute and chronic events | C147: Gross carrying amount (Mln EUR)*
D148: of which exposures sensitive to impact from climate change physical events**
D149: Breakdown by maturity bucket | I149: of which exposures sensitive to impact from chronic climate change events | J149: of which exposures sensitive to impact from acute climate change events | K149: of which exposures sensitive to impact both from chronic and acute climate change events | L149: Of which Stage 2 exposures | M149: Of which non-performing exposures | N149: Accumulated impairment, accumulated negative changes in fair value due to credit risk and provisions
D150: <= 5 years | E150: > 5 year <= 10 years | F150: > 10 year <= 20 years | G150: > 20 years | H150: Average weighted maturity | O150: of which Stage 2 exposures | P150: Of which non-performing exposures
B151: A - Agriculture, forestry and fishing | C151: 46.372065 | D151: 4.9135467 | E151: 4.535785 | F151: 0 | G151: 0.0025972764 | H151: 5 | I151: 0 | J151: 9.451929 | K151: 0 | L151: 0 | M151: 0.54814156 | N151: -0.4507845 | O151: 0 | P151: -0.3836991
B152: B - Mining and quarrying | C152: 0 | D152: 0 | E152: 0 | F152: 0 | G152: 0 | H152: 0 | I152: 0 | J152: 0 | K152: 0 | L152: 0 | M152: 0 | N152: 0 | O152: 0 | P152: 0
B153: C - Manufacturing | C153: 2.0141287 | D153: 0 | E153: 0 | F153: 0 | G153: 0 | H153: 0 | I153: 0 | J153: 0 | K153: 0 | L153: 0 | M153: 0 | N153: 0 | O153: 0 | P153: 0
B154: D - Electricity, gas, steam and air conditioning supply | C154: 0.0033720293 | D154: 0 | E154: 0 | F154: 0 | G154: 0 | H154: 0 | I154: 0 | J154: 0 | K154: 0 | L154: 0 | M154: 0 | N154: 0 | O154: 0 | P154: 0
B155: E - Water supply; sewerage, waste management and remediation activities | C155: 1.0956531 | D155: 0 | E155: 0 | F155: 0 | G155: 0 | H155: 0 | I155: 0 | J155: 0 | K155: 0 | L155: 0 | M155: 0 | N155: 0 | O155: 0 | P155: 0
B156: F - Construction | C156: 0.59430359 | D156: 0 | E156: 0 | F156: 0 | G156: 0 | H156: 0 | I156: 0 | J156: 0 | K156: 0 | L156: 0 | M156: 0 | N156: 0 | O156: 0 | P156: 0
B157: G - Wholesale and retail trade; repair of motor vehicles and motorcycles | C157: 7.2661111 | D157: 0 | E157: 0 | F157: 0 | G157: 0 | H157: 0 | I157: 0 | J157: 0 | K157: 0 | L157: 0 | M157: 0 | N157: 0 | O157: 0 | P157: 0
B158: H - Transportation and storage | C158: 0.27227221 | D158: 0 | E158: 0 | F158: 0 | G158: 0 | H158: 0 | I158: 0 | J158: 0 | K158: 0 | L158: 0 | M158: 0 | N158: 0 | O158: 0 | P158: 0
B159: L - Real estate activities | C159: 0.66846266 | D159: 0 | E159: 0 | F159: 0 | G159: 0 | H159: 0 | I159: 0 | J159: 0 | K159: 0 | L159: 0 | M159: 0 | N159: 0 | O159: 0 | P159: 0
B160: Loans collateralised by residential immovable property | C160: 74.85042 | D160: 0.34004051 | E160: 0 | F160: 0 | G160: 0.00013968173 | H160: 2 | I160: 0 | J160: 0.34018019 | K160: 0 | L160: 0 | M160: 0 | N160: -0.0013519814 | O160: 0 | P160: 0
...

Sheet Physical risk(MDA)
B2: Back to contents page
B4: Banking book - Climate change physical risk: Exposures subject to physical risk***
B6: =_xlfn.XLOOKUP(B7,'[13]angol nuts kódok'!C:C,'[13]angol nuts kódok'!A:A) -> Moldova
B7: MD111
B9: 30.06.2026
B10: a | C10: b | D10: c | E10: d | F10: e | G10: f | H10: g | I10: h | J10: i | K10: j | L10: k | M10: l | N10: m | O10: n | P10: o
B11: Variable: Geographical area subject to climate change physical risk - acute and chronic events | C11: Gross carrying amount (Mln EUR)*
D12: of which exposures sensitive to impact from climate change physical events**
D13: Breakdown by maturity bucket | I13: of which exposures sensitive to impact from chronic climate change events | J13: of which exposures sensitive to impact from acute climate change events | K13: of which exposures sensitive to impact both from chronic and acute climate change events | L13: Of which Stage 2 exposures | M13: Of which non-performing exposures | N13: Accumulated impairment, accumulated negative changes in fair value due to credit risk and provisions
D14: <= 5 years | E14: > 5 year <= 10 years | F14: > 10 year <= 20 years | G14: > 20 years | H14: Average weighted maturity | O14: of which Stage 2 exposures | P14: Of which non-performing exposures
B15: A - Agriculture, forestry and fishing | C15: 8.2279075 | D15: 6.3255334 | E15: 1.8943506 | F15: 0 | G15: 0.0016991156 | H15: 2 | I15: 0 | J15: 8.2215831 | K15: 0 | L15: 1.2218388 | M15: 0.38966824 | N15: -0.4351515 | O15: -0.077507681 | P15: -0.25147112
B16: B - Mining and quarrying | C16: 0.0050172145 | D16: 0 | E16: 0 | F16: 0 | G16: 0 | H16: 0 | I16: 0 | J16: 0 | K16: 0 | L16: 0 | M16: 0 | N16: 0 | O16: 0 | P16: 0
B17: C - Manufacturing | C17: 7.0483317 | D17: 0 | E17: 0 | F17: 0 | G17: 0 | H17: 0 | I17: 0 | J17: 0 | K17: 0 | L17: 0 | M17: 0 | N17: 0 | O17: 0 | P17: 0
B18: D - Electricity, gas, steam and air conditioning supply | C18: 0 | D18: 0 | E18: 0 | F18: 0 | G18: 0 | H18: 0 | I18: 0 | J18: 0 | K18: 0 | L18: 0 | M18: 0 | N18: 0 | O18: 0 | P18: 0
B19: E - Water supply; sewerage, waste management and remediation activities | C19: 0.67383115 | D19: 0 | E19: 0 | F19: 0 | G19: 0 | H19: 0 | I19: 0 | J19: 0 | K19: 0 | L19: 0 | M19: 0 | N19: 0 | O19: 0 | P19: 0
B20: F - Construction | C20: 0.056718721 | D20: 0 | E20: 0 | F20: 0 | G20: 0 | H20: 0 | I20: 0 | J20: 0 | K20: 0 | L20: 0 | M20: 0 | N20: 0 | O20: 0 | P20: 0
B21: G - Wholesale and retail trade; repair of motor vehicles and motorcycles | C21: 12.378376 | D21: 0 | E21: 0 | F21: 0 | G21: 0 | H21: 0 | I21: 0 | J21: 0 | K21: 0 | L21: 0 | M21: 0 | N21: 0 | O21: 0 | P21: 0
B22: H - Transportation and storage | C22: 2.3766162 | D22: 0 | E22: 0 | F22: 0 | G22: 0 | H22: 0 | I22: 0 | J22: 0 | K22: 0 | L22: 0 | M22: 0 | N22: 0 | O22: 0 | P22: 0
B23: L - Real estate activities | C23: 0.18121362 | D23: 0 | E23: 0 | F23: 0 | G23: 0 | H23: 0 | I23: 0 | J23: 0 | K23: 0 | L23: 0 | M23: 0 | N23: 0 | O23: 0 | P23: 0
B24: Loans collateralised by residential immovable property | C24: 0.73720631 | D24: 0.30430383 | E24: 0 | F24: 0 | G24: 0 | H24: 1 | I24: 0 | J24: 0.30430383 | K24: 0 | L24: 0.20668759 | M24: 0 | N24: -0.012969309 | O24: -0.01091982 | P24: 0
B25: Loans collateralised by commercial immovable property | C25: 24.637656 | D25: 3.4436882 | E25: 1.8943506 | F25: 0 | G25: 0 | H25: 3 | I25: 0 | J25: 5.3380388 | K25: 0 | L25: 1.0827602 | M25: 0.15356174 | N25: -0.19456294 | O25: -0.071080372 | P25: -0.061441873
B26: Repossessed collaterals | C26: 0 | D26: 0 | E26: 0 | F26: 0 | G26: 0 | H26: 0 | I26: 0 | J26: 0 | K26: 0 | L26: 0 | M26: 0 | N26: 0 | O26: 0 | P26: 0
... B38: U – Activities of extraterritorial organisations and bodies | C38: 0 | D38: 0 | E38: 0 | F38: 0 | G38: 0 | H38: 0 | I38: 0 | J38: 0 | K38: 0 | L38: 0 | M38: 0 | N38: 0 | O38: 0 | P38: 0
B41: MD112
B43: 30.06.2026
B44: a | C44: b | D44: c | E44: d | F44: e | G44: f | H44: g | I44: h | J44: i | K44: j | L44: k | M44: l | N44: m | O44: n | P44: o
B45: Variable: Geographical area subject to climate change physical risk - acute and chronic events | C45: Gross carrying amount (Mln EUR)*
D46: of which exposures sensitive to impact from climate change physical events**
D47: Breakdown by maturity bucket | I47: of which exposures sensitive to impact from chronic climate change events | J47: of which exposures sensitive to impact from acute climate change events | K47: of which exposures sensitive to impact both from chronic and acute climate change events | L47: Of which Stage 2 exposures | M47: Of which non-performing exposures | N47: Accumulated impairment, accumulated negative changes in fair value due to credit risk and provisions
D48: <= 5 years | E48: > 5 year <= 10 years | F48: > 10 year <= 20 years | G48: > 20 years | H48: Average weighted maturity | O48: of which Stage 2 exposures | P48: Of which non-performing exposures
B49: A - Agriculture, forestry and fishing | C49: 19.108315 | D49: 11.979364 | E49: 0.45837602 | F49: 0 | G49: 0.00042697367 | H49: 3 | I49: 0 | J49: 12.438167 | K49: 0 | L49: 0.43763833 | M49: 0.078604242 | N49: -0.24694867 | O49: -0.034486453 | P49: -0.031005233
B50: B - Mining and quarrying | C50: 0 | D50: 0 | E50: 0 | F50: 0 | G50: 0 | H50: 0 | I50: 0 | J50: 0 | K50: 0 | L50: 0 | M50: 0 | N50: 0 | O50: 0 | P50: 0
B51: C - Manufacturing | C51: 10.615972 | D51: 0 | E51: 0 | F51: 0 | G51: 0 | H51: 0 | I51: 0 | J51: 0 | K51: 0 | L51: 0 | M51: 0 | N51: 0 | O51: 0 | P51: 0
B52: D - Electricity, gas, steam and air conditioning supply | C52: 13.644006 | D52: 0 | E52: 0 | F52: 0 | G52: 0 | H52: 0 | I52: 0 | J52: 0 | K52: 0 | L52: 0 | M52: 0 | N52: 0 | O52: 0 | P52: 0
B53: E - Water supply; sewerage, waste management and remediation activities | C53: 1.8750879 | D53: 0 | E53: 0 | F53: 0 | G53: 0 | H53: 0 | I53: 0 | J53: 0 | K53: 0 | L53: 0 | M53: 0 | N53: 0 | O53: 0 | P53: 0
B54: F - Construction | C54: 3.3848389 | D54: 0 | E54: 0 | F54: 0 | G54: 0 | H54: 0 | I54: 0 | J54: 0 | K54: 0 | L54: 0 | M54: 0 | N54: 0 | O54: 0 | P54: 0
B55: G - Wholesale and retail trade; repair of motor vehicles and motorcycles | C55: 15.634978 | D55: 0 | E55: 0 | F55: 0 | G55: 0 | H55: 0 | I55: 0 | J55: 0 | K55: 0 | L55: 0 | M55: 0 | N55: 0 | O55: 0 | P55: 0
B56: H - Transportation and storage | C56: 0.3945789 | D56: 0 | E56: 0 | F56: 0 | G56: 0 | H56: 0 | I56: 0 | J56: 0 | K56: 0 | L56: 0 | M56: 0 | N56: 0 | O56: 0 | P56: 0
B57: L - Real estate activities | C57: 0.13125683 | D57: 0 | E57: 0 | F57: 0 | G57: 0 | H57: 0 | I57: 0 | J57: 0 | K57: 0 | L57: 0 | M57: 0 | N57: 0 | O57: 0 | P57: 0
B58: Loans collateralised by residential immovable property | C58: 3.0330377 | D58: 1.1119008 | E58: 0 | F58: 0 | G58: 0 | H58: 1 | I58: 0 | J58: 1.1119008 | K58: 0 | L58: 0.11053964 | M58: 0.035403284 | N58: -0.03568249 | O58: -0.0072695677 | P58: -0.013354325
B59: Loans collateralised by commercial immovable property | C59: 52.848402 | D59: 9.1245743 | E59: 0.70180082 | F59: 0 | G59: 0 | H59: 3 | I59: 0 | J59: 9.8263752 | K59: 0 | L59: 0.38556648 | M59: 0.078448976 | N59: -0.20732945 | O59: -0.031597744 | P59: -0.033431446
B60: Repossessed collaterals | C60: 0 | D60: 0 | E60: 0 | F60: 0 | G60: 0 | H60: 0 | I60: 0 | J60: 0 | K60: 0 | L60: 0 | M60: 0 | N60: 0 | O60: 0 | P60: 0
... B72: U – Activities of extraterritorial organisations and bodies | C72: 0 | D72: 0 | E72: 0 | F72: 0 | G72: 0 | H72: 0 | I72: 0 | J72: 0 | K72: 0 | L72: 0 | M72: 0 | N72: 0 | O72: 0 | P72: 0
B75: MD113
B77: 30.06.2026
B78: a | C78: b | D78: c | E78: d | F78: e | G78: f | H78: g | I78: h | J78: i | K78: j | L78: k | M78: l | N78: m | O78: n | P78: o
B79: Variable: Geographical area subject to climate change physical risk - acute and chronic events | C79: Gross carrying amount (Mln EUR)*
D80: of which exposures sensitive to impact from climate change physical events**
D81: Breakdown by maturity bucket | I81: of which exposures sensitive to impact from chronic climate change events | J81: of which exposures sensitive to impact from acute climate change events | K81: of which exposures sensitive to impact both from chronic and acute climate change events | L81: Of which Stage 2 exposures | M81: Of which non-performing exposures | N81: Accumulated impairment, accumulated negative changes in fair value due to credit risk and provisions
D82: <= 5 years | E82: > 5 year <= 10 years | F82: > 10 year <= 20 years | G82: > 20 years | H82: Average weighted maturity | O82: of which Stage 2 exposures | P82: Of which non-performing exposures
B83: A - Agriculture, forestry and fishing | C83: 8.3147427 | D83: 8.1906749 | E83: 0.098468359 | F83: 0 | G83: 0.00051361498 | H83: 2 | I83: 0 | J83: 8.2896569 | K83: 0 | L83: 1.2252273 | M83: 0.07228434 | N83: -0.22701947 | O83: -0.094327193 | P83: -0.022087889
B84: B - Mining and quarrying | C84: 0 | D84: 0 | E84: 0 | F84: 0 | G84: 0 | H84: 0 | I84: 0 | J84: 0 | K84: 0 | L84: 0 | M84: 0 | N84: 0 | O84: 0 | P84: 0
B85: C - Manufacturing | C85: 0.10596215 | D85: 0 | E85: 0 | F85: 0 | G85: 0 | H85: 0 | I85: 0 | J85: 0 | K85: 0 | L85: 0 | M85: 0 | N85: 0 | O85: 0 | P85: 0
B86: D - Electricity, gas, steam and air conditioning supply | C86: 6.9211321 | D86: 0 | E86: 0 | F86: 0 | G86: 0 | H86: 0 | I86: 0 | J86: 0 | K86: 0 | L86: 0 | M86: 0 | N86: 0 | O86: 0 | P86: 0
B87: E - Water supply; sewerage, waste management and remediation activities | C87: 0 | D87: 0 | E87: 0 | F87: 0 | G87: 0 | H87: 0 | I87: 0 | J87: 0 | K87: 0 | L87: 0 | M87: 0 | N87: 0 | O87: 0 | P87: 0
B88: F - Construction | C88: 2.1816974 | D88: 0 | E88: 0 | F88: 0 | G88: 0 | H88: 0 | I88: 0 | J88: 0 | K88: 0 | L88: 0 | M88: 0 | N88: 0 | O88: 0 | P88: 0
B89: G - Wholesale and retail trade; repair of motor vehicles and motorcycles | C89: 1.4715488 | D89: 0 | E89: 0 | F89: 0 | G89: 0 | H89: 0 | I89: 0 | J89: 0 | K89: 0 | L89: 0 | M89: 0 | N89: 0 | O89: 0 | P89: 0
B90: H - Transportation and storage | C90: 0.022493711 | D90: 0 | E90: 0 | F90: 0 | G90: 0 | H90: 0 | I90: 0 | J90: 0 | K90: 0 | L90: 0 | M90: 0 | N90: 0 | O90: 0 | P90: 0
B91: L - Real estate activities | C91: 0 | D91: 0 | E91: 0 | F91: 0 | G91: 0 | H91: 0 | I91: 0 | J91: 0 | K91: 0 | L91: 0 | M91: 0 | N91: 0 | O91: 0 | P91: 0
B92: Loans collateralised by residential immovable property | C92: 0.11729739 | D92: 0.10308786 | E92: 0 | F92: 0 | G92: 0 | H92: 0 | I92: 0 | J92: 0.10308786 | K92: 0 | L92: 0 | M92: 0.10308786 | N92: -0.045544951 | O92: 0 | P92: -0.045544951
B93: Loans collateralised by commercial immovable property | C93: 17.356389 | D93: 6.7516346 | E93: 0.098468359 | F93: 0 | G93: 0 | H93: 3 | I93: 0 | J93: 6.8501029 | K93: 0 | L93: 1.1168338 | M93: 0.26272581 | N93: -0.29859489 | O93: -0.088937223 | P93: -0.12725583
B94: Repossessed collaterals | C94: 0 | D94: 0 | E94: 0 | F94: 0 | G94: 0 | H94: 0 | I94: 0 | J94: 0 | K94: 0 | L94: 0 | M94: 0 | N94: 0 | O94: 0 | P94: 0
... B106: U – Activities of extraterritorial organisations and bodies | C106: 0 | D106: 0 | E106: 0 | F106: 0 | G106: 0 | H106: 0 | I106: 0 | J106: 0 | K106: 0 | L106: 0 | M106: 0 | N106: 0 | O106: 0 | P106: 0
B109: MD114
B111: 30.06.2026
B112: a | C112: b | D112: c | E112: d | F112: e | G112: f | H112: g | I112: h | J112: i | K112: j | L112: k | M112: l | N112: m | O112: n | P112: o
B113: Variable: Geographical area subject to climate change physical risk - acute and chronic events | C113: Gross carrying amount (Mln EUR)*
D114: of which exposures sensitive to impact from climate change physical events**
